Workbook
Name __xlnm.Print_Area_3: #REF!
Name __xlnm.Print_Area_4: [1]AV!#REF!
Name _1Excel_BuiltIn_Print_Area_1_1_1_1: 'A IV.A'!$B$25:$B$173
Name _2Excel_BuiltIn_Print_Area_3_1_1_1_1: #REF!
Name _2Excel_BuiltIn_Print_Area_3_1_1_1_1: #REF!
Name _4Excel_BuiltIn_Print_Area_3_1_1: #REF!
Name CEOP: #REF!
Name CEOP: #REF!
Name COM: #REF!
Name CON: #REF!
Name CONC: [2]Dados!$K$2:$K$40
Name CRI: #REF!
Name CRI: #REF!
Name dasda: #REF!
Name dasda: #REF!
Name Database: #REF!
Name Database: #REF!
Name ÉServiço: [3]II.3!$E1<>""
Name ÉServiço: [4]II.3!$E1<>""
Name Excel_BuiltIn__FilterDatabase_2: #REF!
Name Excel_BuiltIn__FilterDatabase_2: #REF!
Name Excel_BuiltIn__FilterDatabase_8: #REF!
Name Excel_BuiltIn_Print_Area_1_1: #REF!
Name Excel_BuiltIn_Print_Area_1_1: #REF!
Name Excel_BuiltIn_Print_Area_1_1_1: 'A IV.A'!$B$16:$C$156
Name Excel_BuiltIn_Print_Area_1_1_1_1: 'A IV.A'!$A$1:$M$181
Name Excel_BuiltIn_Print_Area_1_1_1_1_1: '[5]Anexo II'!$A$12:$M$287,'[5]Anexo II'!$K$286
Name Excel_BuiltIn_Print_Area_1_1_1_1_1: 'A IV.A'!$A$10:$M$176,'A IV.A'!$K$175
Name Excel_BuiltIn_Print_Area_1_1_1_1_1_1: 'A IV.A'!$A$16:$B$156
Name Excel_BuiltIn_Print_Area_1_1_1_1_1_1_1: #REF!
Name Excel_BuiltIn_Print_Area_1_1_1_1_1_1_1: #REF!
Name Excel_BuiltIn_Print_Area_1_1_1_1_1_1_1_1: #REF!
Name Excel_BuiltIn_Print_Area_1_1_1_1_1_1_1_1: #REF!
Name Excel_BuiltIn_Print_Area_1_1_1_1_1_1_1_1_1: #REF!
Name Excel_BuiltIn_Print_Area_1_1_1_1_1_1_1_1_1: #REF!
Name Excel_BuiltIn_Print_Area_2_1: 'A V.'!#REF!
Name Excel_BuiltIn_Print_Area_2_1_1: #REF!
Name Excel_BuiltIn_Print_Area_3_1: #REF!
Name Excel_BuiltIn_Print_Area_3_1: 'A V.'!$A$10:$V$84
Name Excel_BuiltIn_Print_Area_3_1_1: #REF!
Name Excel_BuiltIn_Print_Area_3_1_1_1: #REF!
Name Excel_BuiltIn_Print_Area_3_1_1_1_1: #REF!
Name Excel_BuiltIn_Print_Area_3_1_1_1_1_1: #REF!
Name Excel_BuiltIn_Print_Area_5_1: #REF!
Name Excel_BuiltIn_Print_Area_6_1: 'A VI.'!$A$1:$F$105
Name Excel_BuiltIn_Print_Area_7: #REF!
Name Excel_BuiltIn_Print_Area_7_1: 'A VII.'!$B$141:$D$169
Name Excel_BuiltIn_Print_Area_7_1_1: #REF!
Name Excel_BuiltIn_Print_Titles_1_1: #REF!
Name Excel_BuiltIn_Print_Titles_3: #REF!
Name Excel_BuiltIn_Print_Titles_5: #REF!
Name Excel_BuiltIn_Print_Titles_8: #REF!
Name JOI: #REF!
Name JOSE: #REF!
Name MRIA: #REF!
Name RCH: #REF!
Name RCR: #REF!
Name RegimeExecucao: IF([6]DADOS!$A$32="Empreitada por Preço Global ou Integral","Global","Unitário")
Name RFL: #REF!
Name RFL: #REF!

Sheet PREENCHIMENTO
A3: FORMA DE PREENCHIMENTO DAS PLANILHAS ELETRÔNICAS
A6: 1) O presente arquivo eletrônico é composto pelas seguintes planilhas:
A7: • PLANILHA DE ORÇAMENTO – LICITANTE - ANEXO IV.A
A8: • CRONOGRAMA FÍSICO-FINANCEIRO – LICITANTE - ANEXO V.A
A9: • PLANILHA DE COMPOSIÇÕES UNITÁRIAS DE SERVIÇOS – LICITANTE - ANEXO VI.A
A10: • TABELA DE CUSTOS UNITÁRIOS DE INSUMOS E SERVIÇOS - LICITANTE - ANEXO VII.A
A11: • COMPOSIÇÃO DAS TAXAS DE BDI – LICITANTE - ANEXO VII.A
A12: • COMPOSIÇÃO DOS ENCARGOS SOCIAIS E TRABALHISTAS – LICITANTE - ANEXO IX.A
A14: 2) A Licitante deverá preencher todos os campos em amarelo com o valor proposto, nas seguintes planilhas:
A15: =A7 -> • PLANILHA DE ORÇAMENTO – LICITANTE - ANEXO IV.A
A16: =A9 -> • PLANILHA DE COMPOSIÇÕES UNITÁRIAS DE SERVIÇOS – LICITANTE - ANEXO VI.A
A17: =A10 -> • TABELA DE CUSTOS UNITÁRIOS DE INSUMOS E SERVIÇOS - LICITANTE - ANEXO VII.A
A18: =A11 -> • COMPOSIÇÃO DAS TAXAS DE BDI – LICITANTE - ANEXO VII.A
A19: =A12 -> • COMPOSIÇÃO DOS ENCARGOS SOCIAIS E TRABALHISTAS – LICITANTE - ANEXO IX.A
A21: 3) A melhor sequência para preenchimento das planilhas é a seguinte:
B22: 3.1) Iniciar o preenchimento pelo Anexo VII.A - TABELA DE CUSTOS UNITÁRIOS DE INSUMOS E SERVIÇOS - LICITANTE. Neste anexo deverão ser preenchidos todas as células em amarelo com os seguintes preços unitários: Mão de Obra (Item 1.0); Equipamentos/Serviços (Item 2.0); Materiais (Item 3.0).
B26: 3.2) Após a conclusão do preenchimento do Anexo VII.A, a Licitante deverá passar ao preenchimento do AnexoVIII.A (BDI) e Anexo IX.A (Encargos Sociais), com seus respectivos valores percentuais.
B28: 3.3) Em seguida, a Licitante deverá analisar as composições constantes do Anexo VI.A. O SeMAE mantém os coeficientes utilizados na elaboração do Orçamento Base, desta forma a Licitante poderá optar por manter estes coeficientes ou alterá-los conforme sua experiência ou entendimento dos serviços.
A33: 4) Por fim, a Licitante deverá preencher somente os campos em amarelo com o Timbre da Licitante, Valor por Extenso e nome do Engenheiro Responsável, no Anexo IV.A.
A36: 5) O CRONOGRAMA FÍSICO-FINANCEIRO (ANEXO V.A) não receberá valores, pois está em conformidade com o Cronograma de execução estimado pelo SeMAE. Poderão ser sugeridas alterações no cronograma durante a execução da obra, devendo no entanto estas alterações serem objeto de aprovação junto ao SeMAE.
A41: 6) Dúvidas no preenchimento desta Planilha Eletrônica deverão ser encaminhadas à Comissão de Licitações do SeMAE, conforme previsto na página 1 do Edital.
A44: 7) ESTE ARQUIVO ELETRÔNICO DEVE SER APRESENTADO EM CD A SER INCLUSO NO ENVELOPE Nº 02 COM A FINALIDADE DE FACILITAR A ANÁLISE DA REFERIDA PROPOSTA POR PARTE DA COMISSÃO.

Sheet Memória 
A1: MEMÓRIA DE CÁLCULO | J1: Muro | K1: 1200
A2: ='A IV.A'!A14 -> 1.0 | B2: ='A IV.A'!B14 -> CANTEIRO DE OBRAS | J2: RELs | K2: 1.6 | L2: %
A3: ='A IV.A'!A16 -> 1.1 | B3: =VLOOKUP(A3,'A IV.A'!$A$14:$M$172,2) -> CANTEIRO DE OBRAS (ITEM 6.0 DO TERMO DE REFERÊNCIA)
A17: ='A IV.A'!A17 -> 1.2 | B17: =VLOOKUP(A17,'A IV.A'!$A$14:$M$172,2) -> PLACA DE IDENTIFICAÇÃO DE OBRA, CONFORME PADRÃO SEMAE (ITEM 6.8 DO TERMO DE REFERÊNCIA) | C17: =VLOOKUP(B17,'A IV.A'!$A$14:$M$172,2) -> SARJETA DE CONCRETO INCLUINDO PREPARO DE CAIXA, CONCRETO FCK=18MPA | D17: =VLOOKUP(C17,'A IV.A'!$A$14:$M$172,2) -> SARJETA DE CONCRETO INCLUINDO PREPARO DE CAIXA, CONCRETO FCK=18MPA | E17: =VLOOKUP(D17,'A IV.A'!$A$14:$M$172,2) -> SARJETA DE CONCRETO INCLUINDO PREPARO DE CAIXA, CONCRETO FCK=18MPA | F17: =VLOOKUP(E17,'A IV.A'!$A$14:$M$172,2) -> SARJETA DE CONCRETO INCLUINDO PREPARO DE CAIXA, CONCRETO FCK=18MPA | G17: =VLOOKUP(F17,'A IV.A'!$A$14:$M$172,2) -> SARJETA DE CONCRETO INCLUINDO PREPARO DE CAIXA, CONCRETO FCK=18MPA | H17: =VLOOKUP(G17,'A IV.A'!$A$14:$M$172,2) -> SARJETA DE CONCRETO INCLUINDO PREPARO DE CAIXA, CONCRETO FCK=18MPA
B18: =VLOOKUP(A18,'A IV.A'!$A$14:$M$172,2) -> #N/A | C18: =VLOOKUP(B18,'A IV.A'!$A$14:$M$172,2) -> #N/A | D18: =VLOOKUP(C18,'A IV.A'!$A$14:$M$172,2) -> #N/A | E18: =VLOOKUP(D18,'A IV.A'!$A$14:$M$172,2) -> #N/A | F18: =VLOOKUP(E18,'A IV.A'!$A$14:$M$172,2) -> #N/A | G18: =VLOOKUP(F18,'A IV.A'!$A$14:$M$172,2) -> #N/A | H18: =VLOOKUP(G18,'A IV.A'!$A$14:$M$172,2) -> #N/A
B20: altura | C20: 1.5
B21: compr | C21: 3
B22: qnt | C22: 20 | E22: estimativa 1 placa a cada 2 meses
B25: área | C25: =C20*C21*C22 -> 90
C27: total | D27: =C25 -> 90 | E27: m2
A29: ='A IV.A'!A22 -> 2.0 | B29: =VLOOKUP(A29,'A IV.A'!$A$14:$M$172,2) -> SERVIÇOS INICIAIS | C29: =VLOOKUP(B29,'A IV.A'!$A$14:$M$172,2) -> SARJETA DE CONCRETO INCLUINDO PREPARO DE CAIXA, CONCRETO FCK=18MPA | D29: =VLOOKUP(C29,'A IV.A'!$A$14:$M$172,2) -> SARJETA DE CONCRETO INCLUINDO PREPARO DE CAIXA, CONCRETO FCK=18MPA | E29: =VLOOKUP(D29,'A IV.A'!$A$14:$M$172,2) -> SARJETA DE CONCRETO INCLUINDO PREPARO DE CAIXA, CONCRETO FCK=18MPA | F29: =VLOOKUP(E29,'A IV.A'!$A$14:$M$172,2) -> SARJETA DE CONCRETO INCLUINDO PREPARO DE CAIXA, CONCRETO FCK=18MPA | G29: =VLOOKUP(F29,'A IV.A'!$A$14:$M$172,2) -> SARJETA DE CONCRETO INCLUINDO PREPARO DE CAIXA, CONCRETO FCK=18MPA | H29: =VLOOKUP(G29,'A IV.A'!$A$14:$M$172,2) -> SARJETA DE CONCRETO INCLUINDO PREPARO DE CAIXA, CONCRETO FCK=18MPA
A30: ='A IV.A'!A24 -> 2.1 | B30: =VLOOKUP(A30,'A IV.A'!$A$14:$M$172,2) -> RETIRADAS E DEMOLIÇÕES - ITEM 7.1 DO TERMO DE REFERÊNCIA
A31: ='A IV.A'!A25 -> 2.1.1 | B31: =VLOOKUP(A31,'A IV.A'!$A$14:$M$172,2) -> DEMOLIÇÃO MANUAL DE CALÇADAS E PISOS CIMENTADOS | C31: =VLOOKUP(B31,'A IV.A'!$A$14:$M$172,2) -> SARJETA DE CONCRETO INCLUINDO PREPARO DE CAIXA, CONCRETO FCK=18MPA | D31: =VLOOKUP(C31,'A IV.A'!$A$14:$M$172,2) -> SARJETA DE CONCRETO INCLUINDO PREPARO DE CAIXA, CONCRETO FCK=18MPA | E31: =VLOOKUP(D31,'A IV.A'!$A$14:$M$172,2) -> SARJETA DE CONCRETO INCLUINDO PREPARO DE CAIXA, CONCRETO FCK=18MPA | F31: =VLOOKUP(E31,'A IV.A'!$A$14:$M$172,2) -> SARJETA DE CONCRETO INCLUINDO PREPARO DE CAIXA, CONCRETO FCK=18MPA | G31: =VLOOKUP(F31,'A IV.A'!$A$14:$M$172,2) -> SARJETA DE CONCRETO INCLUINDO PREPARO DE CAIXA, CONCRETO FCK=18MPA | H31: =VLOOKUP(G31,'A IV.A'!$A$14:$M$172,2) -> SARJETA DE CONCRETO INCLUINDO PREPARO DE CAIXA, CONCRETO FCK=18MPA
B36: Levantamento | D36: 150 | E36: m2
C39: total | D39: =ROUNDUP(D36,0) -> 150 | E39: m2
A41: ='A IV.A'!A26 -> 2.1.2 | B41: ='A IV.A'!B26 -> DEMOLIÇÃO MECANIZADA DE CALÇADAS E PISOS CIMENTADOS | C41: =VLOOKUP(B41,'A IV.A'!$A$14:$M$172,2) -> SARJETA DE CONCRETO INCLUINDO PREPARO DE CAIXA, CONCRETO FCK=18MPA | D41: =VLOOKUP(C41,'A IV.A'!$A$14:$M$172,2) -> SARJETA DE CONCRETO INCLUINDO PREPARO DE CAIXA, CONCRETO FCK=18MPA | E41: =VLOOKUP(D41,'A IV.A'!$A$14:$M$172,2) -> SARJETA DE CONCRETO INCLUINDO PREPARO DE CAIXA, CONCRETO FCK=18MPA | F41: =VLOOKUP(E41,'A IV.A'!$A$14:$M$172,2) -> SARJETA DE CONCRETO INCLUINDO PREPARO DE CAIXA, CONCRETO FCK=18MPA | G41: =VLOOKUP(F41,'A IV.A'!$A$14:$M$172,2) -> SARJETA DE CONCRETO INCLUINDO PREPARO DE CAIXA, CONCRETO FCK=18MPA | H41: =VLOOKUP(G41,'A IV.A'!$A$14:$M$172,2) -> SARJETA DE CONCRETO INCLUINDO PREPARO DE CAIXA, CONCRETO FCK=18MPA
B45: Levantamento | D45: 500 | E45: m2
C51: total | D51: =D45 -> 500 | E51: m2
A53: ='A IV.A'!#REF! -> #REF! | B53: ='A IV.A'!#REF! -> #REF! | C53: =VLOOKUP(B53,'A IV.A'!$A$14:$M$172,2) -> #REF! | D53: =VLOOKUP(C53,'A IV.A'!$A$14:$M$172,2) -> #REF! | E53: =VLOOKUP(D53,'A IV.A'!$A$14:$M$172,2) -> #REF! | F53: =VLOOKUP(E53,'A IV.A'!$A$14:$M$172,2) -> #REF! | G53: =VLOOKUP(F53,'A IV.A'!$A$14:$M$172,2) -> #REF! | H53: =VLOOKUP(G53,'A IV.A'!$A$14:$M$172,2) -> #REF!
B60: Levantamento | D60: 47.8
C62: total | D62: =ROUND(D60,0) -> 48 | E62: m3
A64: ='A IV.A'!#REF! -> #REF! | B64: ='A IV.A'!#REF! -> #REF! | C64: =VLOOKUP(B64,'A IV.A'!$A$14:$M$172,2) -> #REF! | D64: =VLOOKUP(C64,'A IV.A'!$A$14:$M$172,2) -> #REF! | E64: =VLOOKUP(D64,'A IV.A'!$A$14:$M$172,2) -> #REF! | F64: =VLOOKUP(E64,'A IV.A'!$A$14:$M$172,2) -> #REF! | G64: =VLOOKUP(F64,'A IV.A'!$A$14:$M$172,2) -> #REF! | H64: =VLOOKUP(G64,'A IV.A'!$A$14:$M$172,2) -> #REF!
B68: Levantamento | D68: =170*1.8*0.15+200*1.5*0.15 -> 90.9
C70: total | D70: =ROUND(D68,0) -> 91 | E70: m3
A72: ='A IV.A'!#REF! -> #REF! | B72: ='A IV.A'!#REF! -> #REF!
B74: Levantamento | D74: =20 -> 20 | E74: m3
C77: total | D77: =D74 -> 20 | E77: m3
A79: ='A IV.A'!#REF! -> #REF! | B79: ='A IV.A'!#REF! -> #REF!
B84: Levantamento | D84: 20
C87: total | D87: =D84 -> 20 | E87: m3
A89: ='A IV.A'!#REF! -> #REF! | B89: ='A IV.A'!#REF! -> #REF!
B93: Levantamento | D93: 50
C95: total | D95: =D93 -> 50 | E95: m2
A97: ='A IV.A'!A27 -> 2.1.3 | B97: ='A IV.A'!B27 -> REMOÇÃO MANUAL DE GUIAS EM CONCRETO, COM OU SEM REAPROVEITAMENTO
B100: levantamento | D100: 100 | E100: m
C103: total | D103: =D100 -> 100 | E103: m
A105: ='A IV.A'!A28 -> 2.1.4 | B105: ='A IV.A'!B28 -> DEMOLIÇÃO DE SARJETAS EM CONCRETO
B107: Levantamento | D107: =100*0.3 -> 30 | E107: m2
C110: total | D110: 30 | E110: m2
A112: ='A IV.A'!#REF! -> #REF! | B112: ='A IV.A'!#REF! -> #REF!
B114: considerar 10 portas a serem retiradas - 0,80x2,10m
A116: 0.8 | B116: x | C116: 2.1 | D116: x | E116: 3 | F116: = | G116: =A116*C116*E116 -> 5.04 | H116: m2
C118: total | D118: =ROUNDUP(G116,0) -> 6 | E118: m2
A120: ='A IV.A'!#REF! -> #REF! | B120: ='A IV.A'!#REF! -> #REF!
B122: levantamento: | D122: 3
B124: considerar 5 a serem retiradas - 1,5x1,0m
A126: 1.5 | B126: x | C126: 1 | D126: x | E126: 3 | F126: = | G126: =A126*C126*E126 -> 4.5 | H126: m2
C128: soma | D128: =G126+D122 -> 7.5
C130: total | D130: =ROUNDUP(D128,0) -> 8 | E130: m2
A132: ='A IV.A'!A29 -> 2.1.5 | B132: ='A IV.A'!B29 -> REMOÇÃO MANUAL DE PORTÃO, GRADE DE PROTEÇÃO E ESQUADRIAS METÁLICAS EM GERAL, COM OU SEM REAPROVEITAMENTO
B136: Levantamento | D136: =4*2*8 -> 64 | E136: m2
C140: total | D140: =D136 -> 64 | E140: m2
A142: ='A IV.A'!#REF! -> #REF! | B142: ='A IV.A'!#REF! -> #REF!
B144: levantamento | D144: ='[8]GLOBAL GOM-A'!$D$35+(40*2) -> 259.93 | E144: m2
C148: total | D148: =ROUNDUP(D144,0) -> 260 | E148: m2
A150: ='A IV.A'!#REF! -> #REF! | B150: ='A IV.A'!#REF! -> #REF!
B152: A mesma quantidade do alambrado x 3
C154: total | D154: =D148*3 -> 780 | E154: m
A156: ='A IV.A'!#REF! -> #REF! | B156: ='A IV.A'!#REF! -> #REF!
B158: estimativa
C160: total | D160: 50 | E160: m2
A162: ='A IV.A'!#REF! -> #REF! | B162: ='A IV.A'!#REF! -> #REF!
B164: estimativa
C166: total | D166: 50 | E166: m2
A168: ='A IV.A'!A30 -> 2.1.6 | B168: ='A IV.A'!B30 -> REMOÇÃO DE CALHAS, RUFOS, PINGADEIRAS E CONDUTORES VERTICAIS
B171: estimativa
C173: total | D173: 100 | E173: m
A175: ='A IV.A'!A31 -> 2.1.7 | B175: ='A IV.A'!B31 -> REMOÇÃO COMPLETA DE CERCA DE ALAMBRADO COM OU SEM REAPROVEITAMENTO
B177: levantamento: | D177: ='[9]Mem Global'!$G$1074 -> 2565 | E177: m
C179: total | D179: =ROUNDUP(D177,0) -> 2565 | E179: m
A181: ='A IV.A'!#REF! -> #REF! | B181: ='A IV.A'!#REF! -> #REF!
B187: estimativa | E187: 150 | F187: m2
C189: total | D189: 150 | E189: m2
A191: ='A IV.A'!#REF! -> #REF! | B191: ='A IV.A'!#REF! -> #REF!
B194: Levantamento | D194: 50 | E194: m2
C196: total | D196: 50 | E196: m2
A198: ='A IV.A'!A32 -> 2.2 | B198: ='A IV.A'!B32:M32 -> CARGA, TRANSPORTE E DESCARGA - ITEM 7.2 DO TERMO DE REFERÊNCIA
A199: ='A IV.A'!A33 -> 2.2.1 | B199: ='A IV.A'!B33 -> CARGA MANUAL DE MATERIAIS PROVENIENTES DE DEMOLIÇÕES EM GERAL
A202: 2.1.3 | E202: 1/4 do total | G202: = | H202: =D62/4 -> 12
A203: 2.1.5 | G203: = | H203: =D77 -> 20
A204: 2.1.7 | D204: =D95 -> 50 | E204: x | F204: 0.07 | G204: = | H204: =D204*F204 -> 3.5
H206: =SUM(H202:H205) -> 35.5
C208: total | D208: =ROUNDUP(H206,0) -> 36 | E208: m3
A210: ='A IV.A'!A34 -> 2.2.2 | B210: ='A IV.A'!B34 -> CARGA MECANIZADA DE MATERIAIS PROVENIENTES DE DEMOLIÇÕES EM GERAL
A213: 2.1.1 | D213: =D39 -> 150 | E213: x | F213: 0.1 | G213: = | H213: =D213*F213 -> 15
A214: 2.1.2 | D214: =D51 -> 500 | E214: x | F214: 0.1 | G214: = | H214: =D214*F214 -> 50
A215: 2.1.3 | E215: 3/4 do total | G215: = | H215: =D62/4*3 -> 36
A216: 2.1.4 | G216: = | H216: =D70 -> 91
A217: 2.1.6 | G217: = | H217: =D87 -> 20
A218: 2.1.8 | B218: =D103 -> 100 | C218: x | D218: 0.15 | E218: x | F218: 0.3 | G218: = | H218: =F218*D218*B218 -> 4.5
A219: 2.1.9 | D219: =D110 -> 30 | E219: x | F219: 0.15 | G219: = | H219: =F219*D219 -> 4.5
A220: 2.1.19 | D220: =D179 -> 2565 | E220: x | F220: 0.05 | G220: = | H220: =F220*D220 -> 128.25
A221: 2.1.20 | D221: =D189 -> 150 | E221: x | F221: 0.1 | G221: = | H221: =F221*D221 -> 15
A222: 2.1.21 | D222: =D196 -> 50 | E222: x | F222: 0.1 | G222: = | H222: =F222*D222 -> 5
H225: =SUM(H213:H223) -> 369.25
C227: total | D227: =ROUNDUP(H225,0) -> 370 | E227: m3
A229: ='A IV.A'!A35 -> 2.2.3 | B229: ='A IV.A'!B35 -> BOTA-FORA E DESCARGA DE MATERIAIS PROVENIENTES DE DEMOLIÇÕES EM GERAL
A232: 2.2.1 | C232: =D208 -> 36 | D232: x | E232: 30 | F232: = | G232: =C232*E232 -> 1080
A233: 2.2.2 | C233: =D227 -> 370 | D233: x | E233: 30 | F233: = | G233: =C233*E233 -> 11100
G234: =SUM(G232:G233) -> 12180
...

Sheet A IV.A
A1: (TIMBRE DA LICITANTE)
A5: ANEXO IV.A - PLANILHA DE ORÇAMENTO BASE - LICITANTE - GERAL
A7: EXECUÇÃO DE SERVIÇO DE REFORMA CIVIL, CONSTRUÇÕES E MANUTENÇÕES GERAIS PARA MELHORIAS NAS ÁREAS DE PROPRIEDADE E/OU DE RESPONSABILIDADE DO SEMAE.
B8: LEIS SOCIAIS HORISTA - JORNADA NORMAL | F8: ='A IX.'!$C$45 -> 0 | H8: DATA-BASE | L8: (DATA)
B9: BDI MÃO DE OBRA E SERVIÇOS | F9: ='A VIII.'!$C$29 -> 0
A10: ITEM | B10: SERVIÇO | C10: UNID. | D10: QUANT. | E10: PREÇO | F10: MAT | G10: SERVIÇO | H10: MO | I10: MAT | J10: SERVIÇO | K10: MO | L10: PREÇO | M10: %
E11: UNIT.(R$) | F11: R$ | G11: R$ | H11: R$ | I11: TOTAL | J11: TOTAL | K11: TOTAL | L11: TOTAL(R$)
A14: 1.0 | B14: CANTEIRO DE OBRAS | C14: SUB-TOTAL | F14: =I14 -> 0 | G14: =J14 -> 0 | H14: =K14 -> 0 | I14: =SUM(I16:I20) -> 0 | J14: =SUM(J16:J20) -> 0 | K14: =SUM(K16:K20) -> 0 | L14: =SUM(L16:L20) -> 0 | M14: =ROUND(L14/$L$174,6) -> #DIV/0!
F15: =ROUND(F14/L14,6) -> #DIV/0! | G15: =ROUND(G14/L14,6) -> #DIV/0! | H15: =ROUND(H14/L14,6) -> #DIV/0! | I15: =IF(I14=F14,"sim","nao") -> sim | J15: =IF(J14=G14,"sim","nao") -> sim | K15: =IF(K14=H14,"sim","nao") -> sim
A16: 1.1 | B16: CANTEIRO DE OBRAS (ITEM 6.0 DO TERMO DE REFERÊNCIA) | C16: GB | D16: ='[12]A IV.'!$D16 -> 1 | E16: =F16+G16+H16 -> 0 | F16: ='A VI.'!$F$31 -> 0 | G16: ='A VI.'!$F$45 -> 0 | H16: ='A VI.'!$F$57 -> 0 | I16: =ROUND(D16*F16,2) -> 0 | J16: =ROUND(D16*G16,2) -> 0 | K16: =ROUND(D16*H16,2) -> 0 | L16: =I16+J16+K16 -> 0 | M16: =ROUND(L16/$L$174,6) -> #DIV/0!
A17: 1.2 | B17: PLACA DE IDENTIFICAÇÃO DE OBRA, CONFORME PADRÃO SEMAE (ITEM 6.8 DO TERMO DE REFERÊNCIA) | C17: M2 | D17: ='[12]A IV.'!$D17 -> 90 | E17: =F17+G17+H17 -> 0 | F17: ='A VI.'!$F$79 -> 0 | G17: ='A VI.'!$F$93 -> 0 | H17: ='A VI.'!$F$105 -> 0 | I17: =ROUND($D$17*F17,2) -> 0 | J17: =ROUND($D$17*G17,2) -> 0 | K17: =ROUND($D$17*H17,2) -> 0 | L17: =ROUND(D17*F17,2)+ROUND(D17*G17,2)+ROUND(D17*H17,2) -> 0 | M17: =ROUND(L17/$L$174,6) -> #DIV/0!
A18: 1.3 | B18: VIGILANTE PARA ÁREAS EM OBRA | C18: H | D18: ='[12]A IV.'!$D18 -> 8640 | E18: =F18+G18+H18 -> 0 | F18: ='A VI.'!$F$127 -> 0 | G18: ='A VI.'!$F$141 -> 0 | H18: ='A VI.'!$F$153 -> 0 | I18: =ROUND(D18*F18,2) -> 0 | J18: =ROUND(D18*G18,2) -> 0 | K18: =ROUND(D18*H18,2) -> 0 | L18: =ROUND(D18*F18,2)+ROUND(D18*G18,2)+ROUND(D18*H18,2) -> 0 | M18: =ROUND(L18/$L$174,6) -> #DIV/0!
A19: 1.4 | B19: SANITÁRIO QUÍMICO | C19: UND.MÊS | D19: ='[12]A IV.'!$D19 -> 96 | E19: =F19+G19+H19 -> 0 | F19: ='A VI.'!$F$175 -> 0 | G19: ='A VI.'!$F$189 -> 0 | H19: ='A VI.'!$F$201 -> 0 | I19: =ROUND(D19*F19,2) -> 0 | J19: =ROUND(D19*G19,2) -> 0 | K19: =ROUND(D19*H19,2) -> 0 | L19: =ROUND(D19*F19,2)+ROUND(D19*G19,2)+ROUND(D19*H19,2) -> 0 | M19: =ROUND(L19/$L$174,6) -> #DIV/0!
A20: 1.5 | B20: CONTAINER | C20: UND.MÊS | D20: ='[12]A IV.'!$D20 -> 48 | E20: =F20+G20+H20 -> 0 | F20: ='A VI.'!$F$223 -> 0 | G20: ='A VI.'!$F$237 -> 0 | H20: ='A VI.'!$F$249 -> 0 | I20: =ROUND(D20*F20,2) -> 0 | J20: =ROUND(D20*G20,2) -> 0 | K20: =ROUND(D20*H20,2) -> 0 | L20: =ROUND(D20*F20,2)+ROUND(D20*G20,2)+ROUND(D20*H20,2) -> 0 | M20: =ROUND(L20/$L$174,6) -> #DIV/0!
A22: 2.0 | B22: SERVIÇOS INICIAIS | C22: SUB-TOTAL | F22: =I22 -> 0 | G22: =J22 -> 0 | H22: =K22 -> 0 | I22: =SUM(I25:I41) -> 0 | J22: =SUM(J25:J41) -> 0 | K22: =SUM(K25:K41) -> 0 | L22: =SUM(L25:L41) -> 0 | M22: =ROUND(L22/$L$174,6) -> #DIV/0!
F23: =ROUND(F22/L22,6) -> #DIV/0! | G23: =ROUND(G22/L22,6) -> #DIV/0! | H23: =ROUND(H22/L22,6) -> #DIV/0! | I23: =IF(I22=F22,"sim","nao") -> sim | J23: =IF(J22=G22,"sim","nao") -> sim | K23: =IF(K22=H22,"sim","nao") -> sim
A24: 2.1 | B24: RETIRADAS E DEMOLIÇÕES - ITEM 7.1 DO TERMO DE REFERÊNCIA
A25: 2.1.1 | B25: DEMOLIÇÃO MANUAL DE CALÇADAS E PISOS CIMENTADOS | C25: M2 | D25: ='[12]A IV.'!$D25 -> 1000 | E25: =F25+G25+H25 -> 0 | F25: ='A VI.'!$F$271 -> 0 | G25: ='A VI.'!$F$285 -> 0 | H25: ='A VI.'!$F$297 -> 0 | I25: =ROUND(D25*F25,2) -> 0 | J25: =ROUND(D25*G25,2) -> 0 | K25: =ROUND(D25*H25,2) -> 0 | L25: =ROUND(D25*F25,2)+ROUND(D25*G25,2)+ROUND(D25*H25,2) -> 0 | M25: =ROUND(L25/$L$174,6) -> #DIV/0!
A26: 2.1.2 | B26: DEMOLIÇÃO MECANIZADA DE CALÇADAS E PISOS CIMENTADOS | C26: M2 | D26: ='[12]A IV.'!$D26 -> 2000 | E26: =F26+G26+H26 -> 0 | F26: ='A VI.'!F319 -> 0 | G26: ='A VI.'!F333 -> 0 | H26: ='A VI.'!F345 -> 0 | I26: =ROUND(D26*F26,2) -> 0 | J26: =ROUND(D26*G26,2) -> 0 | K26: =ROUND(D26*H26,2) -> 0 | L26: =ROUND(D26*F26,2)+ROUND(D26*G26,2)+ROUND(D26*H26,2) -> 0 | M26: =ROUND(L26/$L$174,6) -> #DIV/0!
A27: 2.1.3 | B27: REMOÇÃO MANUAL DE GUIAS EM CONCRETO, COM OU SEM REAPROVEITAMENTO | C27: M | D27: ='[12]A IV.'!$D27 -> 1200 | E27: =F27+G27+H27 -> 0 | F27: ='A VI.'!$F$367 -> 0 | G27: ='A VI.'!$F$381 -> 0 | H27: ='A VI.'!$F$393 -> 0 | I27: =ROUND(D27*F27,2) -> 0 | J27: =ROUND(D27*G27,2) -> 0 | K27: =ROUND(D27*H27,2) -> 0 | L27: =ROUND(D27*F27,2)+ROUND(D27*G27,2)+ROUND(D27*H27,2) -> 0 | M27: =ROUND(L27/$L$174,6) -> #DIV/0!
A28: 2.1.4 | B28: DEMOLIÇÃO DE SARJETAS EM CONCRETO | C28: M2 | D28: ='[12]A IV.'!$D28 -> 20 | E28: =F28+G28+H28 -> 0 | F28: ='A VI.'!$F$415 -> 0 | G28: ='A VI.'!$F$429 -> 0 | H28: ='A VI.'!$F$441 -> 0 | I28: =ROUND(D28*F28,2) -> 0 | J28: =ROUND(D28*G28,2) -> 0 | K28: =ROUND(D28*H28,2) -> 0 | L28: =ROUND(D28*F28,2)+ROUND(D28*G28,2)+ROUND(D28*H28,2) -> 0 | M28: =ROUND(L28/$L$174,6) -> #DIV/0!
A29: 2.1.5 | B29: REMOÇÃO MANUAL DE PORTÃO, GRADE DE PROTEÇÃO E ESQUADRIAS METÁLICAS EM GERAL, COM OU SEM REAPROVEITAMENTO | C29: M2 | D29: ='[12]A IV.'!$D29 -> 64 | E29: =F29+G29+H29 -> 0 | F29: ='A VI.'!F463 -> 0 | G29: ='A VI.'!F477 -> 0 | H29: ='A VI.'!F489 -> 0 | I29: =ROUND(D29*F29,2) -> 0 | J29: =ROUND(D29*G29,2) -> 0 | K29: =ROUND(D29*H29,2) -> 0 | L29: =ROUND(D29*F29,2)+ROUND(D29*G29,2)+ROUND(D29*H29,2) -> 0 | M29: =ROUND(L29/$L$174,6) -> #DIV/0!
A30: 2.1.6 | B30: REMOÇÃO DE CALHAS, RUFOS, PINGADEIRAS E CONDUTORES VERTICAIS | C30: M | D30: ='[12]A IV.'!$D30 -> 100 | E30: =F30+G30+H30 -> 0 | F30: ='A VI.'!$F$511 -> 0 | G30: ='A VI.'!$F$525 -> 0 | H30: ='A VI.'!$F$537 -> 0 | I30: =ROUND(D30*F30,2) -> 0 | J30: =ROUND(D30*G30,2) -> 0 | K30: =ROUND(D30*H30,2) -> 0 | L30: =ROUND(D30*F30,2)+ROUND(D30*G30,2)+ROUND(D30*H30,2) -> 0 | M30: =ROUND(L30/$L$174,6) -> #DIV/0!
A31: 2.1.7 | B31: REMOÇÃO COMPLETA DE CERCA DE ALAMBRADO COM OU SEM REAPROVEITAMENTO | C31: M | D31: ='[12]A IV.'!$D31 -> 3000 | E31: =F31+G31+H31 -> 0 | F31: ='A VI.'!$F$559 -> 0 | G31: ='A VI.'!$F$573 -> 0 | H31: ='A VI.'!$F$585 -> 0 | I31: =ROUND(D31*F31,2) -> 0 | J31: =ROUND(D31*G31,2) -> 0 | K31: =ROUND(D31*H31,2) -> 0 | L31: =ROUND(D31*F31,2)+ROUND(D31*G31,2)+ROUND(D31*H31,2) -> 0 | M31: =ROUND(L31/$L$174,6) -> #DIV/0!
A32: 2.2 | B32: CARGA, TRANSPORTE E DESCARGA - ITEM 7.2 DO TERMO DE REFERÊNCIA
A33: 2.2.1 | B33: CARGA MANUAL DE MATERIAIS PROVENIENTES DE DEMOLIÇÕES EM GERAL | C33: M3 | D33: ='[12]A IV.'!$D33 -> 50 | E33: =F33+G33+H33 -> 0 | F33: ='A VI.'!$F$607 -> 0 | G33: ='A VI.'!$F$621 -> 0 | H33: ='A VI.'!$F$633 -> 0 | I33: =ROUND(D33*F33,2) -> 0 | J33: =ROUND(D33*G33,2) -> 0 | K33: =ROUND(D33*H33,2) -> 0 | L33: =ROUND(D33*F33,2)+ROUND(D33*G33,2)+ROUND(D33*H33,2) -> 0 | M33: =ROUND(L33/$L$174,6) -> #DIV/0!
A34: 2.2.2 | B34: CARGA MECANIZADA DE MATERIAIS PROVENIENTES DE DEMOLIÇÕES EM GERAL | C34: M3 | D34: ='[12]A IV.'!$D34 -> 300 | E34: =F34+G34+H34 -> 0 | F34: ='A VI.'!$F$655 -> 0 | G34: ='A VI.'!$F$669 -> 0 | H34: ='A VI.'!$F$681 -> 0 | I34: =ROUND(D34*F34,2) -> 0 | J34: =ROUND(D34*G34,2) -> 0 | K34: =ROUND(D34*H34,2) -> 0 | L34: =ROUND(D34*F34,2)+ROUND(D34*G34,2)+ROUND(D34*H34,2) -> 0 | M34: =ROUND(L34/$L$174,6) -> #DIV/0!
A35: 2.2.3 | B35: BOTA-FORA E DESCARGA DE MATERIAIS PROVENIENTES DE DEMOLIÇÕES EM GERAL | C35: M3.KM | D35: ='[12]A IV.'!$D35 -> 10500 | E35: =F35+G35+H35 -> 0 | F35: ='A VI.'!$F$703 -> 0 | G35: ='A VI.'!$F$717 -> 0 | H35: ='A VI.'!$F$729 -> 0 | I35: =ROUND(D35*F35,2) -> 0 | J35: =ROUND(D35*G35,2) -> 0 | K35: =ROUND(D35*H35,2) -> 0 | L35: =ROUND(D35*F35,2)+ROUND(D35*G35,2)+ROUND(D35*H35,2) -> 0 | M35: =ROUND(L35/$L$174,6) -> #DIV/0!
A36: 2.2.4 | B36: LOCAL LICENCIADO PARA DEPÓSITO DE BOTA FORA | C36: M3 | D36: ='[12]A IV.'!$D36 -> 350 | E36: =F36+G36+H36 -> 0 | F36: ='A VI.'!F751 -> 0 | G36: ='A VI.'!F765 -> 0 | H36: ='A VI.'!F777 -> 0 | I36: =ROUND(D36*F36,2) -> 0 | J36: =ROUND(D36*G36,2) -> 0 | K36: =ROUND(D36*H36,2) -> 0 | L36: =ROUND(D36*F36,2)+ROUND(D36*G36,2)+ROUND(D36*H36,2) -> 0 | M36: =ROUND(L36/$L$174,6) -> #DIV/0!
A37: 2.3 | B37: SINALIZAÇÃO DE TRÂNSITO - ITEM 7.3 DO TERMO DE REFERÊNCIA
A38: 2.3.1 | B38: SINALIZAÇÃO DE OBRA COM CONE DE PVC COM PINTURA REFLEXIVA H = 0,70 M | C38: UN | D38: ='[12]A IV.'!$D38 -> 12 | E38: =F38+G38+H38 -> 0 | F38: ='A VI.'!F799 -> 0 | G38: ='A VI.'!F813 -> 0 | H38: ='A VI.'!F825 -> 0 | I38: =ROUND(D38*F38,2) -> 0 | J38: =ROUND(D38*G38,2) -> 0 | K38: =ROUND(D38*H38,2) -> 0 | L38: =ROUND(D38*F38,2)+ROUND(D38*G38,2)+ROUND(D38*H38,2) -> 0 | M38: =ROUND(L38/$L$174,6) -> #DIV/0!
A39: 2.3.2 | B39: ISOLAMENTO DE OBRA COM TELA PLÁSTICA COM MALHA DE 5 MM | C39: M | D39: ='[12]A IV.'!$D39 -> 3000 | E39: =F39+G39+H39 -> 0 | F39: ='A VI.'!F847 -> 0 | G39: ='A VI.'!F861 -> 0 | H39: ='A VI.'!F873 -> 0 | I39: =ROUND(D39*F39,2) -> 0 | J39: =ROUND(D39*G39,2) -> 0 | K39: =ROUND(D39*H39,2) -> 0 | L39: =ROUND(D39*F39,2)+ROUND(D39*G39,2)+ROUND(D39*H39,2) -> 0 | M39: =ROUND(L39/$L$174,6) -> #DIV/0!
A40: 2.3.3 | B40: FORNECIMENTO E MONTAGEM/INSTALAÇÃO DE PLACAS DE SINALIZAÇÃO COM PINTURA REFLETIVA PARA APROVEITAMENTO | C40: M2 | D40: ='[12]A IV.'!$D40 -> 5 | E40: =F40+G40+H40 -> 0 | F40: ='A VI.'!F895 -> 0 | G40: ='A VI.'!F909 -> 0 | H40: ='A VI.'!F921 -> 0 | I40: =ROUND(D40*F40,2) -> 0 | J40: =ROUND(D40*G40,2) -> 0 | K40: =ROUND(D40*H40,2) -> 0 | L40: =ROUND(D40*F40,2)+ROUND(D40*G40,2)+ROUND(D40*H40,2) -> 0 | M40: =ROUND(L40/$L$174,6) -> #DIV/0!
A41: 2.3.4 | B41: SINALIZAÇÃO DE TRÂNSITO COM CAVALETE DE MADEIRA SIMPLES | C41: UN | D41: ='[12]A IV.'!$D41 -> 10 | E41: =F41+G41+H41 -> 0 | F41: ='A VI.'!F943 -> 0 | G41: ='A VI.'!F957 -> 0 | H41: ='A VI.'!F969 -> 0 | I41: =ROUND(D41*F41,2) -> 0 | J41: =ROUND(D41*G41,2) -> 0 | K41: =ROUND(D41*H41,2) -> 0 | L41: =ROUND(D41*F41,2)+ROUND(D41*G41,2)+ROUND(D41*H41,2) -> 0 | M41: =ROUND(L41/$L$174,6) -> #DIV/0!
A43: 3.0 | B43: FECHAMENTOS, PROTEÇÕES E ALVENARIAS EM GERAL | C43: SUB-TOTAL | F43: =I43 -> 0 | G43: =J43 -> 0 | H43: =K43 -> 0 | I43: =SUM(I46:I110) -> 0 | J43: =SUM(J46:J110) -> 0 | K43: =SUM(K46:K110) -> 0 | L43: =SUM(L46:L110) -> 0 | M43: =ROUND(L43/$L$174,6) -> #DIV/0!
F44: =ROUND(F43/L43,6) -> #DIV/0! | G44: =ROUND(G43/L43,6) -> #DIV/0! | H44: =ROUND(H43/L43,6) -> #DIV/0! | I44: =IF(I43=F43,"sim","nao") -> sim | J44: =IF(J43=G43,"sim","nao") -> sim | K44: =IF(K43=H43,"sim","nao") -> sim
A45: 3.1 | B45: PROTEÇÃO DE ÁREA DE RESERVATÓRIO - PORTÕES, ALAMBRADOS E ITENS CONSTITUINTES - ITENS 8.1.1 A 8.1.8 DO TERMO DE REFERÊNCIA
A46: 3.1.1 | B46: ALAMBRADO COM TELA DE ARAME GALVANIZADO, FIXADA EM MOURÃO DE CONCRETO ARMADO, INCLUINDO MURETA DE CONCRETO | C46: M | D46: ='[12]A IV.'!$D46 -> 250 | E46: =F46+G46+H46 -> 0 | F46: ='A VI.'!$F$991 -> 0 | G46: ='A VI.'!$F$1005 -> 0 | H46: ='A VI.'!$F$1017 -> 0 | I46: =ROUND(D46*F46,2) -> 0 | J46: =ROUND(D46*G46,2) -> 0 | K46: =ROUND(D46*H46,2) -> 0 | L46: =ROUND(D46*F46,2)+ROUND(D46*G46,2)+ROUND(D46*H46,2) -> 0 | M46: =ROUND(L46/$L$174,6) -> #DIV/0!
A47: 3.1.2 | B47: ALTEAMENTO DE PROTEÇÃO EM ARAME COM LÂMINAS - CONCERTINA AÇO GALVANIZADO - FORNECIMENTO E INSTALAÇÃO | C47: M | D47: ='[12]A IV.'!$D47 -> 3500 | E47: =F47+G47+H47 -> 0 | F47: ='A VI.'!F1039 -> 0 | G47: ='A VI.'!F1053 -> 0 | H47: ='A VI.'!F1065 -> 0 | I47: =ROUND(D47*F47,2) -> 0 | J47: =ROUND(D47*G47,2) -> 0 | K47: =ROUND(D47*H47,2) -> 0 | L47: =ROUND(D47*F47,2)+ROUND(D47*G47,2)+ROUND(D47*H47,2) -> 0 | M47: =ROUND(L47/$L$174,6) -> #DIV/0!
A48: 3.1.3 | B48: FORNECIMENTO E INSTALAÇÃO DE CONJUNTO DE PORTÕES DE ABRIR EM BARRA CHATA, SOB MEDIDA, COMPLETO, PADRÃO ANEXO X.I-A, PORTÃO SOCIAL (1,00 X 2,6) E PORTÃO DE VEÍCULOS (4,00 X 2,60), INCLUSIVE PILARES DE FIXAÇÃO | C48: UN | D48: ='[12]A IV.'!$D48 -> 40 | E48: =F48+G48+H48 -> 0 | F48: ='A VI.'!F1087 -> 0 | G48: ='A VI.'!F1101 -> 0 | H48: ='A VI.'!F1113 -> 0 | I48: =ROUND(D48*F48,2) -> 0 | J48: =ROUND(D48*G48,2) -> 0 | K48: =ROUND(D48*H48,2) -> 0 | L48: =ROUND(D48*F48,2)+ROUND(D48*G48,2)+ROUND(D48*H48,2) -> 0 | M48: =ROUND(L48/$L$174,6) -> #DIV/0!
A49: 3.2 | B49: ESQUADRIAS E ELEMENTOS METÁLICOS - ITENS 8.2.1 A 8.2.10 DO TERMO DE REFERÊNCIA
A50: 3.2.1 | B50: EXECUÇÃO DE PORTA PARA RESERVATÓRIOS | C50: UN | D50: ='[12]A IV.'!$D50 -> 3 | E50: =F50+G50+H50 -> 0 | F50: ='A VI.'!$F$1135 -> 0 | G50: ='A VI.'!$F$1149 -> 0 | H50: ='A VI.'!$F$1161 -> 0 | I50: =ROUND(D50*F50,2) -> 0 | J50: =ROUND(D50*G50,2) -> 0 | K50: =ROUND(D50*H50,2) -> 0 | L50: =ROUND(D50*F50,2)+ROUND(D50*G50,2)+ROUND(D50*H50,2) -> 0 | M50: =ROUND(L50/$L$174,6) -> #DIV/0!
A51: 3.2.2 | B51: FORNECIMENTO E INSTALAÇÃO DE ESQUADRIA METÁLICA EM VENEZIANA/CHAPA DE FERRO, SOB MEDIDA | C51: M2 | D51: ='[12]A IV.'!$D51 -> 80 | E51: =F51+G51+H51 -> 0 | F51: ='A VI.'!F1183 -> 0 | G51: ='A VI.'!F1197 -> 0 | H51: ='A VI.'!F1209 -> 0 | I51: =ROUND(D51*F51,2) -> 0 | J51: =ROUND(D51*G51,2) -> 0 | K51: =ROUND(D51*H51,2) -> 0 | L51: =ROUND(D51*F51,2)+ROUND(D51*G51,2)+ROUND(D51*H51,2) -> 0 | M51: =ROUND(L51/$L$174,6) -> #DIV/0!
A52: 3.2.3 | B52: RECOLOCAÇÃO DE ESQUADRIAS METÁLICAS NO GERAL | C52: M2 | D52: ='[12]A IV.'!$D52 -> 100 | E52: =F52+G52+H52 -> 0 | F52: ='A VI.'!F1231 -> 0 | G52: ='A VI.'!F1245 -> 0 | H52: ='A VI.'!F1257 -> 0 | I52: =ROUND(D52*F52,2) -> 0 | J52: =ROUND(D52*G52,2) -> 0 | K52: =ROUND(D52*H52,2) -> 0 | L52: =ROUND(D52*F52,2)+ROUND(D52*G52,2)+ROUND(D52*H52,2) -> 0 | M52: =ROUND(L52/$L$174,6) -> #DIV/0!
A53: 3.2.4 | B53: FORNECIMENTO ABRIGO DE PROTEÇÃO PARA POÇOS (REFORÇADO) | C53: UN | D53: ='[12]A IV.'!$D53 -> 1 | E53: =F53+G53+H53 -> 0 | F53: ='A VI.'!$F$1279 -> 0 | G53: ='A VI.'!$F$1293 -> 0 | H53: ='A VI.'!$F$1305 -> 0 | I53: =ROUND(D53*F53,2) -> 0 | J53: =ROUND(D53*G53,2) -> 0 | K53: =ROUND(D53*H53,2) -> 0 | L53: =ROUND(D53*F53,2)+ROUND(D53*G53,2)+ROUND(D53*H53,2) -> 0 | M53: =ROUND(L53/$L$174,6) -> #DIV/0!
A54: 3.2.5 | B54: JANELA DE AÇO TIPO BASCULANTE, FIXAÇÃO COM ARGAMASSA | C54: M2 | D54: ='[12]A IV.'!$D54 -> 1.5 | E54: =F54+G54+H54 -> 0 | F54: ='A VI.'!F1327 -> 0 | G54: ='A VI.'!F1341 -> 0 | H54: ='A VI.'!F1353 -> 0 | I54: =ROUND(D54*F54,2) -> 0 | J54: =ROUND(D54*G54,2) -> 0 | K54: =ROUND(D54*H54,2) -> 0 | L54: =ROUND(D54*F54,2)+ROUND(D54*G54,2)+ROUND(D54*H54,2) -> 0 | M54: =ROUND(L54/$L$174,6) -> #DIV/0!
A55: 3.2.6 | B55: JANELA DE AÇO DE CORRER, TIPO VENEZIANA, FIXAÇÃO COM ARGAMASSA | C55: M2 | D55: ='[12]A IV.'!$D55 -> 5 | E55: =F55+G55+H55 -> 0 | F55: ='A VI.'!$F$1375 -> 0 | G55: ='A VI.'!$F$1389 -> 0 | H55: ='A VI.'!$F$1401 -> 0 | I55: =ROUND(D55*F55,2) -> 0 | J55: =ROUND(D55*G55,2) -> 0 | K55: =ROUND(D55*H55,2) -> 0 | L55: =ROUND(D55*F55,2)+ROUND(D55*G55,2)+ROUND(D55*H55,2) -> 0 | M55: =ROUND(L55/$L$174,6) -> #DIV/0!
A56: 3.2.7 | B56: TAMPA METÁLICA EM CHAPA DE AÇO GALVANIZADA Nº 16 - PADRÃO SEMAE | C56: M2 | D56: ='[12]A IV.'!$D56 -> 75 | E56: =F56+G56+H56 -> 0 | F56: ='A VI.'!$F$1423 -> 0 | G56: ='A VI.'!$F$1437 -> 0 | H56: ='A VI.'!$F$1449 -> 0 | I56: =ROUND(D56*F56,2) -> 0 | J56: =ROUND(D56*G56,2) -> 0 | K56: =ROUND(D56*H56,2) -> 0 | L56: =ROUND(D56*F56,2)+ROUND(D56*G56,2)+ROUND(D56*H56,2) -> 0 | M56: =ROUND(L56/$L$174,6) -> #DIV/0!
A57: 3.2.8 | B57: GRADE DE PROTEÇÃO DE FERRO EM BARRA CHATA | C57: M2 | D57: ='[12]A IV.'!$D57 -> 90 | E57: =F57+G57+H57 -> 0 | F57: ='A VI.'!$F$1471 -> 0 | G57: ='A VI.'!$F$1485 -> 0 | H57: ='A VI.'!$F$1497 -> 0 | I57: =ROUND(D57*F57,2) -> 0 | J57: =ROUND(D57*G57,2) -> 0 | K57: =ROUND(D57*H57,2) -> 0 | L57: =ROUND(D57*F57,2)+ROUND(D57*G57,2)+ROUND(D57*H57,2) -> 0 | M57: =ROUND(L57/$L$174,6) -> #DIV/0!
A58: 3.2.9 | B58: GRELHA EM FERRO FUNDIDO PARA CAIXAS E CANALETAS | C58: M2 | D58: ='[12]A IV.'!$D58 -> 10 | E58: =F58+G58+H58 -> 0 | F58: ='A VI.'!F1519 -> 0 | G58: ='A VI.'!F1533 -> 0 | H58: ='A VI.'!F1545 -> 0 | I58: =ROUND(D58*F58,2) -> 0 | J58: =ROUND(D58*G58,2) -> 0 | K58: =ROUND(D58*H58,2) -> 0 | L58: =ROUND(D58*F58,2)+ROUND(D58*G58,2)+ROUND(D58*H58,2) -> 0 | M58: =ROUND(L58/$L$174,6) -> #DIV/0!
A59: 3.2.10 | B59: PORTA EM ALUMÍNIO TIPO VENEZIANA, 1 FOLHA, ACABAMENTO EM PINTURA ELETROSTÁTICA BRANCA, 60 MICRAS, CONFORME MEMORIAL, INCLUSIVE FERRAGENS (TRÊS DOBRADIÇAS E DOIS FERROLHOS COM PORTA-CADEADO) | C59: M2 | D59: ='[12]A IV.'!$D59 -> 50 | E59: =F59+G59+H59 -> 0 | F59: ='A VI.'!$F$1567 -> 0 | G59: ='A VI.'!$F$1581 -> 0 | H59: ='A VI.'!$F$1593 -> 0 | I59: =ROUND(D59*F59,2) -> 0 | J59: =ROUND(D59*G59,2) -> 0 | K59: =ROUND(D59*H59,2) -> 0 | L59: =ROUND(D59*F59,2)+ROUND(D59*G59,2)+ROUND(D59*H59,2) -> 0 | M59: =ROUND(L59/$L$174,6) -> #DIV/0!
A60: 3.2.11 | B60: FORNECIMENTO E INSTALAÇÃO DE ESCADA TIPO MARINHEIRO COM GUARDA CORPO DE PROTEÇÃO | C60: M | D60: ='[12]A IV.'!$D60 -> 29 | E60: =F60+G60+H60 -> 0 | F60: ='A VI.'!F1615 -> 0 | G60: ='A VI.'!F1629 -> 0 | H60: ='A VI.'!F1641 -> 0 | I60: =ROUND(D60*F60,2) -> 0 | J60: =ROUND(D60*G60,2) -> 0 | K60: =ROUND(D60*H60,2) -> 0 | L60: =ROUND(D60*F60,2)+ROUND(D60*G60,2)+ROUND(D60*H60,2) -> 0 | M60: =ROUND(L60/$L$174,6) -> #DIV/0!
A61: 3.3 | B61: ALVENARIAS - ITENS 8.3.1 E 8.3.2 DO TERMO DE REFERÊNCIA
A62: 3.3.1 | B62: RECUPERAÇÃO E EXECUÇÃO DE MURETA | C62: M | D62: ='[12]A IV.'!$D62 -> 100 | E62: =F62+G62+H62 -> 0 | F62: ='A VI.'!$F$1663 -> 0 | G62: ='A VI.'!$F$1677 -> 0 | H62: ='A VI.'!$F$1689 -> 0 | I62: =ROUND(D62*F62,2) -> 0 | J62: =ROUND(D62*G62,2) -> 0 | K62: =ROUND(D62*H62,2) -> 0 | L62: =ROUND(D62*F62,2)+ROUND(D62*G62,2)+ROUND(D62*H62,2) -> 0 | M62: =ROUND(L62/$L$174,6) -> #DIV/0!
A63: 3.3.2 | B63: ALVENARIA DE TIJOLO MACIÇO CERÂMICO 1/2 VEZ | C63: M2 | D63: ='[12]A IV.'!$D63 -> 25 | E63: =F63+G63+H63 -> 0 | F63: ='A VI.'!$F$1711 -> 0 | G63: ='A VI.'!$F$1725 -> 0 | H63: ='A VI.'!$F$1737 -> 0 | I63: =ROUND(D63*F63,2) -> 0 | J63: =ROUND(D63*G63,2) -> 0 | K63: =ROUND(D63*H63,2) -> 0 | L63: =ROUND(D63*F63,2)+ROUND(D63*G63,2)+ROUND(D63*H63,2) -> 0 | M63: =ROUND(L63/$L$174,6) -> #DIV/0!
A64: 3.3.3 | B64: ALVENARIA DE TIJOLO MACIÇO CERÂMICO 1 VEZ | C64: M2 | D64: ='[12]A IV.'!$D64 -> 25 | E64: =F64+G64+H64 -> 0 | F64: ='A VI.'!$F$1759 -> 0 | G64: ='A VI.'!$F$1773 -> 0 | H64: ='A VI.'!$F$1785 -> 0 | I64: =ROUND(D64*F64,2) -> 0 | J64: =ROUND(D64*G64,2) -> 0 | K64: =ROUND(D64*H64,2) -> 0 | L64: =ROUND(D64*F64,2)+ROUND(D64*G64,2)+ROUND(D64*H64,2) -> 0 | M64: =ROUND(L64/$L$174,6) -> #DIV/0!
A65: 3.3.4 | B65: ALVENARIA EM BLOCO DE CONCRETO 9 X 19 X 39 CM | C65: M2 | D65: ='[12]A IV.'!$D65 -> 50 | E65: =F65+G65+H65 -> 0 | F65: ='A VI.'!$F$1807 -> 0 | G65: ='A VI.'!$F$1821 -> 0 | H65: ='A VI.'!$F$1833 -> 0 | I65: =ROUND(D65*F65,2) -> 0 | J65: =ROUND(D65*G65,2) -> 0 | K65: =ROUND(D65*H65,2) -> 0 | L65: =ROUND(D65*F65,2)+ROUND(D65*G65,2)+ROUND(D65*H65,2) -> 0 | M65: =ROUND(L65/$L$174,6) -> #DIV/0!
A66: 3.3.5 | B66: ALVENARIA EM BLOCO DE CONCRETO 14 X 19 X 39 CM | C66: M2 | D66: ='[12]A IV.'!$D66 -> 50 | E66: =F66+G66+H66 -> 0 | F66: ='A VI.'!F1855 -> 0 | G66: ='A VI.'!F1869 -> 0 | H66: ='A VI.'!F1881 -> 0 | I66: =ROUND(D66*F66,2) -> 0 | J66: =ROUND(D66*G66,2) -> 0 | K66: =ROUND(D66*H66,2) -> 0 | L66: =ROUND(D66*F66,2)+ROUND(D66*G66,2)+ROUND(D66*H66,2) -> 0 | M66: =ROUND(L66/$L$174,6) -> #DIV/0!
A67: 3.3.6 | B67: ALVENARIA EM BLOCO DE CONCRETO 19 X 19 X 39 CM | C67: M2 | D67: ='[12]A IV.'!$D67 -> 50 | E67: =F67+G67+H67 -> 0 | F67: ='A VI.'!F1903 -> 0 | G67: ='A VI.'!F1917 -> 0 | H67: ='A VI.'!F1929 -> 0 | I67: =ROUND(D67*F67,2) -> 0 | J67: =ROUND(D67*G67,2) -> 0 | K67: =ROUND(D67*H67,2) -> 0 | L67: =ROUND(D67*F67,2)+ROUND(D67*G67,2)+ROUND(D67*H67,2) -> 0 | M67: =ROUND(L67/$L$174,6) -> #DIV/0!
A68: 3.3.7 | B68: ALVENARIA COM ELEMENTO VAZADO DE CONCRETO (COBOGÓ), ESPESSURA PAREDE 9CM | C68: M2 | D68: ='[12]A IV.'!$D68 -> 7 | E68: =F68+G68+H68 -> 0 | F68: ='A VI.'!$F$1951 -> 0 | G68: ='A VI.'!$F$1965 -> 0 | H68: ='A VI.'!$F$1977 -> 0 | I68: =ROUND(D68*F68,2) -> 0 | J68: =ROUND(D68*G68,2) -> 0 | K68: =ROUND(D68*H68,2) -> 0 | L68: =ROUND(D68*F68,2)+ROUND(D68*G68,2)+ROUND(D68*H68,2) -> 0 | M68: =ROUND(L68/$L$174,6) -> #DIV/0!
A69: 3.3.8 | B69: CONSTRUÇÃO DE MURO EM ALVENARIA EM BLOCO DE CONCRETO 14 X 19 X 39 CM COM 2,60M DE ALTURA, INCLUSIVE FUNDAÇÕES E GROUT - CONFORME MANUAL DO EMPREENDEDOR 2026 | C69: M | D69: ='[12]A IV.'!$D69 -> 3000 | E69: =F69+G69+H69 -> 0 | F69: ='A VI.'!$F$1999 -> 0 | G69: ='A VI.'!$F$2013 -> 0 | H69: ='A VI.'!$F$2025 -> 0 | I69: =ROUND(D69*F69,2) -> 0 | J69: =ROUND(D69*G69,2) -> 0 | K69: =ROUND(D69*H69,2) -> 0 | L69: =ROUND(D69*F69,2)+ROUND(D69*G69,2)+ROUND(D69*H69,2) -> 0 | M69: =ROUND(L69/$L$174,6) -> #DIV/0!
A70: 3.3.9 | B70: CONSTRUÇÃO DE ABRIGO ELÉTRICO EM ALVENARIA EM BLOCO DE CONCRETO 14 X 19 X 37 CM INCLUSIVE INSTALAÇÃO DE PORTA VENEZIANA E ELETRODUTOS - CONFORME MANUAL DO EMPREENDENDOR 2026 | C70: UN | D70: ='[12]A IV.'!$D70 -> 20 | E70: =F70+G70+H70 -> 0 | F70: ='A VI.'!$F$2052 -> 0 | G70: ='A VI.'!$F$2062 -> 0 | H70: ='A VI.'!$F$2073 -> 0 | I70: =ROUND(D70*F70,2) -> 0 | J70: =ROUND(D70*G70,2) -> 0 | K70: =ROUND(D70*H70,2) -> 0 | L70: =ROUND(D70*F70,2)+ROUND(D70*G70,2)+ROUND(D70*H70,2) -> 0 | M70: =ROUND(L70/$L$174,6) -> #DIV/0!
A71: 3.4 | B71: MOVIMENTO DE TERRA - ITENS 8.4.1 A 8.4.6 DO TERMO DE REFERÊNCIA
A72: 3.4.1 | B72: REATERRO E APILOAMENTO MANUAL DE SOLO | C72: M3 | D72: ='[12]A IV.'!$D72 -> 50 | E72: =F72+G72+H72 -> 0 | F72: ='A VI.'!$F$2095 -> 0 | G72: ='A VI.'!$F$2109 -> 0 | H72: ='A VI.'!$F$2121 -> 0 | I72: =ROUND(D72*F72,2) -> 0 | J72: =ROUND(D72*G72,2) -> 0 | K72: =ROUND(D72*H72,2) -> 0 | L72: =ROUND(D72*F72,2)+ROUND(D72*G72,2)+ROUND(D72*H72,2) -> 0 | M72: =ROUND(L72/$L$174,6) -> #DIV/0!
A73: 3.4.2 | B73: REATERRO MANUAL COM COMPACTAÇÃO MECANIZADA DE SOLO, SEM CONTROLE TECNOLÓGICO | C73: M3 | D73: ='[12]A IV.'!$D73 -> 150 | E73: =F73+G73+H73 -> 0 | F73: ='A VI.'!$F$2143 -> 0 | G73: ='A VI.'!$F$2157 -> 0 | H73: ='A VI.'!$F$2169 -> 0 | I73: =ROUND(D73*F73,2) -> 0 | J73: =ROUND(D73*G73,2) -> 0 | K73: =ROUND(D73*H73,2) -> 0 | L73: =ROUND(D73*F73,2)+ROUND(D73*G73,2)+ROUND(D73*H73,2) -> 0 | M73: =ROUND(L73/$L$174,6) -> #DIV/0!
A74: 3.4.3 | B74: ESCAVAÇÃO MANUAL EM SOLO DE 1ª CATEGORIA COM PROFUNDIDADE ATÉ 1,50 M | C74: M3 | D74: ='[12]A IV.'!$D74 -> 150 | E74: =F74+G74+H74 -> 0 | F74: ='A VI.'!$F$2191 -> 0 | G74: ='A VI.'!$F$2205 -> 0 | H74: ='A VI.'!$F$2217 -> 0 | I74: =ROUND(D74*F74,2) -> 0 | J74: =ROUND(D74*G74,2) -> 0 | K74: =ROUND(D74*H74,2) -> 0 | L74: =ROUND(D74*F74,2)+ROUND(D74*G74,2)+ROUND(D74*H74,2) -> 0 | M74: =ROUND(L74/$L$174,6) -> #DIV/0!
A75: 3.4.4 | B75: ESCAVAÇÃO MANUAL EM SOLO DE 1ª CATEGORIA COM PROFUNDIDADE ACIMA DE 1,50 M | C75: M3 | D75: ='[12]A IV.'!$D75 -> 20 | E75: =F75+G75+H75 -> 0 | F75: ='A VI.'!F2239 -> 0 | G75: ='A VI.'!F2253 -> 0 | H75: ='A VI.'!F2265 -> 0 | I75: =ROUND(D75*F75,2) -> 0 | J75: =ROUND(D75*G75,2) -> 0 | K75: =ROUND(D75*H75,2) -> 0 | L75: =ROUND(D75*F75,2)+ROUND(D75*G75,2)+ROUND(D75*H75,2) -> 0 | M75: =ROUND(L75/$L$174,6) -> #DIV/0!
A76: 3.4.5 | B76: ESCAVAÇÃO MECANIZADA DE VALA EM SOLO DE 1ª CATEGORIA COM PROFUNDIDADE ATÉ 2,0M | C76: M3 | D76: ='[12]A IV.'!$D76 -> 10 | E76: =F76+G76+H76 -> 0 | F76: ='A VI.'!F2287 -> 0 | G76: ='A VI.'!F2301 -> 0 | H76: ='A VI.'!F2313 -> 0 | I76: =ROUND(D76*F76,2) -> 0 | J76: =ROUND(D76*G76,2) -> 0 | K76: =ROUND(D76*H76,2) -> 0 | L76: =ROUND(D76*F76,2)+ROUND(D76*G76,2)+ROUND(D76*H76,2) -> 0 | M76: =ROUND(L76/$L$174,6) -> #DIV/0!
A77: 3.4.8 | B77: LANÇAMENTO, ESPALHAMENTO E ACOMODAÇÃO MECANIZADA DE BRITA PARA COBERTURA DE PÁTIO | C77: M3 | D77: ='[12]A IV.'!$D77 -> 1200 | E77: =F77+G77+H77 -> 0 | F77: ='A VI.'!$F$2335 -> 0 | G77: ='A VI.'!$F$2349 -> 0 | H77: ='A VI.'!$F$2361 -> 0 | I77: =ROUND(D77*F77,2) -> 0 | J77: =ROUND(D77*G77,2) -> 0 | K77: =ROUND(D77*H77,2) -> 0 | L77: =ROUND(D77*F77,2)+ROUND(D77*G77,2)+ROUND(D77*H77,2) -> 0 | M77: =ROUND(L77/$L$174,6) -> #DIV/0!
A78: 3.4.9 | B78: LASTRO DE BRITA APILOADO | C78: M3 | D78: ='[12]A IV.'!$D78 -> 46 | E78: =F78+G78+H78 -> 0 | F78: ='A VI.'!$F$2383 -> 0 | G78: ='A VI.'!$F$2397 -> 0 | H78: ='A VI.'!$F$2409 -> 0 | I78: =ROUND(D78*F78,2) -> 0 | J78: =ROUND(D78*G78,2) -> 0 | K78: =ROUND(D78*H78,2) -> 0 | L78: =ROUND(D78*F78,2)+ROUND(D78*G78,2)+ROUND(D78*H78,2) -> 0 | M78: =ROUND(L78/$L$174,6) -> #DIV/0!
A79: 3.5 | B79: CONCRETO - ITENS 8.5.1 A 8.5.4 DO TERMO DE REFERÊNCIA
A80: 3.5.1 | B80: CONCRETO ESTRUTURAL USINADO, FCK=20 MPA | C80: M3 | D80: ='[12]A IV.'!$D80 -> 100 | E80: =F80+G80+H80 -> 0 | F80: ='A VI.'!$F$2431 -> 0 | G80: ='A VI.'!$F$2445 -> 0 | H80: ='A VI.'!$F$2457 -> 0 | I80: =ROUND(D80*F80,2) -> 0 | J80: =ROUND(D80*G80,2) -> 0 | K80: =ROUND(D80*H80,2) -> 0 | L80: =ROUND(D80*F80,2)+ROUND(D80*G80,2)+ROUND(D80*H80,2) -> 0 | M80: =ROUND(L80/$L$174,6) -> #DIV/0!
A81: 3.5.2 | B81: CALÇADAS E PISOS EM CONCRETO FCK=20 MPA, PREPARO MECÂNICO, ACABAMENTO CONVENCIONAL, INCLUSIVE PREPARO DE CAIXA | C81: M3 | D81: ='[12]A IV.'!$D81 -> 500 | E81: =F81+G81+H81 -> 0 | F81: ='A VI.'!$F$2479 -> 0 | G81: ='A VI.'!$F$2493 -> 0 | H81: ='A VI.'!$F$2505 -> 0 | I81: =ROUND(D81*F81,2) -> 0 | J81: =ROUND(D81*G81,2) -> 0 | K81: =ROUND(D81*H81,2) -> 0 | L81: =ROUND(D81*F81,2)+ROUND(D81*G81,2)+ROUND(D81*H81,2) -> 0 | M81: =ROUND(L81/$L$174,6) -> #DIV/0!
A82: 3.5.3 | B82: CALÇADAS E PISOS EM CONCRETO FCK = 20 MPA, USINADO, ACABAMENTO CONVENCIONAL, INCLUSIVE PREPARO DE CAIXA | C82: M3 | D82: ='[12]A IV.'!$D82 -> 2000 | E82: =F82+G82+H82 -> 0 | F82: ='A VI.'!F2527 -> 0 | G82: ='A VI.'!F2541 -> 0 | H82: ='A VI.'!F2553 -> 0 | I82: =ROUND(D82*F82,2) -> 0 | J82: =ROUND(D82*G82,2) -> 0 | K82: =ROUND(D82*H82,2) -> 0 | L82: =ROUND(D82*F82,2)+ROUND(D82*G82,2)+ROUND(D82*H82,2) -> 0 | M82: =ROUND(L82/$L$174,6) -> #DIV/0!
A83: 3.5.4 | B83: CONCRETO ESTRUTURAL VIRADO EM OBRA, FCK 20MPA | C83: M3 | D83: ='[12]A IV.'!$D83 -> 20 | E83: =F83+G83+H83 -> 0 | F83: ='A VI.'!$F$2575 -> 0 | G83: ='A VI.'!$F$2589 -> 0 | H83: ='A VI.'!$F$2601 -> 0 | I83: =ROUND(D83*F83,2) -> 0 | J83: =ROUND(D83*G83,2) -> 0 | K83: =ROUND(D83*H83,2) -> 0 | L83: =ROUND(D83*F83,2)+ROUND(D83*G83,2)+ROUND(D83*H83,2) -> 0 | M83: =ROUND(L83/$L$174,6) -> #DIV/0!
A84: 3.5.5 | B84: ARGAMASSA GROUT (PREPARO E LANÇAMENTO DE ARGAMASSA DE CIMENTO, AREIA E PEDRISCO 1:3:2) | C84: M3 | D84: ='[12]A IV.'!$D84 -> 20 | E84: =F84+G84+H84 -> 0 | F84: ='A VI.'!$F$2623 -> 0 | G84: ='A VI.'!$F$2637 -> 0 | H84: ='A VI.'!$F$2649 -> 0 | I84: =ROUND(D84*F84,2) -> 0 | J84: =ROUND(D84*G84,2) -> 0 | K84: =ROUND(D84*H84,2) -> 0 | L84: =ROUND(D84*F84,2)+ROUND(D84*G84,2)+ROUND(D84*H84,2) -> 0 | M84: =ROUND(L84/$L$174,6) -> #DIV/0!
A85: 3.6 | B85: FORMAS E ARMADURAS - ITENS 8.6.1 E 8.6.2 DO TERMO DE REFERÊNCIA
A86: 3.6.1 | B86: FORMA PLANA COMUM | C86: M2 | D86: ='[12]A IV.'!$D86 -> 217 | E86: =F86+G86+H86 -> 0 | F86: ='A VI.'!$F$2671 -> 0 | G86: ='A VI.'!$F$2685 -> 0 | H86: ='A VI.'!$F$2697 -> 0 | I86: =ROUND(D86*F86,2) -> 0 | J86: =ROUND(D86*G86,2) -> 0 | K86: =ROUND(D86*H86,2) -> 0 | L86: =ROUND(D86*F86,2)+ROUND(D86*G86,2)+ROUND(D86*H86,2) -> 0 | M86: =ROUND(L86/$L$174,6) -> #DIV/0!
A87: 3.6.2 | B87: ARMADURA EM BARRA DE AÇO CA 50/60 (CORTE, DOBRA E MONTAGEM) | C87: KG | D87: ='[12]A IV.'!$D87 -> 1000 | E87: =F87+G87+H87 -> 0 | F87: ='A VI.'!$F$2719 -> 0 | G87: ='A VI.'!$F$2733 -> 0 | H87: ='A VI.'!$F$2745 -> 0 | I87: =ROUND(D87*F87,2) -> 0 | J87: =ROUND(D87*G87,2) -> 0 | K87: =ROUND(D87*H87,2) -> 0 | L87: =ROUND(D87*F87,2)+ROUND(D87*G87,2)+ROUND(D87*H87,2) -> 0 | M87: =ROUND(L87/$L$174,6) -> #DIV/0!
A88: 3.6.3 | B88: ARMADURA EM TELA SOLDADA DE AÇO CA 50/60 (CORTE, DOBRA E MONTAGEM) | C88: KG | D88: ='[12]A IV.'!$D88 -> 5000 | E88: =F88+G88+H88 -> 0 | F88: ='A VI.'!F2767 -> 0 | G88: ='A VI.'!F2781 -> 0 | H88: ='A VI.'!F2793 -> 0 | I88: =ROUND(D88*F88,2) -> 0 | J88: =ROUND(D88*G88,2) -> 0 | K88: =ROUND(D88*H88,2) -> 0 | L88: =ROUND(D88*F88,2)+ROUND(D88*G88,2)+ROUND(D88*H88,2) -> 0 | M88: =ROUND(L88/$L$174,6) -> #DIV/0!
A89: 3.7 | B89: ELEMENTOS CONSTRUTIVOS - ITENS 8.7.1 A 8.7.3 DO TERMO DE REFERÊNCIA
A90: 3.7.1 | B90: BROCA EM CONCRETO ARMADO, DIÂMETRO DE 20CM, COMPLETA | C90: M | D90: ='[12]A IV.'!$D90 -> 100 | E90: =F90+G90+H90 -> 0 | F90: ='A VI.'!F2815 -> 0 | G90: ='A VI.'!F2829 -> 0 | H90: ='A VI.'!F2841 -> 0 | I90: =ROUND(D90*F90,2) -> 0 | J90: =ROUND(D90*G90,2) -> 0 | K90: =ROUND(D90*H90,2) -> 0 | L90: =ROUND(D90*F90,2)+ROUND(D90*G90,2)+ROUND(D90*H90,2) -> 0 | M90: =ROUND(L90/$L$174,6) -> #DIV/0!
A91: 3.8 | B91: REVESTIMENTOS - ITENS 8.8.1 A 8.8.3 DO TERMO DE REFERÊNCIA
A92: 3.8.1 | B92: CHAPISCO COM ARGAMASSA DE CIMENTO E AREIA TRAÇO 1:3, E=5 MM | C92: M2 | D92: ='[12]A IV.'!$D92 -> 125 | E92: =F92+G92+H92 -> 0 | F92: ='A VI.'!$F$2863 -> 0 | G92: ='A VI.'!$F$2877 -> 0 | H92: ='A VI.'!$F$2889 -> 0 | I92: =ROUND(D92*F92,2) -> 0 | J92: =ROUND(D92*G92,2) -> 0 | K92: =ROUND(D92*H92,2) -> 0 | L92: =ROUND(D92*F92,2)+ROUND(D92*G92,2)+ROUND(D92*H92,2) -> 0 | M92: =ROUND(L92/$L$174,6) -> #DIV/0!
A93: 3.8.2 | B93: REBOCO/MASSA ÚNICA, PAREDE INTERNA/EXTERNA COM ARGAMASSA DE CIMENTO, CAL E AREIA 1:2:8, E=20 MM | C93: M2 | D93: ='[12]A IV.'!$D93 -> 125 | E93: =F93+G93+H93 -> 0 | F93: ='A VI.'!$F$2911 -> 0 | G93: ='A VI.'!$F$2925 -> 0 | H93: ='A VI.'!$F$2937 -> 0 | I93: =ROUND(D93*F93,2) -> 0 | J93: =ROUND(D93*G93,2) -> 0 | K93: =ROUND(D93*H93,2) -> 0 | L93: =ROUND(D93*F93,2)+ROUND(D93*G93,2)+ROUND(D93*H93,2) -> 0 | M93: =ROUND(L93/$L$174,6) -> #DIV/0!
A94: 3.8.3 | B94: RECUPERAÇÃO E REGULARIZAÇÃO DO REVESTIMENTO EM EMBOÇO/MASSA ÚNICA/REBOCO | C94: M2 | D94: ='[12]A IV.'!$D94 -> 300 | E94: =F94+G94+H94 -> 0 | F94: ='A VI.'!$F$2959 -> 0 | G94: ='A VI.'!$F$2973 -> 0 | H94: ='A VI.'!$F$2985 -> 0 | I94: =ROUND(D94*F94,2) -> 0 | J94: =ROUND(D94*G94,2) -> 0 | K94: =ROUND(D94*H94,2) -> 0 | L94: =ROUND(D94*F94,2)+ROUND(D94*G94,2)+ROUND(D94*H94,2) -> 0 | M94: =ROUND(L94/$L$174,6) -> #DIV/0!
A95: 3.9 | B95: REVESTIMENTOS CERÂMICOS - ITENS 8.9.1 A 8.9.4 DO TERMO DE REFERÊNCIA
A96: 3.9.1 | B96: AZULEJO CERÂMICO ESMALTADO EXTRA, ASSENTADO COM ARGAMASSA COLANTE, JUNTAS A PRUMO, INCLUSO REJUNTAMENTO | C96: M2 | D96: ='[12]A IV.'!$D96 -> 200 | E96: =F96+G96+H96 -> 0 | F96: ='A VI.'!$F$3007 -> 0 | G96: ='A VI.'!$F$3021 -> 0 | H96: ='A VI.'!$F$3033 -> 0 | I96: =ROUND(D96*F96,2) -> 0 | J96: =ROUND(D96*G96,2) -> 0 | K96: =ROUND(D96*H96,2) -> 0 | L96: =ROUND(D96*F96,2)+ROUND(D96*G96,2)+ROUND(D96*H96,2) -> 0 | M96: =ROUND(L96/$L$174,6) -> #DIV/0!
A97: 3.9.2 | B97: CONTRAPISO EM ARGAMASSA, ADERIDO, TRAÇO 1:4, E=3 CM, COM ADITIVO ADESIVO | C97: M2 | D97: ='[12]A IV.'!$D97 -> 100 | E97: =F97+G97+H97 -> 0 | F97: ='A VI.'!$F$3055 -> 0 | G97: ='A VI.'!$F$3069 -> 0 | H97: ='A VI.'!$F$3081 -> 0 | I97: =ROUND(D97*F97,2) -> 0 | J97: =ROUND(D97*G97,2) -> 0 | K97: =ROUND(D97*H97,2) -> 0 | L97: =ROUND(D97*F97,2)+ROUND(D97*G97,2)+ROUND(D97*H97,2) -> 0 | M97: =ROUND(L97/$L$174,6) -> #DIV/0!
A98: 3.9.3 | B98: PISO COM CERÂMICA ESMALTADA PEI-5 | C98: M2 | D98: ='[12]A IV.'!$D98 -> 250 | E98: =F98+G98+H98 -> 0 | F98: ='A VI.'!$F$3103 -> 0 | G98: ='A VI.'!$F$3117 -> 0 | H98: ='A VI.'!$F$3129 -> 0 | I98: =ROUND(D98*F98,2) -> 0 | J98: =ROUND(D98*G98,2) -> 0 | K98: =ROUND(D98*H98,2) -> 0 | L98: =ROUND(D98*F98,2)+ROUND(D98*G98,2)+ROUND(D98*H98,2) -> 0 | M98: =ROUND(L98/$L$174,6) -> #DIV/0!
A99: 3.9.4 | B99: CAMADA DE REGULARIZAÇÃO EM ARGAMASSA DESEMPENADA E=3CM, IMPERMEABILIZANTE E ADITIVO ADESIVO | C99: M2 | D99: ='[12]A IV.'!$D99 -> 45 | E99: =F99+G99+H99 -> 0 | F99: ='A VI.'!$F$3151 -> 0 | G99: ='A VI.'!$F$3165 -> 0 | H99: ='A VI.'!$F$3177 -> 0 | I99: =ROUND(D99*F99,2) -> 0 | J99: =ROUND(D99*G99,2) -> 0 | K99: =ROUND(D99*H99,2) -> 0 | L99: =ROUND(D99*F99,2)+ROUND(D99*G99,2)+ROUND(D99*H99,2) -> 0 | M99: =ROUND(L99/$L$174,6) -> #DIV/0!
A100: 3.10 | B100: COBERTURA - ITENS 8.10.1 A 8.10.4 DO TERMO DE REFERÊNCIA
A101: 3.10.1 | B101: LAJE PRE-MOLDADA P/FORRO, E=8CM, C/LAJOTAS E CAP.C/CONC FCK=20MPA, 3CM, INTER-EIXO 38CM, C/ESCORAMENTO E FERRAGEM NEGATIVA | C101: M2 | D101: ='[12]A IV.'!$D101 -> 200 | E101: =F101+G101+H101 -> 0 | F101: ='A VI.'!$F$3199 -> 0 | G101: ='A VI.'!$F$3213 -> 0 | H101: ='A VI.'!$F$3225 -> 0 | I101: =ROUND(D101*F101,2) -> 0 | J101: =ROUND(D101*G101,2) -> 0 | K101: =ROUND(D101*H101,2) -> 0 | L101: =ROUND(D101*F101,2)+ROUND(D101*G101,2)+ROUND(D101*H101,2) -> 0 | M101: =ROUND(L101/$L$174,6) -> #DIV/0!
A102: 3.10.2 | B102: TRAMA DE MADEIRA COMPOSTA POR TERÇAS PARA TELHADOS DE ATÉ 2 ÁGUAS PARA TELHA ONDULADA DE FIBROCIMENTO, METÁLICA, PLÁSTICA OU TERMOACÚSTICA | C102: M2 | D102: ='[12]A IV.'!$D102 -> 50 | E102: =F102+G102+H102 -> 0 | F102: ='A VI.'!$F$3247 -> 0 | G102: ='A VI.'!$F$3261 -> 0 | H102: ='A VI.'!$F$3273 -> 0 | I102: =ROUND(D102*F102,2) -> 0 | J102: =ROUND(D102*G102,2) -> 0 | K102: =ROUND(D102*H102,2) -> 0 | L102: =ROUND(D102*F102,2)+ROUND(D102*G102,2)+ROUND(D102*H102,2) -> 0 | M102: =ROUND(L102/$L$174,6) -> #DIV/0!
A103: 3.10.3 | B103: TELHA DE FIBROCIMENTO ONDULADA E=6MM | C103: M2 | D103: ='[12]A IV.'!$D103 -> 50 | E103: =F103+G103+H103 -> 0 | F103: ='A VI.'!$F$3295 -> 0 | G103: ='A VI.'!$F$3309 -> 0 | H103: ='A VI.'!$F$3321 -> 0 | I103: =ROUND(D103*F103,2) -> 0 | J103: =ROUND(D103*G103,2) -> 0 | K103: =ROUND(D103*H103,2) -> 0 | L103: =ROUND(D103*F103,2)+ROUND(D103*G103,2)+ROUND(D103*H103,2) -> 0 | M103: =ROUND(L103/$L$174,6) -> #DIV/0!
A104: 3.10.4 | B104: TELHA TIPO KALHETA E=8MM, COM FIO SINTÉTICO CRFS - PERFIL TRAPEZOIDAL DE 44CM | C104: M2 | D104: ='[12]A IV.'!$D104 -> 20 | E104: =F104+G104+H104 -> 0 | F104: ='A VI.'!$F$3343 -> 0 | G104: ='A VI.'!$F$3357 -> 0 | H104: ='A VI.'!$F$3369 -> 0 | I104: =ROUND(D104*F104,2) -> 0 | J104: =ROUND(D104*G104,2) -> 0 | K104: =ROUND(D104*H104,2) -> 0 | L104: =ROUND(D104*F104,2)+ROUND(D104*G104,2)+ROUND(D104*H104,2) -> 0 | M104: =ROUND(L104/$L$174,6) -> #DIV/0!
A105: 3.10.5 | B105: CALHA DE CHAPA GALVANIZADA N° 26 | C105: M | D105: ='[12]A IV.'!$D105 -> 25 | E105: =F105+G105+H105 -> 0 | F105: ='A VI.'!$F$3391 -> 0 | G105: ='A VI.'!$F$3405 -> 0 | H105: ='A VI.'!$F$3417 -> 0 | I105: =ROUND(D105*F105,2) -> 0 | J105: =ROUND(D105*G105,2) -> 0 | K105: =ROUND(D105*H105,2) -> 0 | L105: =ROUND(D105*F105,2)+ROUND(D105*G105,2)+ROUND(D105*H105,2) -> 0 | M105: =ROUND(L105/$L$174,6) -> #DIV/0!
A106: 3.10.6 | B106: RUFO / PINGADEIRA DE CHAPA GALVANIZADA Nº 26 | C106: M | D106: ='[12]A IV.'!$D106 -> 25 | E106: =F106+G106+H106 -> 0 | F106: ='A VI.'!$F$3439 -> 0 | G106: ='A VI.'!$F$3453 -> 0 | H106: ='A VI.'!$F$3465 -> 0 | I106: =ROUND(D106*F106,2) -> 0 | J106: =ROUND(D106*G106,2) -> 0 | K106: =ROUND(D106*H106,2) -> 0 | L106: =ROUND(D106*F106,2)+ROUND(D106*G106,2)+ROUND(D106*H106,2) -> 0 | M106: =ROUND(L106/$L$174,6) -> #DIV/0!
A107: 3.11 | B107: VIDRO - ITEM 8.11 DO TERMO DE REFERÊNCIA
A108: 3.11.1 | B108: VIDRO FANTASIA, COLOCADO EM CAIXILIO COM OU SEM BAGUETE, DUAS DEMÃOS DE MASSA E= 4 MM | C108: M2 | D108: ='[12]A IV.'!$D108 -> 16 | E108: =F108+G108+H108 -> 0 | F108: ='A VI.'!F3487 -> 0 | G108: ='A VI.'!F3501 -> 0 | H108: ='A VI.'!F3513 -> 0 | I108: =ROUND(D108*F108,2) -> 0 | J108: =ROUND(D108*G108,2) -> 0 | K108: =ROUND(D108*H108,2) -> 0 | L108: =ROUND(D108*F108,2)+ROUND(D108*G108,2)+ROUND(D108*H108,2) -> 0 | M108: =ROUND(L108/$L$174,6) -> #DIV/0!
...

Sheet A V.
B1: ='A IV.A'!A1 -> (TIMBRE DA LICITANTE)
B4: ='A IV.A'!A3
B7: ='A IV.A'!$A$7 -> EXECUÇÃO DE SERVIÇO DE REFORMA CIVIL, CONSTRUÇÕES E MANUTENÇÕES GERAIS PARA MELHORIAS NAS ÁREAS DE PROPRIEDADE E/OU DE RESPONSABILIDADE DO SEMAE.
B9: ANEXO V.A - CRONOGRAMA FÍSICO - FINANCEIRO- SEMAE
E12: 1º MÊS | H12: 2ºMÊS | K12: 3º MÊS | N12: 4º MÊS | Q12: 5º MÊS | T12: 6º MÊS
E13: MAT | F13: EQUIP | G13: MO | H13: MAT | I13: EQUIP | J13: MO | K13: MAT | L13: EQUIP | M13: MO | N13: MAT | O13: EQUIP | P13: MO | Q13: MAT | R13: EQUIP | S13: MO | T13: MAT | U13: EQUIP | V13: MO
B14: ='A IV.A'!$A$14 -> 1.0 | C14: ='A IV.A'!$B$14 -> CANTEIRO DE OBRAS | D14: ='A IV.A'!$L$14 -> 0 | E14: =E15+F15+G15 -> 0 | H14: =H15+I15+J15 -> 0 | K14: =K15+L15+M15 -> 0 | N14: =N15+O15+P15 -> 0 | Q14: =Q15+R15+S15 -> 0 | T14: =T15+U15+V15 -> 0 | W14: =N14+Q14+T14+K14+H14+E14 -> 0
E15: ='A IV.A'!$F$14*0.0819/2 -> 0 | F15: ='A IV.A'!$G$14*0.0819/2 -> 0 | G15: ='A IV.A'!$H$14*0.0819/2 -> 0 | H15: ='A IV.A'!$F$14*0.0842/2 -> 0 | I15: ='A IV.A'!$G$14*0.0842/2 -> 0 | J15: ='A IV.A'!$H$14*0.0842/2 -> 0 | K15: ='A IV.A'!$F$14*0.0842/2 -> 0 | L15: ='A IV.A'!$G$14*0.0842/2 -> 0 | M15: ='A IV.A'!$H$14*0.0842/2 -> 0 | N15: ='A IV.A'!$F$14*0.0842/2 -> 0 | O15: ='A IV.A'!$G$14*0.0842/2 -> 0 | P15: ='A IV.A'!$H$14*0.0842/2 -> 0 | Q15: ='A IV.A'!$F$14*0.09/2 -> 0 | R15: ='A IV.A'!$G$14*0.09/2 -> 0 | S15: ='A IV.A'!$H$14*0.09/2 -> 0 | T15: ='A IV.A'!$F$14*0.09/2 -> 0 | U15: ='A IV.A'!$G$14*0.09/2 -> 0 | V15: ='A IV.A'!$H$14*0.09/2 -> 0
D16: ='A IV.A'!$M$14 -> #DIV/0! | E16: =E14/$D$51 -> #DIV/0! | H16: =H14/$D$51 -> #DIV/0! | K16: =K14/$D$51 -> #DIV/0! | N16: =N14/$D$51 -> #DIV/0! | Q16: =Q14/$D$51 -> #DIV/0! | T16: =T14/$D$51 -> #DIV/0! | W16: =W14/D14 -> #DIV/0!
B17: ='A IV.A'!$A$22 -> 2.0 | C17: ='A IV.A'!$B$22 -> SERVIÇOS INICIAIS | D17: ='A IV.A'!$L$22 -> 0 | E17: =E18+F18+G18 -> 0 | H17: =H18+I18+J18 -> 0 | K17: =K18+L18+M18 -> 0 | N17: =N18+O18+P18 -> 0 | Q17: =Q18+R18+S18 -> 0 | T17: =T18+U18+V18 -> 0 | W17: =N17+Q17+T17+K17+H17+E17 -> 0
E18: ='A IV.A'!$F$22*0.09/2 -> 0 | F18: ='A IV.A'!$G$22*0.09/2 -> 0 | G18: ='A IV.A'!$H$22*0.09/2 -> 0 | H18: ='A IV.A'!$F$22*0.09/2 -> 0 | I18: ='A IV.A'!$G$22*0.09/2 -> 0 | J18: ='A IV.A'!$H$22*0.09/2 -> 0 | K18: ='A IV.A'!$F$22*0.09/2 -> 0 | L18: ='A IV.A'!$G$22*0.09/2 -> 0 | M18: ='A IV.A'!$H$22*0.09/2 -> 0 | N18: ='A IV.A'!$F$22*0.09/2 -> 0 | O18: ='A IV.A'!$G$22*0.09/2 -> 0 | P18: ='A IV.A'!$H$22*0.09/2 -> 0 | Q18: ='A IV.A'!$F$22/12/2 -> 0 | R18: ='A IV.A'!$G$22/12/2 -> 0 | S18: ='A IV.A'!$H$22/12/2 -> 0 | T18: ='A IV.A'!$F$22/12/2 -> 0 | U18: ='A IV.A'!$G$22/12/2 -> 0 | V18: ='A IV.A'!$H$22/12/2 -> 0
D19: ='A IV.A'!$M$22 -> #DIV/0! | E19: =E17/$D$54 -> #DIV/0! | H19: =H17/$D$54 -> #DIV/0! | K19: =K17/$D$54 -> #DIV/0! | N19: =N17/$D$54 -> #DIV/0! | Q19: =Q17/$D$54 -> #DIV/0! | T19: =T17/$D$54 -> #DIV/0! | W19: =W17/D17 -> #DIV/0!
B20: ='A IV.A'!$A$43 -> 3.0 | C20: ='A IV.A'!$B$43 -> FECHAMENTOS, PROTEÇÕES E ALVENARIAS EM GERAL | D20: ='A IV.A'!$L$43 -> 0 | E20: =E21+F21+G21 -> 0 | H20: =H21+I21+J21 -> 0 | K20: =K21+L21+M21 -> 0 | N20: =N21+O21+P21 -> 0 | Q20: =Q21+R21+S21 -> 0 | T20: =T21+U21+V21 -> 0 | W20: =N20+Q20+T20+K20+H20+E20 -> 0
E21: ='A IV.A'!$F$43*0.09/2 -> 0 | F21: ='A IV.A'!$G$43*0.09/2 -> 0 | G21: ='A IV.A'!$H$43*0.09/2 -> 0 | H21: ='A IV.A'!$F$43*0.1/2 -> 0 | I21: ='A IV.A'!$G$43*0.1/2 -> 0 | J21: ='A IV.A'!$H$43*0.1/2 -> 0 | K21: ='A IV.A'!$F$43*0.11/2 -> 0 | L21: ='A IV.A'!$G$43*0.11/2 -> 0 | M21: ='A IV.A'!$H$43*0.11/2 -> 0 | N21: ='A IV.A'!$F$43*0.11/2 -> 0 | O21: ='A IV.A'!$G$43*0.11/2 -> 0 | P21: ='A IV.A'!$H$43*0.11/2 -> 0 | Q21: ='A IV.A'!$F$43*0.1/2 -> 0 | R21: ='A IV.A'!$G$43*0.1/2 -> 0 | S21: ='A IV.A'!$H$43*0.1/2 -> 0 | T21: ='A IV.A'!$F$43*0.09/2 -> 0 | U21: ='A IV.A'!$G$43*0.09/2 -> 0 | V21: ='A IV.A'!$H$43*0.09/2 -> 0
D22: ='A IV.A'!$M$43 -> #DIV/0! | E22: =E20/$D$57 -> #DIV/0! | H22: =H20/$D$57 -> #DIV/0! | K22: =K20/$D$57 -> #DIV/0! | N22: =N20/$D$57 -> #DIV/0! | Q22: =Q20/$D$57 -> #DIV/0! | T22: =T20/$D$57 -> #DIV/0! | W22: =W20/D20 -> #DIV/0!
B23: ='A IV.A'!$A$112 -> 4.0 | C23: ='A IV.A'!$B$112 -> FORNECIMENTO E INSTALAÇÕES HIDRAULICAS - ITEM 9.0 DO TERMO DE REFERÊNCIA | D23: ='A IV.A'!$L$112 -> 0 | E23: =E24+F24+G24 -> 0 | H23: =H24+I24+J24 -> 0 | K23: =K24+L24+M24 -> 0 | N23: =N24+O24+P24 -> 0 | Q23: =Q24+R24+S24 -> 0 | T23: =T24+U24+V24 -> 0 | W23: =N23+Q23+T23+K23+H23+E23 -> 0
E24: ='A IV.A'!$F$112/12/2 -> 0 | F24: ='A IV.A'!$G$112/12/2 -> 0 | G24: ='A IV.A'!$H$112/12/2 -> 0 | H24: ='A IV.A'!$F$112/12/2 -> 0 | I24: ='A IV.A'!$G$112/12/2 -> 0 | J24: ='A IV.A'!$H$112/12/2 -> 0 | K24: ='A IV.A'!$F$112/12/2 -> 0 | L24: ='A IV.A'!$G$112/12/2 -> 0 | M24: ='A IV.A'!$H$112/12/2 -> 0 | N24: ='A IV.A'!$F$112/12/2 -> 0 | O24: ='A IV.A'!$G$112/12/2 -> 0 | P24: ='A IV.A'!$H$112/12/2 -> 0 | Q24: ='A IV.A'!$F$112/12/2 -> 0 | R24: ='A IV.A'!$G$112/12/2 -> 0 | S24: ='A IV.A'!$H$112/12/2 -> 0 | T24: ='A IV.A'!$F$112/12/2 -> 0 | U24: ='A IV.A'!$G$112/12/2 -> 0 | V24: ='A IV.A'!$H$112/12/2 -> 0
D25: ='A IV.A'!$M$112 -> #DIV/0! | E25: =E23/$D$60 -> #DIV/0! | H25: =H23/$D$60 -> #DIV/0! | K25: =K23/$D$60 -> #DIV/0! | N25: =N23/$D$60 -> #DIV/0! | Q25: =Q23/$D$60 -> #DIV/0! | T25: =T23/$D$60 -> #DIV/0! | W25: =W23/D23 -> #DIV/0!
B26: ='A IV.A'!$A$126 -> 5.0 | C26: ='A IV.A'!$B$126 -> RECUPERAÇÃO E TRATAMENTO DE SUPERFÍCIES EM CONCRETO ARMADO - ITEM 10.0 DO TERMO DE REFERÊNCIA | D26: ='A IV.A'!$L$126 -> 0 | E26: =E27+F27+G27 -> 0 | H26: =H27+I27+J27 -> 0 | K26: =K27+L27+M27 -> 0 | N26: =N27+O27+P27 -> 0 | Q26: =Q27+R27+S27 -> 0 | T26: =T27+U27+V27 -> 0 | W26: =N26+Q26+T26+K26+H26+E26 -> 0
E27: ='A IV.A'!$F$126/12/2 -> 0 | F27: ='A IV.A'!$G$126/12/2 -> 0 | G27: ='A IV.A'!$H$126/12/2 -> 0 | H27: ='A IV.A'!$F$126/12/2 -> 0 | I27: ='A IV.A'!$G$126/12/2 -> 0 | J27: ='A IV.A'!$H$126/12/2 -> 0 | K27: ='A IV.A'!$F$126/12/2 -> 0 | L27: ='A IV.A'!$G$126/12/2 -> 0 | M27: ='A IV.A'!$H$126/12/2 -> 0 | N27: ='A IV.A'!$F$126/12/2 -> 0 | O27: ='A IV.A'!$G$126/12/2 -> 0 | P27: ='A IV.A'!$H$126/12/2 -> 0 | Q27: ='A IV.A'!$F$126/12/2 -> 0 | R27: ='A IV.A'!$G$126/12/2 -> 0 | S27: ='A IV.A'!$H$126/12/2 -> 0 | T27: ='A IV.A'!$F$126/12/2 -> 0 | U27: ='A IV.A'!$G$126/12/2 -> 0 | V27: ='A IV.A'!$H$126/12/2 -> 0
D28: ='A IV.A'!$M$126 -> #DIV/0! | E28: =E26/$D$63 -> #DIV/0! | H28: =H26/$D$63 -> #DIV/0! | K28: =K26/$D$63 -> #DIV/0! | N28: =N26/$D$63 -> #DIV/0! | Q28: =Q26/$D$63 -> #DIV/0! | T28: =T26/$D$63 -> #DIV/0! | W28: =W26/D26 -> #DIV/0!
B29: ='A IV.A'!$A$134 -> 6.0 | C29: ='A IV.A'!$B$134 -> PINTURAS - ITEM 11.0 DO TERMO DE REFERÊNCIA | D29: ='A IV.A'!$L$134 -> 0 | E29: =E30+F30+G30 -> 0 | H29: =H30+I30+J30 -> 0 | K29: =K30+L30+M30 -> 0 | N29: =N30+O30+P30 -> 0 | Q29: =Q30+R30+S30 -> 0 | T29: =T30+U30+V30 -> 0 | W29: =N29+Q29+T29+K29+H29+E29 -> 0
E30: ='A IV.A'!$F$134*0.085/2 -> 0 | F30: ='A IV.A'!$G$134*0.085/2 -> 0 | G30: ='A IV.A'!$H$134*0.085/2 -> 0 | H30: ='A IV.A'!$F$134*0.085/2 -> 0 | I30: ='A IV.A'!$G$134*0.085/2 -> 0 | J30: ='A IV.A'!$H$134*0.085/2 -> 0 | K30: ='A IV.A'!$F$134*0.085/2 -> 0 | L30: ='A IV.A'!$G$134*0.085/2 -> 0 | M30: ='A IV.A'!$H$134*0.085/2 -> 0 | N30: ='A IV.A'!$F$134*0.085/2 -> 0 | O30: ='A IV.A'!$G$134*0.085/2 -> 0 | P30: ='A IV.A'!$H$134*0.085/2 -> 0 | Q30: ='A IV.A'!$F$134*0.08/2 -> 0 | R30: ='A IV.A'!$G$134*0.08/2 -> 0 | S30: ='A IV.A'!$H$134*0.08/2 -> 0 | T30: ='A IV.A'!$F$134*0.08/2 -> 0 | U30: ='A IV.A'!$G$134*0.08/2 -> 0 | V30: ='A IV.A'!$H$134*0.08/2 -> 0
D31: ='A IV.A'!$M$134 -> #DIV/0! | E31: =E29/$D$66 -> #DIV/0! | H31: =H29/$D$66 -> #DIV/0! | K31: =K29/$D$66 -> #DIV/0! | N31: =N29/$D$66 -> #DIV/0! | Q31: =Q29/$D$66 -> #DIV/0! | T31: =T29/$D$66 -> #DIV/0! | W31: =W29/D29 -> #DIV/0!
B32: ='A IV.A'!$A$155 -> 7.0 | C32: ='A IV.A'!$B$155 -> SERVIÇOS COMPLEMENTARES - ITEM 12.0 DO TERMO DE REFERÊNCIA | D32: ='A IV.A'!$L$155 -> 0 | E32: =E33+F33+G33 -> 0 | H32: =H33+I33+J33 -> 0 | K32: =K33+L33+M33 -> 0 | N32: =N33+O33+P33 -> 0 | Q32: =Q33+R33+S33 -> 0 | T32: =T33+U33+V33 -> 0 | W32: =N32+Q32+T32+K32+H32+E32 -> 0
E33: ='A IV.A'!$F$155*0.08/2 -> 0 | F33: ='A IV.A'!$G$155*0.08/2 -> 0 | G33: ='A IV.A'!$H$155*0.08/2 -> 0 | H33: ='A IV.A'!$F$155/12/2 -> 0 | I33: ='A IV.A'!$G$155/12/2 -> 0 | J33: ='A IV.A'!$H$155/12/2 -> 0 | K33: ='A IV.A'!$F$155/12/2 -> 0 | L33: ='A IV.A'!$G$155/12/2 -> 0 | M33: ='A IV.A'!$H$155/12/2 -> 0 | N33: ='A IV.A'!$F$155/12/2 -> 0 | O33: ='A IV.A'!$G$155/12/2 -> 0 | P33: ='A IV.A'!$H$155/12/2 -> 0 | Q33: ='A IV.A'!$F$155*0.12/2 -> 0 | R33: ='A IV.A'!$G$155*0.12/2 -> 0 | S33: ='A IV.A'!$H$155*0.12/2 -> 0 | T33: ='A IV.A'!$F$155*0.12/2 -> 0 | U33: ='A IV.A'!$G$155*0.12/2 -> 0 | V33: ='A IV.A'!$H$155*0.12/2 -> 0
D34: ='A IV.A'!$M$155 -> #DIV/0! | E34: =E32/$D$69 -> #DIV/0! | H34: =H32/$D$69 -> #DIV/0! | K34: =K32/$D$69 -> #DIV/0! | N34: =N32/$D$69 -> #DIV/0! | Q34: =Q32/$D$69 -> #DIV/0! | T34: =T32/$D$69 -> #DIV/0! | W34: =W32/D32 -> #DIV/0!
B36: MEDIÇÃO MENSAL | D36: =D14+D17+D20+D23+D26+D29+D32 -> 0 | E36: =E37+F37+G37 -> 0 | H36: =H37+I37+J37 -> 0 | K36: =K37+L37+M37 -> 0 | N36: =N37+O37+P37 -> 0 | Q36: =Q37+R37+S37 -> 0 | T36: =T37+U37+V37 -> 0 | W36: =W14+W17+W20+W23+W26+W29+W32 -> 0
E37: =E27+E24+E21+E18+E15+E30+E33 -> 0 | F37: =F27+F24+F21+F18+F15+F30+F33 -> 0 | G37: =G27+G24+G21+G18+G15+G30+G33 -> 0 | H37: =H27+H24+H21+H18+H15+H30+H33 -> 0 | I37: =I27+I24+I21+I18+I15+I30+I33 -> 0 | J37: =J27+J24+J21+J18+J15+J30+J33 -> 0 | K37: =K27+K24+K21+K18+K15+K30+K33 -> 0 | L37: =L27+L24+L21+L18+L15+L30+L33 -> 0 | ... V37: =V27+V24+V21+V18+V15+V30+V33 -> 0
D38: =D16+D19+D22+D25+D28+D31+D34 -> #DIV/0! | E38: =ROUND(E36/$D$36,6) -> #DIV/0! | H38: =ROUND(H36/$D$36,6) -> #DIV/0! | K38: =ROUND(K36/$D$36,6) -> #DIV/0! | N38: =ROUND(N36/$D$36,6) -> #DIV/0! | Q38: =ROUND(Q36/$D$36,6) -> #DIV/0! | T38: =ROUND(T36/$D$36,6) -> #DIV/0! | W38: =ROUND(N38+Q38+T38+K38+H38+E38,6) -> #DIV/0!
B40: MEDIÇÕES MENSAIS ACUMULADAS | D40: R$ | E40: =E36 -> 0 | H40: =H36+E40 -> 0 | K40: =K36+H40 -> 0 | N40: =N36+K40 -> 0 | Q40: =Q36+N40 -> 0 | T40: =T36+Q40 -> 0
B41: MEDIÇÕES MENSAIS ACUMULADAS | D41: R$ | E41: =E37 -> 0 | F41: =F37 -> 0 | G41: =G37 -> 0 | H41: =H37+E41 -> 0 | I41: =I37+F41 -> 0 | J41: =J37+G41 -> 0 | K41: =K37+H41 -> 0 | L41: =L37+I41 -> 0 | M41: =M37+J41 -> 0 | N41: =N37+K41 -> 0 | O41: =O37+L41 -> 0 | ... V41: =V37+S41 -> 0
B42: SALDO CONTRATUAL | D42: R$ | E42: =$D$36-E40 -> 0 | H42: =$D$36-H40 -> 0 | K42: =$D$36-K40 -> 0 | N42: =$D$36-N40 -> 0 | Q42: =$D$36-Q40 -> 0 | T42: =$D$36-T40 -> 0
B43: SALDO CONTRATUAL | D43: R$ | E43: ='A IV.A'!$L$175-E41 -> 0 | F43: ='A IV.A'!$L$176-F41 -> 0 | G43: ='A IV.A'!$L$177-G41 -> 0 | H43: ='A IV.A'!$L$175-H41 -> 0 | I43: ='A IV.A'!$L$176-I41 -> 0 | J43: ='A IV.A'!$L$177-J41 -> 0 | K43: ='A IV.A'!$L$175-K41 -> 0 | L43: ='A IV.A'!$L$176-L41 -> 0 | M43: ='A IV.A'!$L$177-M41 -> 0 | N43: ='A IV.A'!$L$175-N41 -> 0 | O43: ='A IV.A'!$L$176-O41 -> 0 | P43: ='A IV.A'!$L$177-P41 -> 0 | Q43: ='A IV.A'!$L$175-Q41 -> 0 | R43: ='A IV.A'!$L$176-R41 -> 0 | S43: ='A IV.A'!$L$177-S41 -> 0 | T43: ='A IV.A'!$L$175-T41 -> 0 | U43: ='A IV.A'!$L$176-U41 -> 0 | V43: ='A IV.A'!$L$177-V41 -> 0
B47: ='A IV.A'!A203 -> Valor Total
E49: 7º MÊS | H49: 8º MÊS | K49: 9º MÊS | N49: 10º MÊS | Q49: 11º MÊS | T49: 12º MÊS
E50: MAT | F50: EQUIP | G50: MO | H50: MAT | I50: EQUIP | J50: MO | K50: MAT | L50: EQUIP | M50: MO | N50: MAT | O50: EQUIP | P50: MO | Q50: MAT | R50: EQUIP | S50: MO | T50: MAT | U50: EQUIP | V50: MO
B51: ='A IV.A'!$A$14 -> 1.0 | C51: ='A IV.A'!$B$14 -> CANTEIRO DE OBRAS | D51: ='A IV.A'!$L$14 -> 0 | E51: =E52+F52+G52 -> 0 | H51: =H52+I52+J52 -> 0 | K51: =K52+L52+M52 -> 0 | N51: =N52+O52+P52 -> 0 | Q51: =Q52+R52+S52 -> 0 | T51: =T52+U52+V52 -> 0 | W51: =N51+Q51+T51+K51+H51+E51+W14 -> 0
E52: ='A IV.A'!$F$14*0.09/2 -> 0 | F52: ='A IV.A'!$G$14*0.09/2 -> 0 | G52: ='A IV.A'!$H$14*0.09/2 -> 0 | H52: ='A IV.A'!$F$14*0.0811/2 -> 0 | I52: ='A IV.A'!$G$14*0.0811/2 -> 0 | J52: ='A IV.A'!$H$14*0.0811/2 -> 0 | K52: ='A IV.A'!$F$14*0.0811/2 -> 0 | L52: ='A IV.A'!$G$14*0.0811/2 -> 0 | M52: ='A IV.A'!$H$14*0.0811/2 -> 0 | N52: ='A IV.A'!$F$14*0.0811/2 -> 0 | O52: ='A IV.A'!$G$14*0.0811/2 -> 0 | P52: ='A IV.A'!$H$14*0.0811/2 -> 0 | Q52: ='A IV.A'!$F$14*0.0811/2 -> 0 | R52: ='A IV.A'!$G$14*0.0811/2 -> 0 | S52: ='A IV.A'!$H$14*0.0811/2 -> 0 | T52: ='A IV.A'!$F$14*0.0711/2 -> 0 | U52: ='A IV.A'!$G$14*0.0711/2 -> 0 | V52: ='A IV.A'!$H$14*0.0711/2 -> 0
D53: ='A IV.A'!$M$14 -> #DIV/0! | E53: =E51/$D$51 -> #DIV/0! | H53: =H51/$D$51 -> #DIV/0! | K53: =K51/$D$51 -> #DIV/0! | N53: =N51/$D$51 -> #DIV/0! | Q53: =Q51/$D$51 -> #DIV/0! | T53: =T51/$D$51 -> #DIV/0! | W53: =W51/D51 -> #DIV/0!
B54: ='A IV.A'!$A$22 -> 2.0 | C54: ='A IV.A'!$B$22 -> SERVIÇOS INICIAIS | D54: ='A IV.A'!$L$22 -> 0 | E54: =E55+F55+G55 -> 0 | H54: =H55+I55+J55 -> 0 | K54: =K55+L55+M55 -> 0 | N54: =N55+O55+P55 -> 0 | Q54: =Q55+R55+S55 -> 0 | T54: =T55+U55+V55 -> 0 | W54: =N54+Q54+T54+K54+H54+E54+W17 -> 0
E55: ='A IV.A'!$F$22/12/2 -> 0 | F55: ='A IV.A'!$G$22/12/2 -> 0 | G55: ='A IV.A'!$H$22/12/2 -> 0 | H55: ='A IV.A'!$F$22/12/2 -> 0 | I55: ='A IV.A'!$G$22/12/2 -> 0 | J55: ='A IV.A'!$H$22/12/2 -> 0 | K55: ='A IV.A'!$F$22/12/2 -> 0 | L55: ='A IV.A'!$G$22/12/2 -> 0 | M55: ='A IV.A'!$H$22/12/2 -> 0 | N55: ='A IV.A'!$F$22/12/2 -> 0 | O55: ='A IV.A'!$G$22/12/2 -> 0 | P55: ='A IV.A'!$H$22/12/2 -> 0 | Q55: ='A IV.A'!$F$22/12/2 -> 0 | R55: ='A IV.A'!$G$22/12/2 -> 0 | S55: ='A IV.A'!$H$22/12/2 -> 0 | T55: ='A IV.A'!$F$22/2-Q55-N55-K55-H55-E55-T18-Q18-N18-K18-H18-E18 -> 0 | U55: ='A IV.A'!$G$22/2-R55-O55-L55-I55-F55-U18-R18-O18-L18-I18-F18 -> 0 | V55: ='A IV.A'!$H$22/2-S55-P55-M55-J55-G55-V18-S18-P18-M18-J18-G18 -> 0
D56: ='A IV.A'!$M$22 -> #DIV/0! | E56: =E54/$D$54 -> #DIV/0! | H56: =H54/$D$54 -> #DIV/0! | K56: =K54/$D$54 -> #DIV/0! | N56: =N54/$D$54 -> #DIV/0! | Q56: =Q54/$D$54 -> #DIV/0! | T56: =T54/$D$54 -> #DIV/0! | W56: =W54/D54 -> #DIV/0!
B57: ='A IV.A'!$A$43 -> 3.0 | C57: ='A IV.A'!$B$43 -> FECHAMENTOS, PROTEÇÕES E ALVENARIAS EM GERAL | D57: ='A IV.A'!$L$43 -> 0 | E57: =E58+F58+G58 -> 0 | H57: =H58+I58+J58 -> 0 | K57: =K58+L58+M58 -> 0 | N57: =N58+O58+P58 -> 0 | Q57: =Q58+R58+S58 -> 0 | T57: =T58+U58+V58 -> 0 | W57: =N57+Q57+T57+K57+H57+E57+W20 -> 0
E58: ='A IV.A'!$F$43*0.09/2 -> 0 | F58: ='A IV.A'!$G$43*0.09/2 -> 0 | G58: ='A IV.A'!$H$43*0.09/2 -> 0 | H58: ='A IV.A'!$F$43*0.1/2 -> 0 | I58: ='A IV.A'!$G$43*0.1/2 -> 0 | J58: ='A IV.A'!$H$43*0.1/2 -> 0 | K58: ='A IV.A'!$F$43*0.11/2 -> 0 | L58: ='A IV.A'!$G$43*0.11/2 -> 0 | M58: ='A IV.A'!$H$43*0.11/2 -> 0 | N58: ='A IV.A'!$F$43*0.11/2 -> 0 | O58: ='A IV.A'!$G$43*0.11/2 -> 0 | P58: ='A IV.A'!$H$43*0.11/2 -> 0 | Q58: ='A IV.A'!$F$43*0.1/2 -> 0 | R58: ='A IV.A'!$G$43*0.1/2 -> 0 | S58: ='A IV.A'!$H$43*0.1/2 -> 0 | T58: ='A IV.A'!$F$43*0.09/2 -> 0 | U58: ='A IV.A'!$G$43*0.09/2 -> 0 | V58: ='A IV.A'!$H$43*0.09/2 -> 0
D59: ='A IV.A'!$M$43 -> #DIV/0! | E59: =E57/$D$57 -> #DIV/0! | H59: =H57/$D$57 -> #DIV/0! | K59: =K57/$D$57 -> #DIV/0! | N59: =N57/$D$57 -> #DIV/0! | Q59: =Q57/$D$57 -> #DIV/0! | T59: =T57/$D$57 -> #DIV/0! | W59: =W57/D57 -> #DIV/0!
B60: ='A IV.A'!$A$112 -> 4.0 | C60: ='A IV.A'!$B$112 -> FORNECIMENTO E INSTALAÇÕES HIDRAULICAS - ITEM 9.0 DO TERMO DE REFERÊNCIA | D60: ='A IV.A'!$L$112 -> 0 | E60: =E61+F61+G61 -> 0 | H60: =H61+I61+J61 -> 0 | K60: =K61+L61+M61 -> 0 | N60: =N61+O61+P61 -> 0 | Q60: =Q61+R61+S61 -> 0 | T60: =T61+U61+V61 -> 0 | W60: =N60+Q60+T60+K60+H60+E60+W23 -> 0
E61: ='A IV.A'!$F$112/12/2 -> 0 | F61: ='A IV.A'!$G$112/12/2 -> 0 | G61: ='A IV.A'!$H$112/12/2 -> 0 | H61: ='A IV.A'!$F$112/12/2 -> 0 | I61: ='A IV.A'!$G$112/12/2 -> 0 | J61: ='A IV.A'!$H$112/12/2 -> 0 | K61: ='A IV.A'!$F$112/12/2 -> 0 | L61: ='A IV.A'!$G$112/12/2 -> 0 | M61: ='A IV.A'!$H$112/12/2 -> 0 | N61: ='A IV.A'!$F$112/12/2 -> 0 | O61: ='A IV.A'!$G$112/12/2 -> 0 | P61: ='A IV.A'!$H$112/12/2 -> 0 | Q61: ='A IV.A'!$F$112/12/2 -> 0 | R61: ='A IV.A'!$G$112/12/2 -> 0 | S61: ='A IV.A'!$H$112/12/2 -> 0 | T61: ='A IV.A'!$F$112/2-Q61-N61-K61-H61-E61-T24-Q24-N24-K24-H24-E24 -> 0 | U61: ='A IV.A'!$G$112/2-R61-O61-L61-I61-F61-U24-R24-O24-L24-I24-F24 -> 0 | V61: ='A IV.A'!$H$112/2-S61-P61-M61-J61-G61-V24-S24-P24-M24-J24-G24 -> 0
D62: ='A IV.A'!$M$112 -> #DIV/0! | E62: =E60/$D$60 -> #DIV/0! | H62: =H60/$D$60 -> #DIV/0! | K62: =K60/$D$60 -> #DIV/0! | N62: =N60/$D$60 -> #DIV/0! | Q62: =Q60/$D$60 -> #DIV/0! | T62: =T60/$D$60 -> #DIV/0! | W62: =W60/D60 -> #DIV/0!
B63: ='A IV.A'!$A$126 -> 5.0 | C63: ='A IV.A'!$B$126 -> RECUPERAÇÃO E TRATAMENTO DE SUPERFÍCIES EM CONCRETO ARMADO - ITEM 10.0 DO TERMO DE REFERÊNCIA | D63: ='A IV.A'!$L$126 -> 0 | E63: =E64+F64+G64 -> 0 | H63: =H64+I64+J64 -> 0 | K63: =K64+L64+M64 -> 0 | N63: =N64+O64+P64 -> 0 | Q63: =Q64+R64+S64 -> 0 | T63: =T64+U64+V64 -> 0 | W63: =N63+Q63+T63+K63+H63+E63+W26 -> 0
E64: ='A IV.A'!$F$126/12/2 -> 0 | F64: ='A IV.A'!$G$126/12/2 -> 0 | G64: ='A IV.A'!$H$126/12/2 -> 0 | H64: ='A IV.A'!$F$126/12/2 -> 0 | I64: ='A IV.A'!$G$126/12/2 -> 0 | J64: ='A IV.A'!$H$126/12/2 -> 0 | K64: ='A IV.A'!$F$126/12/2 -> 0 | L64: ='A IV.A'!$G$126/12/2 -> 0 | M64: ='A IV.A'!$H$126/12/2 -> 0 | N64: ='A IV.A'!$F$126/12/2 -> 0 | O64: ='A IV.A'!$G$126/12/2 -> 0 | P64: ='A IV.A'!$H$126/12/2 -> 0 | Q64: ='A IV.A'!$F$126/12/2 -> 0 | R64: ='A IV.A'!$G$126/12/2 -> 0 | S64: ='A IV.A'!$H$126/12/2 -> 0 | T64: ='A IV.A'!$F$126/2-Q64-N64-K64-H64-E64-T27-Q27-N27-K27-H27-E27 -> 0 | U64: ='A IV.A'!$G$126/2-R64-O64-L64-I64-F64-U27-R27-O27-L27-I27-F27 -> 0 | V64: ='A IV.A'!$H$126/2-S64-P64-M64-J64-G64-V27-S27-P27-M27-J27-G27 -> 0
D65: ='A IV.A'!$M$126 -> #DIV/0! | E65: =E63/$D$63 -> #DIV/0! | H65: =H63/$D$63 -> #DIV/0! | K65: =K63/$D$63 -> #DIV/0! | N65: =N63/$D$63 -> #DIV/0! | Q65: =Q63/$D$63 -> #DIV/0! | T65: =T63/$D$63 -> #DIV/0! | W65: =W63/D63 -> #DIV/0!
B66: ='A IV.A'!$A$134 -> 6.0 | C66: ='A IV.A'!$B$134 -> PINTURAS - ITEM 11.0 DO TERMO DE REFERÊNCIA | D66: ='A IV.A'!$L$134 -> 0 | E66: =E67+F67+G67 -> 0 | H66: =H67+I67+J67 -> 0 | K66: =K67+L67+M67 -> 0 | N66: =N67+O67+P67 -> 0 | Q66: =Q67+R67+S67 -> 0 | T66: =T67+U67+V67 -> 0 | W66: =N66+Q66+T66+K66+H66+E66+W29 -> 0
E67: ='A IV.A'!$F$134*0.08/2 -> 0 | F67: ='A IV.A'!$G$134*0.08/2 -> 0 | G67: ='A IV.A'!$H$134*0.08/2 -> 0 | H67: ='A IV.A'!$F$134/12/2 -> 0 | I67: ='A IV.A'!$G$134/12/2 -> 0 | J67: ='A IV.A'!$H$134/12/2 -> 0 | K67: ='A IV.A'!$F$134/12/2 -> 0 | L67: ='A IV.A'!$G$134/12/2 -> 0 | M67: ='A IV.A'!$H$134/12/2 -> 0 | N67: ='A IV.A'!$F$134/12/2 -> 0 | O67: ='A IV.A'!$G$134/12/2 -> 0 | P67: ='A IV.A'!$H$134/12/2 -> 0 | Q67: ='A IV.A'!$F$134/12/2 -> 0 | R67: ='A IV.A'!$G$134/12/2 -> 0 | S67: ='A IV.A'!$H$134/12/2 -> 0 | T67: ='A IV.A'!$F$134/2-Q67-N67-K67-H67-E67-T30-Q30-N30-K30-H30-E30 -> 0 | U67: ='A IV.A'!$G$134/2-R67-O67-L67-I67-F67-U30-R30-O30-L30-I30-F30 -> 0 | V67: ='A IV.A'!$H$134/2-S67-P67-M67-J67-G67-V30-S30-P30-M30-J30-G30 -> 0
D68: ='A IV.A'!$M$134 -> #DIV/0! | E68: =E66/$D$66 -> #DIV/0! | H68: =H66/$D$66 -> #DIV/0! | K68: =K66/$D$66 -> #DIV/0! | N68: =N66/$D$66 -> #DIV/0! | Q68: =Q66/$D$66 -> #DIV/0! | T68: =T66/$D$66 -> #DIV/0! | W68: =W66/D66 -> #DIV/0!
B69: ='A IV.A'!$A$155 -> 7.0 | C69: ='A IV.A'!$B$155 -> SERVIÇOS COMPLEMENTARES - ITEM 12.0 DO TERMO DE REFERÊNCIA | D69: ='A IV.A'!$L$155 -> 0 | E69: =E70+F70+G70 -> 0 | H69: =H70+I70+J70 -> 0 | K69: =K70+L70+M70 -> 0 | N69: =N70+O70+P70 -> 0 | Q69: =Q70+R70+S70 -> 0 | T69: =T70+U70+V70 -> 0 | W69: =N69+Q69+T69+K69+H69+E69+W32 -> 0
E70: ='A IV.A'!$F$155*0.12/2 -> 0 | F70: ='A IV.A'!$G$155*0.12/2 -> 0 | G70: ='A IV.A'!$H$155*0.12/2 -> 0 | H70: ='A IV.A'!$F$155*0.07/2 -> 0 | I70: ='A IV.A'!$G$155*0.07/2 -> 0 | J70: ='A IV.A'!$H$155*0.07/2 -> 0 | K70: ='A IV.A'!$F$155*0.07/2 -> 0 | L70: ='A IV.A'!$G$155*0.07/2 -> 0 | M70: ='A IV.A'!$H$155*0.07/2 -> 0 | N70: ='A IV.A'!$F$155*0.07/2 -> 0 | O70: ='A IV.A'!$G$155*0.07/2 -> 0 | P70: ='A IV.A'!$H$155*0.07/2 -> 0 | Q70: ='A IV.A'!$F$155*0.07/2 -> 0 | R70: ='A IV.A'!$G$155*0.07/2 -> 0 | S70: ='A IV.A'!$H$155*0.07/2 -> 0 | T70: =Q70 -> 0 | U70: =R70 -> 0 | V70: =S70 -> 0
D71: ='A IV.A'!$M$155 -> #DIV/0! | E71: =E69/$D$69 -> #DIV/0! | H71: =H69/$D$69 -> #DIV/0! | K71: =K69/$D$69 -> #DIV/0! | N71: =N69/$D$69 -> #DIV/0! | Q71: =Q69/$D$69 -> #DIV/0! | T71: =T69/$D$69 -> #DIV/0! | W71: =W69/D69 -> #DIV/0!
B73: MEDIÇÃO MENSAL | D73: =D51+D54+D57+D60+D63+D66+D69 -> 0 | E73: =E74+F74+G74 -> 0 | H73: =H74+I74+J74 -> 0 | K73: =K74+L74+M74 -> 0 | N73: =N74+O74+P74 -> 0 | Q73: =Q74+R74+S74 -> 0 | T73: =T74+U74+V74 -> 0 | W73: =W51+W54+W57+W60+W63+W66+W69 -> 0
E74: =E64+E61+E58+E55+E52+E67+E70 -> 0 | F74: =F64+F61+F58+F55+F52+F67+F70 -> 0 | G74: =G64+G61+G58+G55+G52+G67+G70 -> 0 | H74: =H64+H61+H58+H55+H52+H67+H70 -> 0 | I74: =I64+I61+I58+I55+I52+I67+I70 -> 0 | J74: =J64+J61+J58+J55+J52+J67+J70 -> 0 | K74: =K64+K61+K58+K55+K52+K67+K70 -> 0 | L74: =L64+L61+L58+L55+L52+L67+L70 -> 0 | ... V74: =V64+V61+V58+V55+V52+V67+V70 -> 0
D75: =D53+D56+D59+D62+D65+D68+D71 -> #DIV/0! | E75: =ROUND(E73/$D$36,6) -> #DIV/0! | H75: =ROUND(H73/$D$36,6) -> #DIV/0! | K75: =ROUND(K73/$D$36,6) -> #DIV/0! | N75: =ROUND(N73/$D$36,6) -> #DIV/0! | Q75: =ROUND(Q73/$D$36,6) -> #DIV/0! | T75: =ROUND(T73/$D$36,6) -> #DIV/0! | W75: =ROUND(N75+Q75+T75+K75+H75+E75+W38,6) -> #DIV/0!
B77: MEDIÇÕES MENSAIS ACUMULADAS | D77: R$ | E77: =E73+T40 -> 0 | H77: =H73+E77 -> 0 | K77: =K73+H77 -> 0 | N77: =N73+K77 -> 0 | Q77: =Q73+N77 -> 0 | T77: =T73+Q77 -> 0
B78: MEDIÇÕES MENSAIS ACUMULADAS | D78: R$ | E78: =E74+T41 -> 0 | F78: =F74+U41 -> 0 | G78: =G74+V41 -> 0 | H78: =H74+E78 -> 0 | I78: =I74+F78 -> 0 | J78: =J74+G78 -> 0 | K78: =K74+H78 -> 0 | L78: =L74+I78 -> 0 | M78: =M74+J78 -> 0 | N78: =N74+K78 -> 0 | O78: =O74+L78 -> 0 | ... V78: =V74+S78 -> 0
B79: SALDO CONTRATUAL | D79: R$ | E79: =$D$36-E77 -> 0 | H79: =$D$36-H77 -> 0 | K79: =$D$36-K77 -> 0 | N79: =$D$36-N77 -> 0 | Q79: =$D$36-Q77 -> 0 | T79: =$D$36-T77 -> 0
B80: SALDO CONTRATUAL | D80: R$ | E80: ='A IV.A'!$L$175-E78 -> 0 | F80: ='A IV.A'!$L$176-F78 -> 0 | G80: ='A IV.A'!$L$177-G78 -> 0 | H80: ='A IV.A'!$L$175-H78 -> 0 | I80: ='A IV.A'!$L$176-I78 -> 0 | J80: ='A IV.A'!$L$177-J78 -> 0 | K80: ='A IV.A'!$L$175-K78 -> 0 | L80: ='A IV.A'!$L$176-L78 -> 0 | M80: ='A IV.A'!$L$177-M78 -> 0 | N80: ='A IV.A'!$L$175-N78 -> 0 | O80: ='A IV.A'!$L$176-O78 -> 0 | P80: ='A IV.A'!$L$177-P78 -> 0 | Q80: ='A IV.A'!$L$175-Q78 -> 0 | R80: ='A IV.A'!$L$176-R78 -> 0 | S80: ='A IV.A'!$L$177-S78 -> 0 | T80: ='A IV.A'!$L$175-T78 -> 0 | U80: ='A IV.A'!$L$176-U78 -> 0 | V80: ='A IV.A'!$L$177-V78 -> 0
B84: =B47 -> Valor Total
E86: 13º MÊS | H86: 14º MÊS | K86: 15º MÊS | N86: 16º MÊS | Q86: 17º MÊS | T86: 18º MÊS
E87: MAT | F87: EQUIP | G87: MO | H87: MAT | I87: EQUIP | J87: MO | K87: MAT | L87: EQUIP | M87: MO | N87: MAT | O87: EQUIP | P87: MO | Q87: MAT | R87: EQUIP | S87: MO | T87: MAT | U87: EQUIP | V87: MO
B88: ='A IV.A'!$A$14 -> 1.0 | C88: ='A IV.A'!$B$14 -> CANTEIRO DE OBRAS | D88: ='A IV.A'!$L$14 -> 0 | E88: =E89+F89+G89 -> 0 | H88: =H89+I89+J89 -> 0 | K88: =K89+L89+M89 -> 0 | N88: =N89+O89+P89 -> 0 | Q88: =Q89+R89+S89 -> 0 | T88: =T89+U89+V89 -> 0 | W88: =N88+Q88+T88+K88+H88+E88+W51 -> 0
E89: ='A IV.A'!$F$14*0.0819/2 -> 0 | F89: ='A IV.A'!$G$14*0.0819/2 -> 0 | G89: ='A IV.A'!$H$14*0.0819/2 -> 0 | H89: ='A IV.A'!$F$14*0.0842/2 -> 0 | I89: ='A IV.A'!$G$14*0.0842/2 -> 0 | J89: ='A IV.A'!$H$14*0.0842/2 -> 0 | K89: ='A IV.A'!$F$14*0.0842/2 -> 0 | L89: ='A IV.A'!$G$14*0.0842/2 -> 0 | M89: ='A IV.A'!$H$14*0.0842/2 -> 0 | N89: ='A IV.A'!$F$14*0.0842/2 -> 0 | O89: ='A IV.A'!$G$14*0.0842/2 -> 0 | P89: ='A IV.A'!$H$14*0.0842/2 -> 0 | Q89: ='A IV.A'!$F$14*0.09/2 -> 0 | R89: ='A IV.A'!$G$14*0.09/2 -> 0 | S89: ='A IV.A'!$H$14*0.09/2 -> 0 | T89: ='A IV.A'!$F$14*0.09/2 -> 0 | U89: ='A IV.A'!$G$14*0.09/2 -> 0 | V89: ='A IV.A'!$H$14*0.09/2 -> 0
D90: ='A IV.A'!$M$14 -> #DIV/0! | E90: =E88/$D$51 -> #DIV/0! | H90: =H88/$D$51 -> #DIV/0! | K90: =K88/$D$51 -> #DIV/0! | N90: =N88/$D$51 -> #DIV/0! | Q90: =Q88/$D$51 -> #DIV/0! | T90: =T88/$D$51 -> #DIV/0! | W90: =W88/D88 -> #DIV/0!
B91: ='A IV.A'!$A$22 -> 2.0 | C91: ='A IV.A'!$B$22 -> SERVIÇOS INICIAIS | D91: ='A IV.A'!$L$22 -> 0 | E91: =E92+F92+G92 -> 0 | H91: =H92+I92+J92 -> 0 | K91: =K92+L92+M92 -> 0 | N91: =N92+O92+P92 -> 0 | Q91: =Q92+R92+S92 -> 0 | T91: =T92+U92+V92 -> 0 | W91: =N91+Q91+T91+K91+H91+E91+W54 -> 0
E92: ='A IV.A'!$F$22*0.09/2 -> 0 | F92: ='A IV.A'!$G$22*0.09/2 -> 0 | G92: ='A IV.A'!$H$22*0.09/2 -> 0 | H92: ='A IV.A'!$F$22*0.09/2 -> 0 | I92: ='A IV.A'!$G$22*0.09/2 -> 0 | J92: ='A IV.A'!$H$22*0.09/2 -> 0 | K92: ='A IV.A'!$F$22*0.09/2 -> 0 | L92: ='A IV.A'!$G$22*0.09/2 -> 0 | M92: ='A IV.A'!$H$22*0.09/2 -> 0 | N92: ='A IV.A'!$F$22*0.09/2 -> 0 | O92: ='A IV.A'!$G$22*0.09/2 -> 0 | P92: ='A IV.A'!$H$22*0.09/2 -> 0 | Q92: ='A IV.A'!$F$22/12/2 -> 0 | R92: ='A IV.A'!$G$22/12/2 -> 0 | S92: ='A IV.A'!$H$22/12/2 -> 0 | T92: ='A IV.A'!$F$22/12/2 -> 0 | U92: ='A IV.A'!$G$22/12/2 -> 0 | V92: ='A IV.A'!$H$22/12/2 -> 0
D93: ='A IV.A'!$M$22 -> #DIV/0! | E93: =E91/$D$54 -> #DIV/0! | H93: =H91/$D$54 -> #DIV/0! | K93: =K91/$D$54 -> #DIV/0! | N93: =N91/$D$54 -> #DIV/0! | Q93: =Q91/$D$54 -> #DIV/0! | T93: =T91/$D$54 -> #DIV/0! | W93: =W91/D91 -> #DIV/0!
B94: ='A IV.A'!$A$43 -> 3.0 | C94: ='A IV.A'!$B$43 -> FECHAMENTOS, PROTEÇÕES E ALVENARIAS EM GERAL | D94: ='A IV.A'!$L$43 -> 0 | E94: =E95+F95+G95 -> 0 | H94: =H95+I95+J95 -> 0 | K94: =K95+L95+M95 -> 0 | N94: =N95+O95+P95 -> 0 | Q94: =Q95+R95+S95 -> 0 | T94: =T95+U95+V95 -> 0 | W94: =N94+Q94+T94+K94+H94+E94+W57 -> 0
E95: ='A IV.A'!$F$43*0.09/2 -> 0 | F95: ='A IV.A'!$G$43*0.09/2 -> 0 | G95: ='A IV.A'!$H$43*0.09/2 -> 0 | H95: ='A IV.A'!$F$43*0.1/2 -> 0 | I95: ='A IV.A'!$G$43*0.1/2 -> 0 | J95: ='A IV.A'!$H$43*0.1/2 -> 0 | K95: ='A IV.A'!$F$43*0.11/2 -> 0 | L95: ='A IV.A'!$G$43*0.11/2 -> 0 | M95: ='A IV.A'!$H$43*0.11/2 -> 0 | N95: ='A IV.A'!$F$43*0.11/2 -> 0 | O95: ='A IV.A'!$G$43*0.11/2 -> 0 | P95: ='A IV.A'!$H$43*0.11/2 -> 0 | Q95: ='A IV.A'!$F$43*0.1/2 -> 0 | R95: ='A IV.A'!$G$43*0.1/2 -> 0 | S95: ='A IV.A'!$H$43*0.1/2 -> 0 | T95: ='A IV.A'!$F$43*0.09/2 -> 0 | U95: ='A IV.A'!$G$43*0.09/2 -> 0 | V95: ='A IV.A'!$H$43*0.09/2 -> 0
D96: ='A IV.A'!$M$43 -> #DIV/0! | E96: =E94/$D$57 -> #DIV/0! | H96: =H94/$D$57 -> #DIV/0! | K96: =K94/$D$57 -> #DIV/0! | N96: =N94/$D$57 -> #DIV/0! | Q96: =Q94/$D$57 -> #DIV/0! | T96: =T94/$D$57 -> #DIV/0! | W96: =W94/D94 -> #DIV/0!
B97: ='A IV.A'!$A$112 -> 4.0 | C97: ='A IV.A'!$B$112 -> FORNECIMENTO E INSTALAÇÕES HIDRAULICAS - ITEM 9.0 DO TERMO DE REFERÊNCIA | D97: ='A IV.A'!$L$112 -> 0 | E97: =E98+F98+G98 -> 0 | H97: =H98+I98+J98 -> 0 | K97: =K98+L98+M98 -> 0 | N97: =N98+O98+P98 -> 0 | Q97: =Q98+R98+S98 -> 0 | T97: =T98+U98+V98 -> 0 | W97: =N97+Q97+T97+K97+H97+E97+W60 -> 0
E98: ='A IV.A'!$F$112/12/2 -> 0 | F98: ='A IV.A'!$G$112/12/2 -> 0 | G98: ='A IV.A'!$H$112/12/2 -> 0 | H98: ='A IV.A'!$F$112/12/2 -> 0 | I98: ='A IV.A'!$G$112/12/2 -> 0 | J98: ='A IV.A'!$H$112/12/2 -> 0 | K98: ='A IV.A'!$F$112/12/2 -> 0 | L98: ='A IV.A'!$G$112/12/2 -> 0 | M98: ='A IV.A'!$H$112/12/2 -> 0 | N98: ='A IV.A'!$F$112/12/2 -> 0 | O98: ='A IV.A'!$G$112/12/2 -> 0 | P98: ='A IV.A'!$H$112/12/2 -> 0 | Q98: ='A IV.A'!$F$112/12/2 -> 0 | R98: ='A IV.A'!$G$112/12/2 -> 0 | S98: ='A IV.A'!$H$112/12/2 -> 0 | T98: ='A IV.A'!$F$112/12/2 -> 0 | U98: ='A IV.A'!$G$112/12/2 -> 0 | V98: ='A IV.A'!$H$112/12/2 -> 0
D99: ='A IV.A'!$M$112 -> #DIV/0! | E99: =E97/$D$60 -> #DIV/0! | H99: =H97/$D$60 -> #DIV/0! | K99: =K97/$D$60 -> #DIV/0! | N99: =N97/$D$60 -> #DIV/0! | Q99: =Q97/$D$60 -> #DIV/0! | T99: =T97/$D$60 -> #DIV/0! | W99: =W97/D97 -> #DIV/0!
B100: ='A IV.A'!$A$126 -> 5.0 | C100: ='A IV.A'!$B$126 -> RECUPERAÇÃO E TRATAMENTO DE SUPERFÍCIES EM CONCRETO ARMADO - ITEM 10.0 DO TERMO DE REFERÊNCIA | D100: ='A IV.A'!$L$126 -> 0 | E100: =E101+F101+G101 -> 0 | H100: =H101+I101+J101 -> 0 | K100: =K101+L101+M101 -> 0 | N100: =N101+O101+P101 -> 0 | Q100: =Q101+R101+S101 -> 0 | T100: =T101+U101+V101 -> 0 | W100: =N100+Q100+T100+K100+H100+E100+W63 -> 0
E101: ='A IV.A'!$F$126/12/2 -> 0 | F101: ='A IV.A'!$G$126/12/2 -> 0 | G101: ='A IV.A'!$H$126/12/2 -> 0 | H101: ='A IV.A'!$F$126/12/2 -> 0 | I101: ='A IV.A'!$G$126/12/2 -> 0 | J101: ='A IV.A'!$H$126/12/2 -> 0 | K101: ='A IV.A'!$F$126/12/2 -> 0 | L101: ='A IV.A'!$G$126/12/2 -> 0 | M101: ='A IV.A'!$H$126/12/2 -> 0 | N101: ='A IV.A'!$F$126/12/2 -> 0 | O101: ='A IV.A'!$G$126/12/2 -> 0 | P101: ='A IV.A'!$H$126/12/2 -> 0 | Q101: ='A IV.A'!$F$126/12/2 -> 0 | R101: ='A IV.A'!$G$126/12/2 -> 0 | S101: ='A IV.A'!$H$126/12/2 -> 0 | T101: ='A IV.A'!$F$126/12/2 -> 0 | U101: ='A IV.A'!$G$126/12/2 -> 0 | V101: ='A IV.A'!$H$126/12/2 -> 0
D102: ='A IV.A'!$M$126 -> #DIV/0! | E102: =E100/$D$63 -> #DIV/0! | H102: =H100/$D$63 -> #DIV/0! | K102: =K100/$D$63 -> #DIV/0! | N102: =N100/$D$63 -> #DIV/0! | Q102: =Q100/$D$63 -> #DIV/0! | T102: =T100/$D$63 -> #DIV/0! | W102: =W100/D100 -> #DIV/0!
B103: ='A IV.A'!$A$134 -> 6.0 | C103: ='A IV.A'!$B$134 -> PINTURAS - ITEM 11.0 DO TERMO DE REFERÊNCIA | D103: ='A IV.A'!$L$134 -> 0 | E103: =E104+F104+G104 -> 0 | H103: =H104+I104+J104 -> 0 | K103: =K104+L104+M104 -> 0 | N103: =N104+O104+P104 -> 0 | Q103: =Q104+R104+S104 -> 0 | T103: =T104+U104+V104 -> 0 | W103: =N103+Q103+T103+K103+H103+E103+W66 -> 0
E104: ='A IV.A'!$F$134*0.085/2 -> 0 | F104: ='A IV.A'!$G$134*0.085/2 -> 0 | G104: ='A IV.A'!$H$134*0.085/2 -> 0 | H104: ='A IV.A'!$F$134*0.085/2 -> 0 | I104: ='A IV.A'!$G$134*0.085/2 -> 0 | J104: ='A IV.A'!$H$134*0.085/2 -> 0 | K104: ='A IV.A'!$F$134*0.085/2 -> 0 | L104: ='A IV.A'!$G$134*0.085/2 -> 0 | M104: ='A IV.A'!$H$134*0.085/2 -> 0 | N104: ='A IV.A'!$F$134*0.085/2 -> 0 | O104: ='A IV.A'!$G$134*0.085/2 -> 0 | P104: ='A IV.A'!$H$134*0.085/2 -> 0 | Q104: ='A IV.A'!$F$134*0.08/2 -> 0 | R104: ='A IV.A'!$G$134*0.08/2 -> 0 | S104: ='A IV.A'!$H$134*0.08/2 -> 0 | T104: ='A IV.A'!$F$134*0.08/2 -> 0 | U104: ='A IV.A'!$G$134*0.08/2 -> 0 | V104: ='A IV.A'!$H$134*0.08/2 -> 0
D105: ='A IV.A'!$M$134 -> #DIV/0! | E105: =E103/$D$66 -> #DIV/0! | H105: =H103/$D$66 -> #DIV/0! | K105: =K103/$D$66 -> #DIV/0! | N105: =N103/$D$66 -> #DIV/0! | Q105: =Q103/$D$66 -> #DIV/0! | T105: =T103/$D$66 -> #DIV/0! | W105: =W103/D103 -> #DIV/0!
B106: ='A IV.A'!$A$155 -> 7.0 | C106: ='A IV.A'!$B$155 -> SERVIÇOS COMPLEMENTARES - ITEM 12.0 DO TERMO DE REFERÊNCIA | D106: ='A IV.A'!$L$155 -> 0 | E106: =E107+F107+G107 -> 0 | H106: =H107+I107+J107 -> 0 | K106: =K107+L107+M107 -> 0 | N106: =N107+O107+P107 -> 0 | Q106: =Q107+R107+S107 -> 0 | T106: =T107+U107+V107 -> 0 | W106: =N106+Q106+T106+K106+H106+E106+W69 -> 0
E107: ='A IV.A'!$F$155*0.08/2 -> 0 | F107: ='A IV.A'!$G$155*0.08/2 -> 0 | G107: ='A IV.A'!$H$155*0.08 -> 0 | H107: ='A IV.A'!$F$155/12/2 -> 0 | I107: ='A IV.A'!$G$155/12/2 -> 0 | J107: ='A IV.A'!$H$155/12 -> 0 | K107: ='A IV.A'!$F$155/12/2 -> 0 | L107: ='A IV.A'!$G$155/12/2 -> 0 | M107: ='A IV.A'!$H$155/12/2 -> 0 | N107: ='A IV.A'!$F$155/12/2 -> 0 | O107: ='A IV.A'!$G$155/12/2 -> 0 | P107: ='A IV.A'!$H$155/12/2 -> 0 | Q107: ='A IV.A'!$F$155*0.12/2 -> 0 | R107: ='A IV.A'!$G$155*0.12/2 -> 0 | S107: ='A IV.A'!$H$155*0.12/2 -> 0 | T107: ='A IV.A'!$F$155*0.12/2 -> 0 | U107: ='A IV.A'!$G$155*0.12/2 -> 0 | V107: ='A IV.A'!$H$155*0.12/2 -> 0
D108: ='A IV.A'!$M$155 -> #DIV/0! | E108: =E106/$D$69 -> #DIV/0! | H108: =H106/$D$69 -> #DIV/0! | K108: =K106/$D$69 -> #DIV/0! | N108: =N106/$D$69 -> #DIV/0! | Q108: =Q106/$D$69 -> #DIV/0! | T108: =T106/$D$69 -> #DIV/0! | W108: =W106/D106 -> #DIV/0!
B110: MEDIÇÃO MENSAL | D110: =D88+D91+D94+D97+D100+D103+D106 -> 0 | E110: =E111+F111+G111 -> 0 | H110: =H111+I111+J111 -> 0 | K110: =K111+L111+M111 -> 0 | N110: =N111+O111+P111 -> 0 | Q110: =Q111+R111+S111 -> 0 | T110: =T111+U111+V111 -> 0 | W110: =W88+W91+W94+W97+W100+W103+W106 -> 0
E111: =E101+E98+E95+E92+E89+E104+E107 -> 0 | F111: =F101+F98+F95+F92+F89+F104+F107 -> 0 | G111: =G101+G98+G95+G92+G89+G104+G107 -> 0 | H111: =H101+H98+H95+H92+H89+H104+H107 -> 0 | I111: =I101+I98+I95+I92+I89+I104+I107 -> 0 | J111: =J101+J98+J95+J92+J89+J104+J107 -> 0 | K111: =K101+K98+K95+K92+K89+K104+K107 -> 0 | L111: =L101+L98+L95+L92+L89+L104+L107 -> 0 | ... V111: =V101+V98+V95+V92+V89+V104+V107 -> 0
D112: =D90+D93+D96+D99+D102+D105+D108 -> #DIV/0! | E112: =ROUND(E110/$D$36,6) -> #DIV/0! | H112: =ROUND(H110/$D$36,6) -> #DIV/0! | K112: =ROUND(K110/$D$36,6) -> #DIV/0! | N112: =ROUND(N110/$D$36,6) -> #DIV/0! | Q112: =ROUND(Q110/$D$36,6) -> #DIV/0! | T112: =ROUND(T110/$D$36,6) -> #DIV/0! | W112: =ROUND(N112+Q112+T112+K112+H112+E112,6)+W75 -> #DIV/0!
B114: MEDIÇÕES MENSAIS ACUMULADAS | D114: R$ | E114: =E110+T77 -> 0 | H114: =H110+E114 -> 0 | K114: =K110+H114 -> 0 | N114: =N110+K114 -> 0 | Q114: =Q110+N114 -> 0 | T114: =T110+Q114 -> 0
B115: MEDIÇÕES MENSAIS ACUMULADAS | D115: R$ | E115: =E111+T78 -> 0 | F115: =F111+U78 -> 0 | G115: =G111+V78 -> 0 | H115: =H111+E115 -> 0 | I115: =I111+F115 -> 0 | J115: =J111+G115 -> 0 | K115: =K111+H115 -> 0 | L115: =L111+I115 -> 0 | M115: =M111+J115 -> 0 | N115: =N111+K115 -> 0 | O115: =O111+L115 -> 0 | ... V115: =V111+S115 -> 0
B116: SALDO CONTRATUAL | D116: R$ | E116: =$D$36-E114 -> 0 | H116: =$D$36-H114 -> 0 | K116: =$D$36-K114 -> 0 | N116: =$D$36-N114 -> 0 | Q116: =$D$36-Q114 -> 0 | T116: =$D$36-T114 -> 0
B117: SALDO CONTRATUAL | D117: R$ | E117: ='A IV.A'!$L$175-E115 -> 0 | F117: ='A IV.A'!$L$176-F115 -> 0 | G117: ='A IV.A'!$L$177-G115 -> 0 | H117: ='A IV.A'!$L$175-H115 -> 0 | I117: ='A IV.A'!$L$176-I115 -> 0 | J117: ='A IV.A'!$L$177-J115 -> 0 | K117: ='A IV.A'!$L$175-K115 -> 0 | L117: ='A IV.A'!$L$176-L115 -> 0 | M117: ='A IV.A'!$L$177-M115 -> 0 | N117: ='A IV.A'!$L$175-N115 -> 0 | O117: ='A IV.A'!$L$176-O115 -> 0 | P117: ='A IV.A'!$L$177-P115 -> 0 | Q117: ='A IV.A'!$L$175-Q115 -> 0 | R117: ='A IV.A'!$L$176-R115 -> 0 | S117: ='A IV.A'!$L$177-S115 -> 0 | T117: ='A IV.A'!$L$175-T115 -> 0 | U117: ='A IV.A'!$L$176-U115 -> 0 | V117: ='A IV.A'!$L$177-V115 -> 0
B121: =B84 -> Valor Total
E123: 19º MÊS | H123: 20º MÊS | K123: 21º MÊS | N123: 22º MÊS | Q123: 23º MÊS | T123: 24º MÊS
E124: MAT | F124: EQUIP | G124: MO | H124: MAT | I124: EQUIP | J124: MO | K124: MAT | L124: EQUIP | M124: MO | N124: MAT | O124: EQUIP | P124: MO | Q124: MAT | R124: EQUIP | S124: MO | T124: MAT | U124: EQUIP | V124: MO
B125: ='A IV.A'!$A$14 -> 1.0 | C125: ='A IV.A'!$B$14 -> CANTEIRO DE OBRAS | D125: ='A IV.A'!$L$14 -> 0 | E125: =E126+F126+G126 -> 0 | H125: =H126+I126+J126 -> 0 | K125: =K126+L126+M126 -> 0 | N125: =N126+O126+P126 -> 0 | Q125: =Q126+R126+S126 -> 0 | T125: =T126+U126+V126 -> 0 | W125: =N125+Q125+T125+K125+H125+E125+W88 -> 0
...

Sheet A VI.
A1: ='A IV.A'!A1 -> (TIMBRE DA LICITANTE)
A3: ='A IV.A'!A3
A6: ='A IV.A'!$A$7 -> EXECUÇÃO DE SERVIÇO DE REFORMA CIVIL, CONSTRUÇÕES E MANUTENÇÕES GERAIS PARA MELHORIAS NAS ÁREAS DE PROPRIEDADE E/OU DE RESPONSABILIDADE DO SEMAE.
A7: LEIS SOCIAIS HORISTA - JORNADA NORMAL | D7: ='A IX.'!$C$45 -> 0 | E7: DATA-BASE: | F7: ='A IV.A'!L8 -> (DATA)
A8: BDI | D8: ='A VIII.'!$C$29 -> 0
A9: ANEXO VI.A - PLANILHA DE COMPOSIÇÕES UNITÁRIAS DE SERVIÇOS - SeMAE
A11: ='A IV.A'!$A$16 -> 1.1 | B11: ='A IV.A'!$B$16 -> CANTEIRO DE OBRAS (ITEM 6.0 DO TERMO DE REFERÊNCIA) | C11: UNIDADE: | E11: ='A IV.A'!$C$16 -> GB | F11: =ROUND(F31+F45+F57,2) -> 0
A12: 1.0 | B12: MATERIAIS | C12: COEF | D12: UNID | E12: CUSTO UNIT (R$) | F12: TOTAL (R$)
F13: =ROUND(C13*E13,2) -> 0
F14: =ROUND(C14*E14,2) -> 0
F15: =ROUND(C15*E15,2) -> 0
F16: =ROUND(C16*E16,2) -> 0
F17: =ROUND(C17*E17,2) -> 0
F18: =ROUND(C18*E18,2) -> 0
F19: =ROUND(C19*E19,2) -> 0
F20: =ROUND(C20*E20,2) -> 0
F21: =ROUND(C21*E21,2) -> 0
F22: =ROUND(C22*E22,2) -> 0
F23: =ROUND(C23*E23,2) -> 0
F24: =ROUND(C24*E24,2) -> 0
... F28: =ROUND(C28*E28,2) -> 0
B29: SOMA | F29: =SUM(F13:F28) -> 0
B30: BDI | C30: =$D$8 -> 0 | F30: =ROUND(F29*C30,2) -> 0
B31: TOTAL MATERIAIS | F31: =F29+F30 -> 0
A32: 2.0 | B32: EQUIPAMENTOS E SERVIÇOS TERCEIRIZADOS | C32: COEF | D32: UNID | E32: CUSTO UNIT (R$) | F32: TOTAL (R$)
A33: ='A VII.'!$A$145 -> 2.3 | B33: =VLOOKUP(A33,'A VII.'!$A$10:$D$199,2,FALSE) -> VEÍCULO LEVE 4 PORTAS - 65 A 80 CV | C33: =C48*0.2 -> 844.8 | D33: =VLOOKUP(A33,'A VII.'!$A$10:$D$199,3,FALSE) -> CHP | E33: ='A VII.'!D145 -> 0 | F33: =ROUND(C33*E33,2) -> 0
A34: ='A VII.'!$A$146 -> 2.4 | B34: =VLOOKUP(A34,'A VII.'!$A$10:$D$199,2,FALSE) -> VEÍCULO LEVE 4 PORTAS - 65 A 80 CV - À DISPOSIÇÃO | C34: =C48*0.8 -> 3379.2 | D34: =VLOOKUP(A34,'A VII.'!$A$10:$D$199,3,FALSE) -> CHI | E34: ='A VII.'!D146 -> 0 | F34: =ROUND(C34*E34,2) -> 0
A35: ='A VII.'!$A$177 -> 2.35 | B35: =VLOOKUP(A35,'A VII.'!$A$10:$D$199,2,FALSE) -> PICAPE LEVE CABINE SIMPLES - CARGA ÚTIL 700KG - 85 A 95CV - STRADA WORKING OU SIMILAR | C35: =C47*0.2 -> 844.8 | D35: =VLOOKUP(A35,'A VII.'!$A$10:$D$199,3,FALSE) -> CHP | E35: ='A VII.'!D177 -> 0 | F35: =ROUND(C35*E35,2) -> 0
A36: ='A VII.'!$A$178 -> 2.36 | B36: =VLOOKUP(A36,'A VII.'!$A$10:$D$199,2,FALSE) -> PICAPE LEVE CABINE SIMPLES - CARGA ÚTIL 700KG - 85 A 95CV - STRADA WORKING OU SIMILAR | C36: =C47*0.8 -> 3379.2 | D36: =VLOOKUP(A36,'A VII.'!$A$10:$D$199,3,FALSE) -> CHI | E36: ='A VII.'!D178 -> 0 | F36: =ROUND(C36*E36,2) -> 0
A37: ='A VII.'!$A$152 -> 2.10 | B37: =VLOOKUP(A37,'A VII.'!$A$10:$D$199,2,FALSE) -> CAMINHÃO - CARROCERIA FIXA ABERTA DE MADEIRA COM CAPACIDADE 5 T *160CV - CHP | C37: =C47*0.2 -> 844.8 | D37: =VLOOKUP(A37,'A VII.'!$A$10:$D$199,3,FALSE) -> CHP | E37: ='A VII.'!D152 -> 0 | F37: =ROUND(C37*E37,2) -> 0
A38: ='A VII.'!$A$153 -> 2.11 | B38: =VLOOKUP(A38,'A VII.'!$A$10:$D$199,2,FALSE) -> CAMINHÃO - CARROCERIA FIXA ABERTA DE MADEIRA COM CAPACIDADE 5 T *160CV - CHI | C38: =C47*0.8 -> 3379.2 | D38: =VLOOKUP(A38,'A VII.'!$A$10:$D$199,3,FALSE) -> CHI | E38: ='A VII.'!D153 -> 0 | F38: =ROUND(C38*E38,2) -> 0
F39: =ROUND(C39*E39,2) -> 0
F40: =ROUND(C40*E40,2) -> 0
F41: =ROUND(C41*E41,2) -> 0
F42: =ROUND(C42*E42,2) -> 0
B43: SOMA | F43: =SUM(F33:F42) -> 0
B44: BDI | C44: =$D$8 -> 0 | F44: =ROUND(C44*F43,2) -> 0
B45: TOTAL EQUIPAMENTOS E SERVIÇOS TERCEIRIZADOS | F45: =F43+F44 -> 0
A46: 3.0 | B46: MÃO DE OBRA | C46: COEF | D46: UNID | E46: CUSTO UNIT (R$) | F46: TOTAL (R$)
A47: ='A VII.'!$A$188 -> 3.8 | B47: ENCARREGADO GERAL COM ENCARGOS COMPLEMENTARES | C47: =(44*4)*24 -> 4224 | D47: =VLOOKUP(A47,'A VII.'!$A$10:$D$199,3,FALSE) -> H | E47: ='A VII.'!D188 -> 0 | F47: =ROUND(C47*E47,2) -> 0
A48: ='A VII.'!$A$190 -> 3.10 | B48: ENGENHEIRO CIVIL DE OBRA JUNIOR COM ENCARGOS COMPLEMENTARES | C48: =(44*4)*24 -> 4224 | D48: =VLOOKUP(A48,'A VII.'!$A$10:$D$199,3,FALSE) -> H | E48: ='A VII.'!$D$190 -> 0 | F48: =ROUND(C48*E48,2) -> 0
F49: =ROUND(C49*E49,2) -> 0
F50: =ROUND(C50*E50,2) -> 0
F51: =ROUND(C51*E51,2) -> 0
F52: =ROUND(C52*E52,2) -> 0
F53: =ROUND(C53*E53,2) -> 0
B54: SOMA | F54: =SUM(F47:F53) -> 0
B55: LEIS SOCIAIS | C55: =$D$7 -> 0 | F55: =ROUND(F54*C55,2) -> 0
B56: BDI | C56: =$D$8 -> 0 | F56: =ROUND(SUM(F54:F55)*C56,2) -> 0
B57: TOTAL MÃO DE OBRA | F57: =SUM(F54:F56) -> 0
A59: ='A IV.A'!$A$17 -> 1.2 | B59: ='A IV.A'!$B$17 -> PLACA DE IDENTIFICAÇÃO DE OBRA, CONFORME PADRÃO SEMAE (ITEM 6.8 DO TERMO DE REFERÊNCIA) | C59: UNIDADE: | E59: ='A IV.A'!$C$17 -> M2 | F59: =ROUND(F79+F93+F105,2) -> 0
A60: 1.0 | B60: MATERIAIS | C60: COEF | D60: UNID | E60: CUSTO UNIT (R$) | F60: TOTAL (R$)
A61: ='A VII.'!$A$86 -> 1.76 | B61: =VLOOKUP(A61,'A VII.'!$A$10:$D$199,2,FALSE) -> PLACA DE OBRA (IDENTIFICAÇÃO) PARA CONSTRUÇÃO CIVIL EM CHAPA GALVANIZADA Nº 22 - COMPLETA | C61: 1 | D61: =VLOOKUP(A61,'A VII.'!$A$10:$D$199,3,FALSE) -> M2 | E61: ='A VII.'!D86 -> 0 | F61: =ROUND(C61*E61,2) -> 0
A62: ='A VII.'!$A$79 -> 1.70 | B62: =VLOOKUP(A62,'A VII.'!$A$10:$D$199,2,FALSE) -> PONTALETE DE MADEIRA NAO APARELHADA - 7,5 X 7,5 CM (3 X 3 ") | C62: 2.65 | D62: =VLOOKUP(A62,'A VII.'!$A$10:$D$199,3,FALSE) -> M | E62: ='A VII.'!D79 -> 0 | F62: =ROUND(C62*E62,2) -> 0
A63: ='A VII.'!$A$90 -> 1.80 | B63: =VLOOKUP(A63,'A VII.'!$A$10:$D$199,2,FALSE) -> PREGO EM AÇO POLIDO COM CABEÇA (MEDIA DAS BITOLAS) | C63: 0.04 | D63: =VLOOKUP(A63,'A VII.'!$A$10:$D$199,3,FALSE) -> KG | E63: ='A VII.'!D90 -> 0 | F63: =ROUND(C63*E63,2) -> 0
A64: ='A VII.'!$A$97 -> 1.87 | B64: =VLOOKUP(A64,'A VII.'!$A$10:$D$199,2,FALSE) -> SARRAFO 3A. CONSTRUÇÃO (SEÇÃO TRANSVERSAL: 1X4" - 2,5CM X 10,0CM) | C64: 1.78 | D64: =VLOOKUP(A64,'A VII.'!$A$10:$D$199,3,FALSE) -> M | E64: ='A VII.'!D97 -> 0 | F64: =ROUND(C64*E64,2) -> 0
F65: =ROUND(C65*E65,2) -> 0
F66: =ROUND(C66*E66,2) -> 0
F67: =ROUND(C67*E67,2) -> 0
F68: =ROUND(C68*E68,2) -> 0
F69: =ROUND(C69*E69,2) -> 0
F70: =ROUND(C70*E70,2) -> 0
F71: =ROUND(C71*E71,2) -> 0
F72: =ROUND(C72*E72,2) -> 0
F73: =ROUND(C73*E73,2) -> 0
F74: =ROUND(C74*E74,2) -> 0
F75: =ROUND(C75*E75,2) -> 0
F76: =ROUND(C76*E76,2) -> 0
B77: SOMA | F77: =SUM(F61:F76) -> 0
B78: BDI | C78: =$D$8 -> 0 | F78: =ROUND(F77*C78,2) -> 0
B79: TOTAL MATERIAIS | F79: =F77+F78 -> 0
A80: 2.0 | B80: EQUIPAMENTOS E SERVIÇOS TERCEIRIZADOS | C80: COEF | D80: UNID | E80: CUSTO UNIT (R$) | F80: TOTAL (R$)
F81: =ROUND(C81*E81,2) -> 0
F82: =ROUND(C82*E82,2) -> 0
F83: =ROUND(C83*E83,2) -> 0
F84: =ROUND(C84*E84,2) -> 0
F85: =ROUND(C85*E85,2) -> 0
F86: =ROUND(C86*E86,2) -> 0
F87: =ROUND(C87*E87,2) -> 0
F88: =ROUND(C88*E88,2) -> 0
F89: =ROUND(C89*E89,2) -> 0
F90: =ROUND(C90*E90,2) -> 0
B91: SOMA | F91: =SUM(F81:F90) -> 0
B92: BDI | C92: =$D$8 -> 0 | F92: =ROUND(C92*F91,2) -> 0
B93: TOTAL EQUIPAMENTOS E SERVIÇOS TERCEIRIZADOS | F93: =F91+F92 -> 0
A94: 3.0 | B94: MÃO DE OBRA | C94: COEF | D94: UNID | E94: CUSTO UNIT (R$) | F94: TOTAL (R$)
A95: ='A VII.'!$A$183 -> 3.3 | B95: AJUDANTE DE CARPINTEIRO COM ENCARGOS COMPLEMENTARES | C95: 0.56 | D95: =VLOOKUP(A95,'A VII.'!$A$10:$D$199,3,FALSE) -> H | E95: ='A VII.'!$D$183 -> 0 | F95: =ROUND(C95*E95,2) -> 0
A96: ='A VII.'!$A$186 -> 3.6 | B96: CARPINTEIRO COM ENCARGOS COMPLEMENTARES | C96: 0.56 | D96: =VLOOKUP(A96,'A VII.'!$A$10:$D$199,3,FALSE) -> H | E96: ='A VII.'!$D$186 -> 0 | F96: =ROUND(C96*E96,2) -> 0
F97: =ROUND(C97*E97,2) -> 0
F98: =ROUND(C98*E98,2) -> 0
F99: =ROUND(C99*E99,2) -> 0
F100: =ROUND(C100*E100,2) -> 0
F101: =ROUND(C101*E101,2) -> 0
B102: SOMA | F102: =SUM(F95:F101) -> 0
B103: LEIS SOCIAIS | C103: ='A IX.'!$C$45 -> 0 | F103: =ROUND(F102*C103,2) -> 0
B104: BDI | C104: =$D$8 -> 0 | F104: =ROUND(SUM(F102:F103)*C104,2) -> 0
B105: TOTAL MÃO DE OBRA | F105: =SUM(F102:F104) -> 0
A107: ='A IV.A'!$A$18 -> 1.3 | B107: ='A IV.A'!$B$18 -> VIGILANTE PARA ÁREAS EM OBRA | C107: UNIDADE: | E107: ='A IV.A'!$C$18 -> H | F107: =ROUND(F127+F141+F153,2) -> 0
B125: SOMA | F125: =SUM(F109:F124) -> 0
B126: BDI | C126: =$D$8 -> 0 | F126: =ROUND(F125*C126,2) -> 0
...

Sheet A VII.
A1: ='A IV.A'!A1 -> (TIMBRE DA LICITANTE)
A2: ='A IV.A'!A3
B4: ANEXO VII.A - PLANILHA DE CUSTOS UNITÁRIOS DE INSUMOS / SERVIÇOS - SeMAE
A5: ='A IV.A'!$A$7 -> EXECUÇÃO DE SERVIÇO DE REFORMA CIVIL, CONSTRUÇÕES E MANUTENÇÕES GERAIS PARA MELHORIAS NAS ÁREAS DE PROPRIEDADE E/OU DE RESPONSABILIDADE DO SEMAE.
A9: 1.0 | B9: MATERIAL | C9: UN | D9: VALOR
A10: 1.1 | B10: AÇO CA-50 (MÉDIA DAS BITOLAS) | C10: KG
A11: 1.2 | B11: ADESIVO PARA TUBO EM PVC - FRASCO 850 GR. | C11: UN
A12: 1.3 | B12: ADITIVO HIDROFUGO IMPERMEABILIZANTE DE PEGA NORMAL PARA CONCRETO E ARGAMASSA | C12: KG
A13: 1.4 | B13: ADITIVO ADESIVO LIQUIDO PARA ARGAMASSAS DE REVESTIMENTOS CIMENTICIOS | C13: L
A14: 1.5 | B14: SOLVENTE DILUENTE A BASE DE AGUARRÁS | C14: L
A15: 1.6 | B15: ARAME FARPADO GALVANIZADO 16 BWG, CLASSE 250 | C15: M
A16: 1.7 | B16: ARAME GALVANIZADO 14 BWG (0,026 KG/M) | C16: KG
A17: 1.8 | B17: ARAME GALVANIZADO 10 BWG (0,0713 KG/M) | C17: KG
A18: 1.9 | B18: ARAME RECOZIDO 18 BWG - 1,25MM - 9,60 G/M | C18: KG
A19: 1.10 | B19: AREIA MÉDIA LAVADA | C19: M3
A20: 1.11 | B20: ARGAMASSA COLANTE TIPO AC III | C20: KG
A21: 1.12 | B21: REVESTIMENTO EM CERAMICA ESMALTADA EXTRA, PEI MAIOR OU IGUAL A 4 FORMATO MAIOR A 2025CM2 | C21: M2
... A82: 1.73 | B82: PEDRA BRITADA Nº 1 GRANULOMETRIA ENTRE (9,5 E 25,00 MM) | C82: M3
B83: MATERIAL | C83: UN | D83: VALOR
A84: 1.74 | B84: PEDRA BRITADA Nº 2 GRANULOMETRIA ENTRE (21,0 E 32,0 MM) | C84: M3
A85: 1.75 | B85: PORTA DE ABRIR EM ACO VENEZIANA, COM FUNDO ANTICORROSIVO, SEM GUARNICAO - 87 X 210 CM | C85: UN
A86: 1.76 | B86: PLACA DE OBRA (IDENTIFICAÇÃO) PARA CONSTRUÇÃO CIVIL EM CHAPA GALVANIZADA Nº 22 - COMPLETA | C86: M2
A87: 1.77 | B87: PLACA DE SINALIZACAO EM CHAPA DE AÇO Nº 16 COM PINTURA REFLETIVA | C87: M2
A88: 1.78 | B88: PORCA 1/2" | C88: UN
A89: 1.79 | B89: PORTA ALUMÍNIO TIPO VENEZIANA, 1 FOLHA, ACABAMENTO EM PINTURA ELETROSTÁTICA BRANCA, 60 MICRAS | C89: M2
A90: 1.80 | B90: PREGO EM AÇO POLIDO COM CABEÇA (MEDIA DAS BITOLAS) | C90: KG
A91: 1.81 | B91: RALO SECO DE PVC RÍGIDO, 100 X 40 MM | C91: UN
A92: 1.82 | B92: RALO SECO DE PVC COM GRELHA QUADRADA DE PVC (50MM / 40MM / 100MM) | C92: UN
A93: 1.83 | B93: REBITE DE ALUMINIO VAZADO DE REPUXO, 3,2 X 8 MM (1KG = 1025 UNIDADES) | C93: KG
A94: 1.84 | B94: REGISTRO PVC DE ESFERA SOLDÁVEL, COM VOLANTE, Ø 40 MM | C94: UN
A95: 1.85 | B95: RUFO EXTERNO/INTERNO DE CHAPA DE ACO GALVANIZADA NUM 26 | C95: M
... A131: 1.121 | B131: HASTE RETA DE ACO GALVANIZADO, H = *30* CM, BASE RETANGULAR, PARA FIXACAO DE CONCERTINA SIMPLES DE 30 CM (NAO INCLUI OS FIXADORES) | C131: UN
A142: 2.0 | B142: EQUIPAMENTOS / SERVIÇOS | C142: UN | D142: VALOR
A143: 2.1 | B143: ANDAIME METÁLICO TUBULAR DE ENCAIXE TIPO TORRE - LARGURA ATÉ 1,5M X ALTURA = 1,0M, INCLUINDO SAPATAS FIXAS OU RODÍZIOS | C143: MxMÊS
A144: 2.2 | B144: ALUGUEL DE CONTAINER PARA DEPÓSITO, METÁLICO EM AÇO GALVANIZADO, 6,0X2,30X2,50M, VÃO LIVRE, PISO DE CONCRETO, CIMENTADO OU MADEIRA | C144: UNxMÊS
A145: 2.3 | B145: VEÍCULO LEVE 4 PORTAS - 65 A 80 CV | C145: CHP
A146: 2.4 | B146: VEÍCULO LEVE 4 PORTAS - 65 A 80 CV - À DISPOSIÇÃO | C146: CHI
A147: 2.5 | B147: BALANCIM LEVE TRADICIONAL - PLATAFORMA 3,00 M COM GUINCHO MANUAL, NR 18 (LOCAÇÃO MENSAL + TRANSPORTE) | C147: LOC/MÊS
A148: 2.6 | B148: BETONEIRA, CAPACIDADE NOMINAL DE 400L, MOTOR ELÉTRICO TRIFÁSICO DE 2CV - CHI | C148: CHI
A149: 2.7 | B149: BETONEIRA, CAPACIDADE NOMINAL DE 400L, MOTOR ELÉTRICO TRIFÁSICO DE 2CV - CHP | C149: CHP
A150: 2.8 | B150: CAMINHÃO BASCULANTE, INCLUINDO CACAMBA METÁLICA DE 6 M3 - CHP | C150: CHP
A151: 2.9 | B151: CAMINHÃO BASCULANTE, INCLUINDO CACAMBA METÁLICA DE 6 M3 - CHI | C151: CHI
A152: 2.10 | B152: CAMINHÃO - CARROCERIA FIXA ABERTA DE MADEIRA COM CAPACIDADE 5 T *160CV - CHP | C152: CHP
A153: 2.11 | B153: CAMINHÃO - CARROCERIA FIXA ABERTA DE MADEIRA COM CAPACIDADE 5 T *160CV - CHI | C153: CHI
A154: 2.12 | B154: COMPACTADOR A PERCUSSÃO TIPO SAPO MECÂNICO 3CV - CHP | C154: CHP
... A178: 2.36 | B178: PICAPE LEVE CABINE SIMPLES - CARGA ÚTIL 700KG - 85 A 95CV - STRADA WORKING OU SIMILAR | C178: CHI
A180: 3.0 | B180: MÃO DE OBRA | C180: UN | D180: VALOR
A181: 3.1 | B181: AJUDANTE COM ENCARGOS COMPLEMENTARES | C181: H
A182: 3.2 | B182: AJUDANTE ESPECIALIZADO COM ENCARGOS COMPLEMENTARES | C182: H
A183: 3.3 | B183: AJUDANTE DE CARPINTEIRO | C183: H
A184: 3.4 | B184: ARMADOR COM ENCARGOS COMPLEMENTARES | C184: H
A185: 3.5 | B185: AZULEJISTA COM ENCARGOS COMPLEMENTARES | C185: H
A186: 3.6 | B186: CARPINTEIRO COM ENCARGOS COMPLEMENTARES | C186: H
A187: 3.7 | B187: ENCANADOR COM ENCARGOS COMPLEMENTARES | C187: H
A188: 3.8 | B188: ENCARREGADO GERAL COM ENCARGOS COMPLEMENTARES | C188: H
A189: 3.9 | B189: ELETRICISTA COM ENCARGOS COMPLEMENTARES | C189: H
A190: 3.10 | B190: ENGENHEIRO CIVIL DE OBRA JUNIOR COM ENCARGOS COMPLEMENTARES | C190: H
A191: 3.11 | B191: IMPERMEABILIZADOR COM ENCARGOS COMPLEMENTARES | C191: H
A192: 3.12 | B192: PEDREIRO COM ENCARGOS COMPLEMENTARES | C192: H
... A200: 3.20 | B200: VIGIA NOTURNO COM ENCARGOS COMPLEMENTARES | C200: H
A202: OBS:
A203: 1) PREÇOS UTILIZADOS SEM DESONERAÇÃO

Sheet A VIII.
A1: ='A IV.A'!A1 -> (TIMBRE DA LICITANTE)
A2: ='A IV.A'!A3
A4: ANEXO VIII.A - DEMONSTRATIVO DA COMPOSIÇÃO DAS TAXAS DE BDI - SeMAE
A5: COMPOSIÇÃO DAS TAXAS DE BDI
A7: AC | B7: ADMINISTRAÇÃO CENTRAL
A9: S | B9: SEGURO
A11: R | B11: RISCOS
A13: G | B13: GARANTIAS
A15: DF | B15: DESPESAS FINANCEIRAS
A17: L | B17: LUCRO
A19: CP | B19: TRIBUTOS - COFINS E PIS | C19: =ROUND(SUM(C20:C21),5) -> 0
B20: PIS
B21: COFINS
A23: ISS | B23: TRIBUTOS - ISS | C23: =ROUND(SUM(C24:C24),5) -> 0
B24: ISS – IMPOSTO SOBRE SERVIÇOS
A26: CPRB | B26: TRIBUTOS - CONTRIBUIÇÃO PREVIDENCIÁRIA SOBRE A RENDA BRUTA | C26: =ROUND(SUM(C27:C27),5) -> 0
B27: DESONERAÇÃO - 0% OU 4,5%
B29: TOTAL | C29: =ROUND((((1+($C$7+$C$9+$C$11+$C$13))*(1+$C$15)*(1+$C$17))/(1-$C$19-$C$23-$C$26))-1,4) -> 0
A34: Obs.: Conforme Lei Complementar nº 178 de 29 de dezembro de 2003 e alterações, que dispõe sobre a instituição do imposto sobre serviços de qualquer natureza – ISSQN no Município de São José do Rio Preto/SP, Art. 31 Inciso I, o ISS para o objeto deste Processo Licitatório [07.05.00 - Reparação, conservação e reforma de edifícios, estradas, pontes, portos e congêneres (exceto o fornecimento de mercadorias produzidas pelo prestador dos serviços, fora do local da prestação dos serviços, que fica sujeito ao ICMS)] será de 5% com redução de 50% na base de cálculo da prestação do serviço, resultando em alíquota de 2,5% sobre o Valor Total da Obra, adotada na elaboração do BDI médio, inclusive para o BDI de Fornecimento de Materiais.

Sheet A IX.
A1: ='A IV.A'!A1 -> (TIMBRE DA LICITANTE)
A6: ='A IV.A'!A3
A9: ANEXO IX.A - DEMONSTRATIVO DA COMPOSIÇÃO DOS ENCARGOS SOCIAIS E TRABALHISTAS - SeMAE
A11: ='A IV.A'!A7 -> EXECUÇÃO DE SERVIÇO DE REFORMA CIVIL, CONSTRUÇÕES E MANUTENÇÕES GERAIS PARA MELHORIAS NAS ÁREAS DE PROPRIEDADE E/OU DE RESPONSABILIDADE DO SEMAE.
A12: GRUPO | B12: DESCRIÇÃO | C12: JORNADA
C13: NORMAL | D13: NORMAL
C14: HORISTA | D14: MENSALISTA
A15: A | B15: A1 – PREVIDÊNCIA SOCIAL (INSS)*
B16: A2 – SERVIÇO SOCIAL DA INDÚSTRIA (SESI)
B17: A3 – SERVIÇO NACIONAL DE APRENDIZAGEM INDUSTRIAL (SENAI)
B18: A4 – INSTITUTO NACIONAL DE COLONIZAÇÃO E REFORMA AGRÁRIA (INCRA)
B19: A5 – SERVIÇO DE APOIO A PEQUENA E MÉDIA EMPRESA (SEBRAE)
B20: A6 – SALÁRIO EDUCAÇÃO
B21: A7 – SEGURO CONTRA ACIDENTES DE TRABALHO
B22: A8 – FUNDO DE GARANTIA POR TEMPO DE SERVIÇO (FGTS)
B23: A9 – SECONCI ( APLICÁVEL AS EMPRESAS CONSTANTES DO III GRUPO DA CLT)
B24: A – TOTAL DOS ENCARGOS SOCIAIS BÁSICOS | C24: =ROUND(SUM(C15:C23),4) -> 0 | D24: =ROUND(SUM(D15:D23),4) -> 0
A25: B | B25: B1 – REPOUSO SEMANAL REMUNERADO
B26: B2 – FERIADOS
B27: B3 – AUXÍLIO - ENFERMIDADE
B28: B4 – 13º SALÁRIO
B29: B5 – LICENÇA PATERNIDADE
B30: B6 – FALTAS JUSTIFICADAS
B31: B7 – DIAS DE CHUVA
B32: B8 – AUXÍLIO ACIDENTE DE TRABALHO
B33: B9 – FÉRIAS GOZADAS
B34: B10 – SALÁRIO MATERNIDADE
B35: B – TOTAL DOS ENCARGOS QUE RECEBEM AS INCIDÊNCIAS DE A | C35: =SUM(C25:C34) -> 0 | D35: =SUM(D25:D34) -> 0
A36: C | B36: C1 – AVISO PRÉVIO INDENIZADO
B37: C2 – AVISO PRÉVIO TRABALHADO
B38: C3 – FÉRIAS INDENIZADAS
B39: C4 – DEPÓSITO RESCISÃO SEM JUSTA CAUSA
B40: C5 – INDENIZAÇÃO ADICIONAL
B41: C – TOTAL DOS ENCARGOS SOCIAIS QUE NÃO RECEBEM INCIDÊNCIAS DE A | C41: =SUM(C36:C40) -> 0 | D41: =SUM(D36:D40) -> 0
A42: D | B42: D1 – REINCIDÊNCIA DO GRUPO A SOBRE GRUPO B
B43: D2 – REINCIDÊNCIA DO GRUPO A SOBRE AVISO PRÉVIO TRABALHADO (C2) E REINCIDÊNCIA DO FGTS (A8) SOBRE AVISO PRÉVIO INDENIZADO (C1)
B44: D – TOTAL DE REINCIDÊNCIAS DE UM GRUPO SOBRE O OUTRO | C44: =SUM(C42:C43) -> 0 | D44: =SUM(D42:D43) -> 0
B45: PORCENTAGEM TOTAL | C45: =ROUND(C24+C35+C41+C44,5) -> 0 | D45: =ROUND(D24+D35+D41+D44,5) -> 0
A47: OBS.:ADOTADO CONFORME A TABELA DE ENCARGOS SOCIAIS SINAPI (CAIXA ECONOMICA FEDERAL) VIGÊNCIA A PARTIR DE 02/2026
A49: (*) CASO A LICITANTE APRESENTE PROPOSTA DESONERADA, APRESENTAR A ALÍQUOTA CORRESPONDENTE

Sheet A X.
C1: ANEXO X
C2: REGULAMENTAÇÃO DE PREÇOS E CRITÉRIOS DE MEDIÇÃO | L2: =COUNT('A IV.A'!#REF!) -> 0 | M2: =COUNTA(K3:K7115) -> 123 | N2: =IF(L2=M2,"SIM","NÃO") -> NÃO
A6: Grupo | C6: ='A IV.A'!$B$14 -> CANTEIRO DE OBRAS
A7: ='A IV.A'!$A$14 -> 1.0
A10: Nº do Preço | C10: Especificação | J10: Unidade
A12: ='A IV.A'!$A$16 -> 1.1 | C12: ='A IV.A'!$B$16 -> CANTEIRO DE OBRAS (ITEM 6.0 DO TERMO DE REFERÊNCIA) | J12: ='A IV.A'!$C$16 -> GB | K12: =VLOOKUP(A12,'A IV.A'!$A$14:$M$233,2,FALSE) -> CANTEIRO DE OBRAS (ITEM 6.0 DO TERMO DE REFERÊNCIA) | L12: =IF(C12=K12,"sim","nao") -> sim | M12: =VLOOKUP(A12,'A IV.A'!$A$14:$M$233,3,FALSE) -> GB | N12: =IF(J12=M12,"sim","nao") -> sim
A35: REGULAMENTAÇÃO COMPLEMENTAR À INTRODUÇÃO
A37: COMPREENDE: | C37: Engenheiro responsável pela execução técnica e encarregado geral, ambos durante todo o período do Contrato; aluguel caminhão para transporte de materiais e equipe e de veículo leve à disposição, inclusive combustível, seguros, lavagens, lubrificantes e manutenções necessárias.
A43: MEDIÇÃO: | C43: As medições serão mensais e os pagamentos proporcionais à execução financeira da obra, vinculados ao cumprimento das condições mínimas de canteiro.
A46: NOTA: | C46: i) Este item foi quantificado prevendo a Operação e Administração durante todo o período do Contrato, portanto as medições proporcionais à execução financeira pretendem evitar desembolsos indevidos de administração local em virtude de atrasos ou prorrogações de prazo, motivo pelo qual não foi utilizado critério de pagamento para este item como valor mensal fixo.
C50: ii) As disposições sobre o sanitário químico devem seguir o Anexo I - Termo de Referência
A61: Grupo | C61: ='A IV.A'!$B$14 -> CANTEIRO DE OBRAS
A62: ='A IV.A'!$A$14 -> 1.0
A65: Nº do Preço | C65: Especificação | J65: Unidade
A67: ='A IV.A'!$A$17 -> 1.2 | C67: ='A IV.A'!$B$17 -> PLACA DE IDENTIFICAÇÃO DE OBRA, CONFORME PADRÃO SEMAE (ITEM 6.8 DO TERMO DE REFERÊNCIA) | J67: ='A IV.A'!$C$17 -> M2 | K67: =VLOOKUP(A67,'A IV.A'!$A$14:$M$233,2,FALSE) -> PLACA DE IDENTIFICAÇÃO DE OBRA, CONFORME PADRÃO SEMAE (ITEM 6.8 DO TERMO DE REFERÊNCIA) | L67: =IF(C67=K67,"sim","nao") -> sim | M67: =VLOOKUP(A67,'A IV.A'!$A$14:$M$233,3,FALSE) -> M2 | N67: =IF(J67=M67,"sim","nao") -> sim
A90: REGULAMENTAÇÃO COMPLEMENTAR À INTRODUÇÃO
A92: COMPREENDE: | C92: Fornecimento de mão-de-obra, materiais e equipamentos para confecção e instalação de placa de obra padrão SeMAE, nas dimensões e nos locais a serem definidos pela Fiscalização, incluindo a fixação da mesma nos locais indicados pela Fiscalização.
A96: MEDIÇÃO: | C96: Por metro quadrado da placa pronta e instalada (m2).
A116: Grupo | C116: ='A IV.A'!$B$14 -> CANTEIRO DE OBRAS
A117: ='A IV.A'!$A$14 -> 1.0
A120: Nº do Preço | C120: Especificação | J120: Unidade
A122: 1.3 | C122: ='A IV.A'!B18 -> VIGILANTE PARA ÁREAS EM OBRA | J122: ='A IV.A'!C18 -> H | K122: =VLOOKUP(A122,'A IV.A'!$A$14:$M$233,2,FALSE) -> VIGILANTE PARA ÁREAS EM OBRA | L122: =IF(C122=K122,"sim","nao") -> sim | M122: =VLOOKUP(A122,'A IV.A'!$A$14:$M$233,3,FALSE) -> H | N122: =IF(J122=M122,"sim","nao") -> sim
A145: REGULAMENTAÇÃO COMPLEMENTAR À INTRODUÇÃO
A147: COMPREENDE: | C147: Fornecimento de vigilante, para guardar locais de obras durante a execução dos muros nos períodos em que a equipe não estiver trabalhando (noite e fins de semana), em que haja necessidade expresssa pesa Fiscalização, afim de garantir segurança das instalações do SeMAE.
A153: MEDIÇÃO: | C153: Por hora de vigia utilizado (h)
A171: Grupo | C171: ='A IV.A'!$B$14 -> CANTEIRO DE OBRAS
A172: ='A IV.A'!$A$14 -> 1.0
A175: Nº do Preço | C175: Especificação | J175: Unidade
A177: 1.4 | C177: ='A IV.A'!B19 -> SANITÁRIO QUÍMICO | J177: ='A IV.A'!C19 -> UND.MÊS | K177: =VLOOKUP(A177,'A IV.A'!$A$14:$M$233,2,FALSE) -> SANITÁRIO QUÍMICO | L177: =IF(C177=K177,"sim","nao") -> sim | M177: =VLOOKUP(A177,'A IV.A'!$A$14:$M$233,3,FALSE) -> UND.MÊS | N177: =IF(J177=M177,"sim","nao") -> sim
A200: REGULAMENTAÇÃO COMPLEMENTAR À INTRODUÇÃO
A202: COMPREENDE: | C202: Fornecimento de sanitário químico móvel, disposto em cada frente de trabalho para atendimento da equipe de trabalho no local.
A206: MEDIÇÃO: | C206: Por unidade utilizada por mês (und.mês)
A211: NOTA: | C211: i) A quantidade de mobilizações de uma unidade dentro de um mês não gerará unidades extras para a medição.
C212: ii) As disposições sobre o sanitário químico devem seguir o Anexo I - Memorial Descritivo.
A226: Grupo | C226: ='A IV.A'!$B$14 -> CANTEIRO DE OBRAS
A227: ='A IV.A'!$A$14 -> 1.0
A230: Nº do Preço | C230: Especificação | J230: Unidade
A232: 1.5 | C232: ='A IV.A'!B20 -> CONTAINER | J232: ='A IV.A'!C20 -> UND.MÊS | K232: =VLOOKUP(A232,'A IV.A'!$A$14:$M$233,2,FALSE) -> CONTAINER | L232: =IF(C232=K232,"sim","nao") -> sim | M232: =VLOOKUP(A232,'A IV.A'!$A$14:$M$233,3,FALSE) -> UND.MÊS | N232: =IF(J232=M232,"sim","nao") -> sim
A255: REGULAMENTAÇÃO COMPLEMENTAR À INTRODUÇÃO
A257: COMPREENDE: | C257: Locação de conteiners móveis, para armazeamento de ferramentas e materiais, bem como oraganização de canteiro de obras em cada local de trabalho.
A261: MEDIÇÃO: | C261: Por unidade utilizada por mês (und.mês)
A281: Grupo | C281: ='A IV.A'!$B$22 -> SERVIÇOS INICIAIS
A282: ='A IV.A'!$A$22 -> 2.0
A285: Nº do Preço | C285: Especificação | J285: Unidade
A287: ='A IV.A'!$A$25 -> 2.1.1 | C287: ='A IV.A'!$B$25 -> DEMOLIÇÃO MANUAL DE CALÇADAS E PISOS CIMENTADOS | J287: ='A IV.A'!$C$25 -> M2 | K287: =VLOOKUP(A287,'A IV.A'!$A$14:$M$233,2,FALSE) -> DEMOLIÇÃO MANUAL DE CALÇADAS E PISOS CIMENTADOS | L287: =IF(C287=K287,"sim","nao") -> sim | M287: =VLOOKUP(A287,'A IV.A'!$A$14:$M$233,3,FALSE) -> M2 | N287: =IF(J287=M287,"sim","nao") -> sim
A310: REGULAMENTAÇÃO COMPLEMENTAR À INTRODUÇÃO
A312: COMPREENDE: | C312: Fornecimento de ferramentas e mão-de-obra necessárias para a execução manual dos serviços: desmonte, demolição e fragmentação de pavimento ou piso em concreto, inclusive sub-bases, ou lastros; o material demolido deverá ser acomodado em local apropriado para posterior carga, transporte e bota-fora.
A316: MEDIÇÃO: | C316: Será medido por área real de pavimento ou piso demolido, medida no projeto, ou conforme levantamento cadastral, ou aferida antes da demolição (m2).
A319: NOTAS: | C319: 1) A carga e bota-fora de entulho serão remunerados por itens específicos.
C320: 2) A execução dos serviços deverá cumprir todas as exigências e determinações previstas na legislação: Resolução nº 307, de 5 de julho de 2002, pelo Conselho Nacional do Meio Ambiente (CONAMA), NBR 15112, NBR 15113, NBR 15114 e outras vigentes à época da execução dos serviços.
A336: Grupo | C336: ='A IV.A'!$B$22 -> SERVIÇOS INICIAIS
A337: ='A IV.A'!$A$22 -> 2.0
A340: Nº do Preço | C340: Especificação | J340: Unidade
A342: ='A IV.A'!A26 -> 2.1.2 | C342: ='A IV.A'!B26 -> DEMOLIÇÃO MECANIZADA DE CALÇADAS E PISOS CIMENTADOS | J342: ='A IV.A'!C26 -> M2 | K342: =VLOOKUP(A342,'A IV.A'!$A$14:$M$233,2,FALSE) -> DEMOLIÇÃO MECANIZADA DE CALÇADAS E PISOS CIMENTADOS | L342: =IF(C342=K342,"sim","nao") -> sim | M342: =VLOOKUP(A342,'A IV.A'!$A$14:$M$233,3,FALSE) -> M2 | N342: =IF(J342=M342,"sim","nao") -> sim
A365: REGULAMENTAÇÃO COMPLEMENTAR À INTRODUÇÃO
A367: COMPREENDE: | C367: O item remunera o fornecimento da mão de obra necessária e dos equipamentos adequados para a execução dos serviços de: desmonte, demolição e fragmentação de pavimento ou piso em concreto, inclusive sub-bases, ou lastros, com rompedor pneumático (martelete); a seleção e acomodação manual do entulho em lotes.
A372: MEDIÇÃO: | C372: Será medido por área real de pavimento ou piso demolido, medida no projeto, ou conforme levantamento cadastral, ou aferida antes da demolição (m2).
A375: NOTAS: | C375: 1) A carga e bota-fora de entulho serão remunerados por itens específicos.
C376: 2) A execução dos serviços deverá cumprir todas as exigências e determinações previstas na legislação: Resolução nº 307, de 5 de julho de 2002, pelo Conselho Nacional do Meio Ambiente (CONAMA), NBR 15112, NBR 15113, NBR 15114 e outras vigentes à época da execução dos serviços.
A391: Grupo | C391: ='A IV.A'!$B$22 -> SERVIÇOS INICIAIS
A392: ='A IV.A'!$A$22 -> 2.0
A395: Nº do Preço | C395: Especificação | J395: Unidade
A397: ='A IV.A'!$A$27 -> 2.1.3 | C397: ='A IV.A'!$B$27 -> REMOÇÃO MANUAL DE GUIAS EM CONCRETO, COM OU SEM REAPROVEITAMENTO | J397: ='A IV.A'!$C$27 -> M | K397: =VLOOKUP(A397,'A IV.A'!$A$14:$M$233,2,FALSE) -> REMOÇÃO MANUAL DE GUIAS EM CONCRETO, COM OU SEM REAPROVEITAMENTO | L397: =IF(C397=K397,"sim","nao") -> sim | M397: =VLOOKUP(A397,'A IV.A'!$A$14:$M$233,3,FALSE) -> M | N397: =IF(J397=M397,"sim","nao") -> sim
A420: REGULAMENTAÇÃO COMPLEMENTAR À INTRODUÇÃO
A422: COMPREENDE: | C422: O item remunera o fornecimento da mão de obra necessária e o ferramental apropriado para a execução dos serviços: desmonte manual de guia pré-moldada, inclusive o apoio em concreto; a seleção e separação do material, a limpeza e a acomodação manual das peças em lotes, para o reaproveitamento, ou remoção.
A426: MEDIÇÃO: | C426: Pela extensão, em metro linear executada (m).
A428: NOTAS: | C428: 1) A carga e bota-fora de entulho serão remunerados por itens específicos.
C429: 2) A execução dos serviços deverá cumprir todas as exigências e determinações previstas na legislação: Resolução nº 307, de 5 de julho de 2002, pelo Conselho Nacional do Meio Ambiente (CONAMA), NBR 15112, NBR 15113, NBR 15114 e outras vigentes à época da execução dos serviços.
C432: 3) O reaproveitamento ou não das guias a serem retiradas será determinado pela Fiscalização que analisará caso a caso.
A445: Grupo | C445: ='A IV.A'!$B$22 -> SERVIÇOS INICIAIS
A446: ='A IV.A'!$A$22 -> 2.0
A449: Nº do Preço | C449: Especificação | J449: Unidade
A451: ='A IV.A'!$A$28 -> 2.1.4 | C451: ='A IV.A'!$B$28 -> DEMOLIÇÃO DE SARJETAS EM CONCRETO | J451: ='A IV.A'!$C$28 -> M2 | K451: =VLOOKUP(A451,'A IV.A'!$A$14:$M$233,2,FALSE) -> DEMOLIÇÃO DE SARJETAS EM CONCRETO | L451: =IF(C451=K451,"sim","nao") -> sim | M451: =VLOOKUP(A451,'A IV.A'!$A$14:$M$233,3,FALSE) -> M2 | N451: =IF(J451=M451,"sim","nao") -> sim
A474: REGULAMENTAÇÃO COMPLEMENTAR À INTRODUÇÃO
A476: COMPREENDE: | C476: O item remunera o fornecimento da mão de obra necessária e dos equipamentos adequados para a execução dos serviços de demolição de sarjetas, incluindo o lastro ou sub-base e disposição provisória manual do entulho em lotes para posterior destino final.
A480: MEDIÇÃO: | C480: Pela área demolida, medida no projeto, ou conforme levantamento cadastral, ou aferido antes da demolição, em metro quadrado (m2).
A483: NOTAS: | C483: 1) A carga e bota-fora de entulho serão remunerados por itens específicos.
C484: 2) A execução dos serviços deverá cumprir todas as exigências e determinações previstas na legislação: Resolução nº 307, de 5 de julho de 2002, pelo Conselho Nacional do Meio Ambiente (CONAMA), NBR 15112, NBR 15113, NBR 15114 e outras vigentes à época da execução dos serviços.
A499: Grupo | C499: ='A IV.A'!$B$22 -> SERVIÇOS INICIAIS
A500: ='A IV.A'!$A$22 -> 2.0
A503: Nº do Preço | C503: Especificação | J503: Unidade
A505: ='A IV.A'!$A$29 -> 2.1.5 | C505: ='A IV.A'!$B$29 -> REMOÇÃO MANUAL DE PORTÃO, GRADE DE PROTEÇÃO E ESQUADRIAS METÁLICAS EM GERAL, COM OU SEM REAPROVEITAMENTO | J505: ='A IV.A'!$C$29 -> M2 | K505: =VLOOKUP(A505,'A IV.A'!$A$14:$M$233,2,FALSE) -> REMOÇÃO MANUAL DE PORTÃO, GRADE DE PROTEÇÃO E ESQUADRIAS METÁLICAS EM GERAL, COM OU SEM REAPROVEITAMENTO | L505: =IF(C505=K505,"sim","nao") -> sim | M505: =VLOOKUP(A505,'A IV.A'!$A$14:$M$233,3,FALSE) -> M2 | N505: =IF(J505=M505,"sim","nao") -> sim
A528: REGULAMENTAÇÃO COMPLEMENTAR À INTRODUÇÃO
A530: COMPREENDE: | C530: O item remunera o fornecimento da mão de obra necessária para a retirada completa de portas, janelas, portões e esquadrias metálicas, em geral. Remunera também a seleção e a guarda das peças reaproveitáveis. Caso necessário, andaimes até 3 metros de altura de pé direito estão inclusos.
A534: MEDIÇÃO: | C534: Pela área retirada, em metro quadrado (m2).
A536: NOTAS: | C536: 1) A carga e bota-fora de entulho serão remunerados por itens específicos.
C537: 2) O reaproveitamento ou não das esquadrias metálicas em geral a serem retiradas será determinado pela Fiscalização que analisará caso a caso.
A554: Grupo | C554: ='A IV.A'!$B$22 -> SERVIÇOS INICIAIS
A555: ='A IV.A'!$A$22 -> 2.0
A558: Nº do Preço | C558: Especificação | J558: Unidade
A560: ='A IV.A'!$A$30 -> 2.1.6 | C560: ='A IV.A'!$B$30 -> REMOÇÃO DE CALHAS, RUFOS, PINGADEIRAS E CONDUTORES VERTICAIS | J560: ='A IV.A'!$C$30 -> M | K560: =VLOOKUP(A560,'A IV.A'!$A$14:$M$233,2,FALSE) -> REMOÇÃO DE CALHAS, RUFOS, PINGADEIRAS E CONDUTORES VERTICAIS | L560: =IF(C560=K560,"sim","nao") -> sim | M560: =VLOOKUP(A560,'A IV.A'!$A$14:$M$233,3,FALSE) -> M | N560: =IF(J560=M560,"sim","nao") -> sim
A583: REGULAMENTAÇÃO COMPLEMENTAR À INTRODUÇÃO
A585: COMPREENDE: | C585: O item remunera a mão de obra e ferramentas manuais para remoção de calhas, rufos, pingadeiras e/ou condutores verticais e todos os acessórios existentes. Remunera também andaimes necessários até 3 metros de altura de pé direito.
A589: MEDIÇÃO: | C589: Pelo comprimento efetivo dos elementos removidos, em metro (m).
A591: NOTA: | C591: 1) A carga e bota-fora de entulho serão remunerados por itens específicos.
C592: 2) O reaproveitamento ou não dos elementos a serem retirados será determinado pela Fiscalização que analisará caso a caso.
A609: Grupo | C609: ='A IV.A'!$B$22 -> SERVIÇOS INICIAIS
A610: ='A IV.A'!$A$22 -> 2.0
A613: Nº do Preço | C613: Especificação | J613: Unidade
A615: ='A IV.A'!$A$31 -> 2.1.7 | C615: ='A IV.A'!$B$31 -> REMOÇÃO COMPLETA DE CERCA DE ALAMBRADO COM OU SEM REAPROVEITAMENTO | J615: ='A IV.A'!$C$31 -> M | K615: =VLOOKUP(A615,'A IV.A'!$A$14:$M$233,2,FALSE) -> REMOÇÃO COMPLETA DE CERCA DE ALAMBRADO COM OU SEM REAPROVEITAMENTO | L615: =IF(C615=K615,"sim","nao") -> sim | M615: =VLOOKUP(A615,'A IV.A'!$A$14:$M$233,3,FALSE) -> M | N615: =IF(J615=M615,"sim","nao") -> sim
...

Sheet Comparativo
A1: SERVIÇO MUNICPAL AUTONOMO DE ÁGUA E ESGOTO
A6: AUTARQUIA MUNICAPAL - CNPJ nº 04.691.691/0001-78
A9: Comparativo
A11: ='A IV.A'!A7 -> EXECUÇÃO DE SERVIÇO DE REFORMA CIVIL, CONSTRUÇÕES E MANUTENÇÕES GERAIS PARA MELHORIAS NAS ÁREAS DE PROPRIEDADE E/OU DE RESPONSABILIDADE DO SEMAE.
A12: GRUPO | B12: DESCRIÇÃO | C12: JORNADA
C13: NORMAL | D13: NORMAL
C14: HORISTA | D14: MENSALISTA
A15: A | C15: 0.2 | D15: 0.2 | E15: A1 – PREVIDÊNCIA SOCIAL (INSS)*
C16: 0.015 | D16: 0.015 | E16: A2 – SERVIÇO SOCIAL DA INDÚSTRIA (SESI)
C17: 0.01 | D17: 0.01 | E17: A3 – SERVIÇO NACIONAL DE APRENDIZAGEM INDUSTRIAL (SENAI)
C18: 0.002 | D18: 0.002 | E18: A4 – INSTITUTO NACIONAL DE COLONIZAÇÃO E REFORMA AGRÁRIA (INCRA)
C19: 0.006 | D19: 0.006 | E19: A5 – SERVIÇO DE APOIO A PEQUENA E MÉDIA EMPRESA (SEBRAE)
C20: 0.025 | D20: 0.025 | E20: A6 – SALÁRIO EDUCAÇÃO
C21: 0.03 | D21: 0.03 | E21: A7 – SEGURO CONTRA ACIDENTES DE TRABALHO
C22: 0.08 | D22: 0.08 | E22: A8 – FUNDO DE GARANTIA POR TEMPO DE SERVIÇO (FGTS)
C23: 0.01 | D23: 0.01 | E23: A9 – SECONCI ( APLICÁVEL AS EMPRESAS CONSTANTES DO III GRUPO DA CLT)
C24: =ROUND(SUM(C15:C23),4) -> 0.378 | D24: =ROUND(SUM(D15:D23),4) -> 0.378 | E24: A – TOTAL DOS ENCARGOS SOCIAIS BÁSICOS
A25: B | B25: B1 – REPOUSO SEMANAL REMUNERADO | C25: 0.1797 | D25: NÃO INCIDE | E25: B1 – REPOUSO SEMANAL REMUNERADO
B26: B2 – FERIADOS | C26: 0.0469 | D26: NÃO INCIDE | E26: B2 – FERIADOS
B27: B3 – AUXÍLIO - ENFERMIDADE | C27: 0.0086 | D27: 0.0066 | E27: B3 – AUXÍLIO - ENFERMIDADE
B28: B4 – 13º SALÁRIO | C28: 0.1089 | D28: 0.0833 | E28: B4 – 13º SALÁRIO
B29: B5 – LICENÇA PATERNIDADE | C29: 0.0007 | D29: 0.0006 | E29: B5 – LICENÇA PATERNIDADE
B30: B6 – FALTAS JUSTIFICADAS | C30: 0.0073 | D30: 0.0056 | E30: B6 – FALTAS JUSTIFICADAS
B31: B7 – DIAS DE CHUVA | C31: 0.0132 | D31: NÃO INCIDE | E31: B7 – DIAS DE CHUVA
B32: B8 – AUXÍLIO ACIDENTE DE TRABALHO | C32: 0.001 | D32: 0.0008 | E32: B8 – AUXÍLIO ACIDENTE DE TRABALHO
B33: B9 – FÉRIAS GOZADAS | C33: 0.0914 | D33: 0.0699 | E33: B9 – FÉRIAS GOZADAS
B34: B10 – SALÁRIO MATERNIDADE | C34: 0.0003 | D34: 0.0002 | E34: B10 – SALÁRIO MATERNIDADE
B35: B – TOTAL DOS ENCARGOS QUE RECEBEM AS INCIDÊNCIAS DE A | C35: =SUM(C25:C34) -> 0.458 | D35: =SUM(D25:D34) -> 0.167 | E35: B – TOTAL DOS ENCARGOS QUE RECEBEM AS INCIDÊNCIAS DE A
A36: C | B36: C1 – AVISO PRÉVIO INDENIZADO | C36: 0.0476 | D36: 0.0364 | E36: C1 – AVISO PRÉVIO INDENIZADO
B37: C2 – AVISO PRÉVIO TRABALHADO | C37: 0.0011 | D37: 0.0009 | E37: C2 – AVISO PRÉVIO TRABALHADO
B38: C3 – FÉRIAS INDENIZADAS | C38: 0.0425 | D38: 0.0325 | E38: C3 – FÉRIAS INDENIZADAS
B39: C4 – DEPÓSITO RESCISÃO SEM JUSTA CAUSA | C39: 0.033 | D39: 0.0253 | E39: C4 – DEPÓSITO RESCISÃO SEM JUSTA CAUSA
B40: C5 – INDENIZAÇÃO ADICIONAL | C40: 0.004 | D40: 0.0031 | E40: C5 – INDENIZAÇÃO ADICIONAL
B41: C – TOTAL DOS ENCARGOS SOCIAIS QUE NÃO RECEBEM INCIDÊNCIAS DE A | C41: =SUM(C36:C40) -> 0.1282 | D41: =SUM(D36:D40) -> 0.0982 | E41: C – TOTAL DOS ENCARGOS SOCIAIS QUE NÃO RECEBEM INCIDÊNCIAS DE A
A42: D | B42: D1 – REINCIDÊNCIA DO GRUPO A SOBRE GRUPO B | C42: =ROUND(C24*C35,4) -> 0.1731 | D42: =ROUND(D24*D35,4) -> 0.0631 | E42: D1 – REINCIDÊNCIA DO GRUPO A SOBRE GRUPO B
B43: D2 – REINCIDÊNCIA DO GRUPO A SOBRE AVISO PRÉVIO TRABALHADO (C2) E REINCIDÊNCIA DO FGTS (A8) SOBRE AVISO PRÉVIO INDENIZADO (C1) | C43: =ROUND(C24*C37+C22*C36,4) -> 0.0042 | D43: =ROUND(D24*D37+D22*D36,4) -> 0.0033 | E43: D2 – REINCIDÊNCIA DO GRUPO A SOBRE AVISO PRÉVIO TRABALHADO (C2) E REINCIDÊNCIA DO FGTS (A8) SOBRE AVISO PRÉVIO INDENIZADO (C1)
B44: D – TOTAL DE REINCIDÊNCIAS DE UM GRUPO SOBRE O OUTRO | C44: =SUM(C42:C43) -> 0.1773 | D44: =SUM(D42:D43) -> 0.0664 | E44: D – TOTAL DE REINCIDÊNCIAS DE UM GRUPO SOBRE O OUTRO
A45: PORCENTAGEM TOTAL | C45: =ROUND(C24+C35+C41+C44,5) -> 1.1415 | D45: =ROUND(D24+D35+D41+D44,5) -> 0.7096
A47: OBS.:ADOTADO CONFORME A TABELA DE ENCARGOS SOCIAIS SINAPI (CAIXA ECONOMICA FEDERAL) VIGÊNCIA A PARTIR DE 10/2020
A49: (*) CASO A LICITANTE APRESENTE PROPOSTA DESONERADA, APRESENTAR A ALÍQUOTA CORRESPONDENTE
